Workbook
Name _ftn1: Sintético!#REF!
Name _ftnref1: Sintético!#REF!
Name Aquisição_de_Bens_Permanentes: Plano!$E$2:$E$14
Name área_destinada: Plano!$I$2:$I$3
Name Benefícios: Rateio!#REF!
Name Benefícios: Analítico!$B$47:$B$55
Name Beneficios2: Rateio!#REF!
Name Beneficios2: Analítico!$B$48:$B$55
Name Beneficios3: 'Gastos com Pessoal'!$AU$1:$AU$8
Name Bens: Rateio!#REF!
Name Bens: Analítico!$B$121:$B$134
Name Categorias: Plano!$C$1:$D$1
Name Dropdown1: Sintético!#REF!
Name Gastos_com_Pessoal: Plano!$C$2:$C$27
Name Gastos_Gerais: Plano!$D$2:$D$63
Name Gerais: Rateio!$B$4:$B$63
Name Gerais: Analítico!$B$59:$B$118
Name Ocorrência: Plano!$H$2:$H$3
Name Receitas: Plano!$A$2:$A$4
Name Rendimentos_de_Aplicações_Fin.: Plano!$B$1
Name Reserva: Plano!$F$1:$F$3
Name Transferência_para_Reserva_de_Recursos: Plano!$F$1:$F$1
Name VinculoPT: INDIRECT(CONCATENATE("'Gasto das Atividades'!$B$6:$B$",COUNTA([1]Atividades!$B$4:$B$35)+5))
Name VinculoPTg: OFFSET('Gastos das Atividades'!$B$3,1,0,COUNTA('Gastos das Atividades'!$B$4:$B$33),1)
Name VinculoPTp: OFFSET('Gastos das Atividades'!$B$48,0,0,COUNTA('Gastos das Atividades'!$B$4:$B$33)+1,1)

Sheet Capa
A1: Memória de Cálculo Termo de Parceria nº 51/21 celebrado entre o Instituto Estadual de Florestas e o Instituto Ekos Brasil
A2: 3º Termo Aditivo
A4: Período Proposto
A5: 45992
A6: a
A7: 46173
A10: Versão 8.3 do Modelo de Memória de Cálculo - Outubro de 2025
A14: Selecionar Termo Aditivo ou Em Branco
A16: 1º Termo Aditivo
A17: 2º Termo Aditivo
A18: 3º Termo Aditivo
A19: 4º Termo Aditivo
A20: 5º Termo Aditivo
A21: 6º Termo Aditivo
A22: 7º Termo Aditivo
A23: 8º Termo Aditivo
A24: 9º Termo Aditivo
A25: 10º Termo Aditivo
... A35: 20º Termo Aditivo
A36: =IF(ISNUMBER(A5),A5,DATEVALUE("1/1/2026")) -> 45992

Sheet Cronogramas
A1: ="Cronogramas do "&SUBSTITUTE(Capa!A1,"Memória de Cálculo","",1) -> Cronogramas do Termo de Parceria nº 51/21 celebrado entre o Instituto Estadual de Florestas e o Instituto Ekos Brasil | AB1: =Capa!A2 -> 3º Termo Aditivo
A3: ="Qual o número do Período Avaliatório de "&TEXT($B$7,"mmm/aaaa") -> Qual o número do Período Avaliatório de dez/2025 | I3: 16 | K3: ="Quantos mêses do "&IF(I3="",1,I3)&"º Período compõem essa Memória de Cálculo?" -> Quantos mêses do 16º Período compõem essa Memória de Cálculo? | P3: 1
A4: ="Caso tenha iniciado antes, qual o 1º mês do "&AH7&"º Período Avaliatório? " -> Caso tenha iniciado antes, qual o 1º mês do 16º Período Avaliatório? | I4: 45931 | K4: =IF(OR(Capa!A5="mmm/aaaa",Capa!$A$2=Capa!$A$14),"Preencher a capa antes de qualquer campo destas tabelas","Está prevista Comissão de Avaliação para "&TEXT($B$7,"mmm/aaaa")&"?") -> Está prevista Comissão de Avaliação para dez/2025? | P4: Não | AB4: Entradas | AC4: =AC5+AB5+AF7 -> 3297582.1
A5: Definição dos Períodos Avaliatórios | F5: Orçamento Anual | K5: Cronograma de Avaliações | O5: Cronograma de Desembolsos | AB5: =SUM(AB7:AB66) -> 1888196 | AC5: =SUM(AC7:AC66) -> 0 | AD5: =SUM(AD7:AD66) -> 0 | AE5: =SUM(AE7:AE66) -> 3067582.1
A6: Nº | B6: Mêses | C6: Núm. do Período Automático | D6: Núm. do Período Corrigido (Preencher se necessário) | F6: Ano | G6: Repasses | H6: Receitas Arrecadadas | I6: Gastos | K6: AVALIAÇÃO | L6: PERÍODO AVALIADO | M6: MÊS | O6: PARCELAS | P6: VALOR (R$) | Q6: MÊS | R6: CONDIÇÕES | T6: Mês de CA | V6: Mês de Repasse | W6: Repasses Anteriores | X6: Cont Repasse | Y6: Nº Repasse | Z6: PA Ini | AA6: PA FIM | AB6: Repasse | AC6: Outras Receitas (Agrupado p/ Repasse) | AD6: Soma Outras Receitas | AE6: Gastos | AF6: Saldo Remancesnte | AH6: Nº PA selecionado
A7: 1 | B7: =IFERROR(IF(Capa!A5="mmm/aaaa","",DATE(YEAR(Capa!$A$36),MONTH(Capa!$A$36),1)),"") -> 45992 | C7: =IF(B7="","",IF(I3="",1,I3)) -> 16 | F7: =IF(Capa!A5="mmm/aaaa","",YEAR(Capa!A36)) -> 2025 | G7: =IF(F7="","",SUMIFS($AB$7:$AB$66,$B$7:$B$66,">="&DATE(F7,1,1),$B$7:$B$66,"<"&DATE(F7+1,1,1)-1)) -> 0 | H7: =IF(F7="","",SUMIFS($AD$7:$AD$66,$B$7:$B$66,">="&DATE(F7,1,1),$B$7:$B$66,"<"&DATE(F7+1,1,1)-1)) -> 0 | I7: =IF(F7="","",SUMIFS($AE$7:$AE$66,$B$7:$B$66,">="&DATE(F7,1,1),$B$7:$B$66,"<"&DATE(F7+1,1,1)-1)+IF(F8="",Analítico!$BK$137,0)) -> 1182794.4 | K7: =IF(U7="","",U7&"ª Avaliação") -> 16ª Avaliação | L7: =IF(K7="","",TEXT(Z7,"mmm/aaaa")&" a "&TEXT(AA7,"mmm/aaaa")) -> out/2025 a dez/2025 | M7: =IF(K7="","",_xlfn.IFNA(OFFSET($B$6,MATCH(U7+1,$AH$7:$AH$66,0),0),EDATE(MAX($B$7:$B$66),1))) -> 46023 | O7: 14º Parcela | P7: =IFERROR(IF(OFFSET($AB$6,MATCH(A7,$X$7:$X$66,0),0)=0,"",OFFSET($AB$6,MATCH(A7,$X$7:$X$66,0),0)),"") -> 1296919.4 | Q7: =IF(P7="","",OFFSET($B$6,MATCH(A7,$X$7:$X$66,0),0)) -> 46023 | R7: =IF(P7="","",IFERROR(IF(Capa!$A$2="","Após a celebração do termo de parceria.","Realização da "&OFFSET($Y$6,MATCH(A7,$X$7:$X$66,0),0)-1&"ª reunião da CA e aprovação da liberação de parcela pelo supervisor."),"")) -> Realização da 16ª reunião da CA e aprovação da liberação de parcela pelo supervisor. | T7: =IF($P$4="Sim","Sim","Não") -> Não | U7: =AH7 -> 16 | V7: =IF(Capa!$A$2="","Sim",Cronogramas!T7) -> Não | W7: =IF(Capa!$A$2="",0,IF(Cronogramas!$P$4="Sim",Cronogramas!AH7-1,Cronogramas!AH7)) -> 16 | X7: =COUNTIF(V7:$V$7,"Sim") -> 0 | Y7: =IF(Capa!$A$2="",1,IF(T7="Não","",AH7)) | Z7: =IF(K7="","",IF($I$4=0,Cronogramas!$B$7,$I$4)) -> 45931 | AA7: =IFERROR(EDATE(M7,-1),"") -> 45992 | AB7: =_xlfn.IFNA(IF(V7="Sim",(IFERROR(SUM(OFFSET(AE7,1,,MATCH("Sim",V8:$V$66,0),1))-AC7,0)+IF(Y7-$W$7=1,SUM($AE$6:AE7)-$AF$7,0)+IF(SUM(Y8:$Y$66)=0,SUM(AE8:$AE$66)-AC7+Analítico!$BK$137)),0),0) -> 0 | AC7: =IFERROR(IF(V7="Sim",IFERROR(SUM(OFFSET(AD7,1,,MATCH("Sim",T8:$T$66,0),1)),0)+IF(Y7-$W$7=1,SUM($AD$6:AD7),0)+IF(SUM(Y8:$Y$66)=0,SUM(AD8:$AD$66),0),0),0) -> 0 | AD7: =OFFSET(Analítico!$B$13,0,A7) -> 0 | AE7: =OFFSET(Analítico!$B$138,,A7) -> 1182794.4 | AF7: =Analítico!BK4 -> 1409386.1 | AG7: Sim | AH7: =IF(D7="",C7,D7) -> 16
A8: 2 | B8: =IFERROR(IF(EDATE(B7,1)>DATE(YEAR(Capa!$A$7),MONTH(Capa!$A$7),1),"",EDATE(B7,1)),"") -> 46023 | C8: =IF(B8="","",IF(P3="",C7,IF(P3>=2,C7,C7+1))) -> 17 | F8: =IFERROR(IF((F7+1)>YEAR(Capa!$A$7),"",F7+1),"") -> 2026 | G8: =IF(F8="","",SUMIFS($AB$7:$AB$66,$B$7:$B$66,">="&DATE(F8,1,1),$B$7:$B$66,"<"&DATE(F8+1,1,1)-1)) -> 1888196 | H8: =IF(F8="","",SUMIFS($AD$7:$AD$66,$B$7:$B$66,">="&DATE(F8,1,1),$B$7:$B$66,"<"&DATE(F8+1,1,1)-1)) -> 0 | I8: =IF(F8="","",SUMIFS($AE$7:$AE$66,$B$7:$B$66,">="&DATE(F8,1,1),$B$7:$B$66,"<"&DATE(F8+1,1,1)-1)+IF(F9="",Analítico!$BK$137,0)) -> 2114787.7 | K8: =IF(U8="","",U8&"ª Avaliação") -> 17ª Avaliação | L8: =IF(K8="","",TEXT(Z8,"mmm/aaaa")&" a "&TEXT(AA8,"mmm/aaaa")) -> jan/2026 a mar/2026 | M8: =IF(K8="","",_xlfn.IFNA(OFFSET($B$6,MATCH(U8+1,$AH$7:$AH$66,0),0),EDATE(MAX($B$7:$B$66),1))) -> 46113 | O8: 15º Parcela | P8: =IFERROR(IF(OFFSET($AB$6,MATCH(A8,$X$7:$X$66,0),0)=0,"",OFFSET($AB$6,MATCH(A8,$X$7:$X$66,0),0)),"") -> 591276.61 | Q8: =IF(P8="","",OFFSET($B$6,MATCH(A8,$X$7:$X$66,0),0)) -> 46113 | R8: =IF(P8="","",IFERROR("Realização da "&OFFSET($Y$6,MATCH(A8,$X$7:$X$66,0),0)-1&"ª reunião da CA e aprovação da liberação de parcela pelo supervisor.","")) -> Realização da 17ª reunião da CA e aprovação da liberação de parcela pelo supervisor. | T8: =IF(AH8="","Não",IF(AH8>AH7,"Sim","Não")) -> Sim | U8: =IFERROR(IF(U7+1>MAX(AH7:AH66),"",U7+1),"") -> 17 | V8: =Cronogramas!T8 -> Sim | X8: =COUNTIF(V$7:$V8,"Sim") -> 1 | Y8: =IF(T8="Não","",AH8) -> 17 | Z8: =IF(K8="","",EDATE(AA7,1)) -> 46023 | AA8: =IFERROR(EDATE(M8,-1),"") -> 46082 | AB8: =_xlfn.IFNA(IF(V8="Sim",(IFERROR(SUM(OFFSET(AE8,1,,MATCH("Sim",V9:$V$66,0),1))-AC8,0)+IF(Y8-$W$7=1,SUM($AE$6:AE8)-$AF$7,0)+IF(SUM(Y9:$Y$66)=0,SUM(AE9:$AE$66)-AC8+Analítico!$BK$137)),0),0) -> 1296919.4 | AC8: =IFERROR(IF(V8="Sim",IFERROR(SUM(OFFSET(AD8,1,,MATCH("Sim",T9:$T$66,0),1)),0)+IF(Y8-$W$7=1,SUM($AD$6:AD8),0)+IF(SUM(Y9:$Y$66)=0,SUM(AD9:$AD$66),0),0),0) -> 0 | AD8: =SUM(OFFSET(Analítico!$B$10,0,A8,2,1)) -> 0 | AE8: =OFFSET(Analítico!$B$138,,A8) -> 493377.76 | AG8: Não | AH8: =IF(D8="",C8,D8) -> 17
A9: 3 | B9: =IFERROR(IF(EDATE(B8,1)>DATE(YEAR(Capa!$A$7),MONTH(Capa!$A$7),1),"",EDATE(B8,1)),"") -> 46054 | C9: =IF(B9="","",IF(P3="",C7,IF(P3=3,C7,C7+1))) -> 17 | F9: =IFERROR(IF((F8+1)>YEAR(Capa!$A$7),"",F8+1),"") | G9: =IF(F9="","",SUMIFS($AB$7:$AB$66,$B$7:$B$66,">="&DATE(F9,1,1),$B$7:$B$66,"<"&DATE(F9+1,1,1)-1)) | H9: =IF(F9="","",SUMIFS($AD$7:$AD$66,$B$7:$B$66,">="&DATE(F9,1,1),$B$7:$B$66,"<"&DATE(F9+1,1,1)-1)) | I9: =IF(F9="","",SUMIFS($AE$7:$AE$66,$B$7:$B$66,">="&DATE(F9,1,1),$B$7:$B$66,"<"&DATE(F9+1,1,1)-1)+IF(F10="",Analítico!$BK$137,0)) | K9: =IF(U9="","",U9&"ª Avaliação") -> 18ª Avaliação | L9: =IF(K9="","",TEXT(Z9,"mmm/aaaa")&" a "&TEXT(AA9,"mmm/aaaa")) -> abr/2026 a mai/2026 | M9: =IF(K9="","",_xlfn.IFNA(OFFSET($B$6,MATCH(U9+1,$AH$7:$AH$66,0),0),EDATE(MAX($B$7:$B$66),1))) -> 46174 | O9: =(IF(P9="","",OFFSET($Y$6,MATCH(A9,$X$7:$X$66,0),0)&"ª Parcela")) | P9: =IFERROR(IF(OFFSET($AB$6,MATCH(A9,$X$7:$X$66,0),0)=0,"",OFFSET($AB$6,MATCH(A9,$X$7:$X$66,0),0)),"") | Q9: =IF(P9="","",OFFSET($B$6,MATCH(A9,$X$7:$X$66,0),0)) | R9: =IF(P9="","",IFERROR("Realização da "&OFFSET($Y$6,MATCH(A9,$X$7:$X$66,0),0)-1&"ª reunião da CA e aprovação da liberação de parcela pelo supervisor.","")) | T9: =IF(AH9="","Não",IF(AH9>AH8,"Sim","Não")) -> Não | U9: =IFERROR(IF(U8+1>MAX(AH8:AH67),"",U8+1),"") -> 18 | V9: =Cronogramas!T9 -> Não | X9: =COUNTIF(V$7:$V9,"Sim") -> 1 | Y9: =IF(T9="Não","",AH9) | Z9: =IF(K9="","",EDATE(AA8,1)) -> 46113 | AA9: =IFERROR(EDATE(M9,-1),"") -> 46143 | AB9: =_xlfn.IFNA(IF(V9="Sim",(IFERROR(SUM(OFFSET(AE9,1,,MATCH("Sim",V10:$V$66,0),1))-AC9,0)+IF(Y9-$W$7=1,SUM($AE$6:AE9)-$AF$7,0)+IF(SUM(Y10:$Y$66)=0,SUM(AE10:$AE$66)-AC9+Analítico!$BK$137)),0),0) -> 0 | AC9: =IFERROR(IF(V9="Sim",IFERROR(SUM(OFFSET(AD9,1,,MATCH("Sim",T10:$T$66,0),1)),0)+IF(Y9-$W$7=1,SUM($AD$6:AD9),0)+IF(SUM(Y10:$Y$66)=0,SUM(AD10:$AD$66),0),0),0) -> 0 | AD9: =SUM(OFFSET(Analítico!$B$10,0,A9,2,1)) -> 0 | AE9: =OFFSET(Analítico!$B$138,,A9) -> 343377.76 | AH9: =IF(D9="",C9,D9) -> 17
A10: 4 | B10: =IFERROR(IF(EDATE(B9,1)>DATE(YEAR(Capa!$A$7),MONTH(Capa!$A$7),1),"",EDATE(B9,1)),"") -> 46082 | C10: =IF(B10="","",C7+1) -> 17 | F10: =IFERROR(IF((F9+1)>YEAR(Capa!$A$7),"",F9+1),"") | G10: =IF(F10="","",SUMIFS($AB$7:$AB$66,$B$7:$B$66,">="&DATE(F10,1,1),$B$7:$B$66,"<"&DATE(F10+1,1,1)-1)) | H10: =IF(F10="","",SUMIFS($AD$7:$AD$66,$B$7:$B$66,">="&DATE(F10,1,1),$B$7:$B$66,"<"&DATE(F10+1,1,1)-1)) | I10: =IF(F10="","",SUMIFS($AE$7:$AE$66,$B$7:$B$66,">="&DATE(F10,1,1),$B$7:$B$66,"<"&DATE(F10+1,1,1)-1)+IF(F11="",Analítico!$BK$137,0)) | K10: =IF(U10="","",U10&"ª Avaliação") | L10: =IF(K10="","",TEXT(Z10,"mmm/aaaa")&" a "&TEXT(AA10,"mmm/aaaa")) | M10: =IF(K10="","",_xlfn.IFNA(OFFSET($B$6,MATCH(U10+1,$AH$7:$AH$66,0),0),EDATE(MAX($B$7:$B$66),1))) | O10: =(IF(P10="","",OFFSET($Y$6,MATCH(A10,$X$7:$X$66,0),0)&"ª Parcela")) | P10: =IFERROR(IF(OFFSET($AB$6,MATCH(A10,$X$7:$X$66,0),0)=0,"",OFFSET($AB$6,MATCH(A10,$X$7:$X$66,0),0)),"") | Q10: =IF(P10="","",OFFSET($B$6,MATCH(A10,$X$7:$X$66,0),0)) | R10: =IF(P10="","",IFERROR("Realização da "&OFFSET($Y$6,MATCH(A10,$X$7:$X$66,0),0)-1&"ª reunião da CA e aprovação da liberação de parcela pelo supervisor.","")) | T10: =IF(AH10="","Não",IF(AH10>AH9,"Sim","Não")) -> Não | U10: =IFERROR(IF(U9+1>MAX(AH9:AH68),"",U9+1),"") | V10: =Cronogramas!T10 -> Não | X10: =COUNTIF(V$7:$V10,"Sim") -> 1 | Y10: =IF(T10="Não","",AH10) | Z10: =IF(K10="","",EDATE(AA9,1)) | AA10: =IFERROR(EDATE(M10,-1),"") | AB10: =_xlfn.IFNA(IF(V10="Sim",(IFERROR(SUM(OFFSET(AE10,1,,MATCH("Sim",V11:$V$66,0),1))-AC10,0)+IF(Y10-$W$7=1,SUM($AE$6:AE10)-$AF$7,0)+IF(SUM(Y11:$Y$66)=0,SUM(AE11:$AE$66)-AC10+Analítico!$BK$137)),0),0) -> 0 | AC10: =IFERROR(IF(V10="Sim",IFERROR(SUM(OFFSET(AD10,1,,MATCH("Sim",T11:$T$66,0),1)),0)+IF(Y10-$W$7=1,SUM($AD$6:AD10),0)+IF(SUM(Y11:$Y$66)=0,SUM(AD11:$AD$66),0),0),0) -> 0 | AD10: =SUM(OFFSET(Analítico!$B$10,0,A10,2,1)) -> 0 | AE10: =OFFSET(Analítico!$B$138,,A10) -> 343377.76 | AH10: =IF(D10="",C10,D10) -> 17
A11: 5 | B11: =IFERROR(IF(EDATE(B10,1)>DATE(YEAR(Capa!$A$7),MONTH(Capa!$A$7),1),"",EDATE(B10,1)),"") -> 46113 | C11: =IF(B11="","",C8+1) -> 18 | F11: =IFERROR(IF((F10+1)>YEAR(Capa!$A$7),"",F10+1),"") | G11: =IF(F11="","",SUMIFS($AB$7:$AB$66,$B$7:$B$66,">="&DATE(F11,1,1),$B$7:$B$66,"<"&DATE(F11+1,1,1)-1)) | H11: =IF(F11="","",SUMIFS($AD$7:$AD$66,$B$7:$B$66,">="&DATE(F11,1,1),$B$7:$B$66,"<"&DATE(F11+1,1,1)-1)) | I11: =IF(F11="","",SUMIFS($AE$7:$AE$66,$B$7:$B$66,">="&DATE(F11,1,1),$B$7:$B$66,"<"&DATE(F11+1,1,1)-1)+IF(F12="",Analítico!$BK$137,0)) | K11: =IF(U11="","",U11&"ª Avaliação") | L11: =IF(K11="","",TEXT(Z11,"mmm/aaaa")&" a "&TEXT(AA11,"mmm/aaaa")) | M11: =IF(K11="","",_xlfn.IFNA(OFFSET($B$6,MATCH(U11+1,$AH$7:$AH$66,0),0),EDATE(MAX($B$7:$B$66),1))) | O11: =(IF(P11="","",OFFSET($Y$6,MATCH(A11,$X$7:$X$66,0),0)&"ª Parcela")) | P11: =IFERROR(IF(OFFSET($AB$6,MATCH(A11,$X$7:$X$66,0),0)=0,"",OFFSET($AB$6,MATCH(A11,$X$7:$X$66,0),0)),"") | Q11: =IF(P11="","",OFFSET($B$6,MATCH(A11,$X$7:$X$66,0),0)) | R11: =IF(P11="","",IFERROR("Realização da "&OFFSET($Y$6,MATCH(A11,$X$7:$X$66,0),0)-1&"ª reunião da CA e aprovação da liberação de parcela pelo supervisor.","")) | T11: =IF(AH11="","Não",IF(AH11>AH10,"Sim","Não")) -> Sim | U11: =IFERROR(IF(U10+1>MAX(AH10:AH69),"",U10+1),"") | V11: =Cronogramas!T11 -> Sim | X11: =COUNTIF(V$7:$V11,"Sim") -> 2 | Y11: =IF(T11="Não","",AH11) -> 18 | Z11: =IF(K11="","",EDATE(AA10,1)) | AA11: =IFERROR(EDATE(M11,-1),"") | AB11: =_xlfn.IFNA(IF(V11="Sim",(IFERROR(SUM(OFFSET(AE11,1,,MATCH("Sim",V12:$V$66,0),1))-AC11,0)+IF(Y11-$W$7=1,SUM($AE$6:AE11)-$AF$7,0)+IF(SUM(Y12:$Y$66)=0,SUM(AE12:$AE$66)-AC11+Analítico!$BK$137)),0),0) -> 591276.61 | AC11: =IFERROR(IF(V11="Sim",IFERROR(SUM(OFFSET(AD11,1,,MATCH("Sim",T12:$T$66,0),1)),0)+IF(Y11-$W$7=1,SUM($AD$6:AD11),0)+IF(SUM(Y12:$Y$66)=0,SUM(AD12:$AD$66),0),0),0) -> 0 | AD11: =SUM(OFFSET(Analítico!$B$10,0,A11,2,1)) -> 0 | AE11: =OFFSET(Analítico!$B$138,,A11) -> 343377.76 | AH11: =IF(D11="",C11,D11) -> 18
A12: 6 | B12: =IFERROR(IF(EDATE(B11,1)>DATE(YEAR(Capa!$A$7),MONTH(Capa!$A$7),1),"",EDATE(B11,1)),"") -> 46143 | C12: =IF(B12="","",C9+1) -> 18 | F12: =IFERROR(IF((F11+1)>YEAR(Capa!$A$7),"",F11+1),"") | G12: =IF(F12="","",SUMIFS($AB$7:$AB$66,$B$7:$B$66,">="&DATE(F12,1,1),$B$7:$B$66,"<"&DATE(F12+1,1,1)-1)) | H12: =IF(F12="","",SUMIFS($AD$7:$AD$66,$B$7:$B$66,">="&DATE(F12,1,1),$B$7:$B$66,"<"&DATE(F12+1,1,1)-1)) | I12: =IF(F12="","",SUMIFS($AE$7:$AE$66,$B$7:$B$66,">="&DATE(F12,1,1),$B$7:$B$66,"<"&DATE(F12+1,1,1)-1)+IF(F13="",Analítico!$BK$137,0)) | K12: =IF(U12="","",U12&"ª Avaliação") | L12: =IF(K12="","",TEXT(Z12,"mmm/aaaa")&" a "&TEXT(AA12,"mmm/aaaa")) | M12: =IF(K12="","",_xlfn.IFNA(OFFSET($B$6,MATCH(U12+1,$AH$7:$AH$66,0),0),EDATE(MAX($B$7:$B$66),1))) | O12: =(IF(P12="","",OFFSET($Y$6,MATCH(A12,$X$7:$X$66,0),0)&"ª Parcela")) | P12: =IFERROR(IF(OFFSET($AB$6,MATCH(A12,$X$7:$X$66,0),0)=0,"",OFFSET($AB$6,MATCH(A12,$X$7:$X$66,0),0)),"") | Q12: =IF(P12="","",OFFSET($B$6,MATCH(A12,$X$7:$X$66,0),0)) | R12: =IF(P12="","",IFERROR("Realização da "&OFFSET($Y$6,MATCH(A12,$X$7:$X$66,0),0)-1&"ª reunião da CA e aprovação da liberação de parcela pelo supervisor.","")) | T12: =IF(AH12="","Não",IF(AH12>AH11,"Sim","Não")) -> Não | U12: =IFERROR(IF(U11+1>MAX(AH11:AH70),"",U11+1),"") | V12: =Cronogramas!T12 -> Não | X12: =COUNTIF(V$7:$V12,"Sim") -> 2 | Y12: =IF(T12="Não","",AH12) | Z12: =IF(K12="","",EDATE(AA11,1)) | AA12: =IFERROR(EDATE(M12,-1),"") | AB12: =_xlfn.IFNA(IF(V12="Sim",(IFERROR(SUM(OFFSET(AE12,1,,MATCH("Sim",V13:$V$66,0),1))-AC12,0)+IF(Y12-$W$7=1,SUM($AE$6:AE12)-$AF$7,0)+IF(SUM(Y13:$Y$66)=0,SUM(AE13:$AE$66)-AC12+Analítico!$BK$137)),0),0) -> 0 | AC12: =IFERROR(IF(V12="Sim",IFERROR(SUM(OFFSET(AD12,1,,MATCH("Sim",T13:$T$66,0),1)),0)+IF(Y12-$W$7=1,SUM($AD$6:AD12),0)+IF(SUM(Y13:$Y$66)=0,SUM(AD13:$AD$66),0),0),0) -> 0 | AD12: =SUM(OFFSET(Analítico!$B$10,0,A12,2,1)) -> 0 | AE12: =OFFSET(Analítico!$B$138,,A12) -> 361276.61 | AH12: =IF(D12="",C12,D12) -> 18
A13: 7 | B13: =IFERROR(IF(EDATE(B12,1)>DATE(YEAR(Capa!$A$7),MONTH(Capa!$A$7),1),"",EDATE(B12,1)),"") | C13: =IF(B13="","",C10+1) | K13: =IF(U13="","",U13&"ª Avaliação") | L13: =IF(K13="","",TEXT(Z13,"mmm/aaaa")&" a "&TEXT(AA13,"mmm/aaaa")) | M13: =IF(K13="","",_xlfn.IFNA(OFFSET($B$6,MATCH(U13+1,$AH$7:$AH$66,0),0),EDATE(MAX($B$7:$B$66),1))) | O13: =(IF(P13="","",OFFSET($Y$6,MATCH(A13,$X$7:$X$66,0),0)&"ª Parcela")) | P13: =IFERROR(IF(OFFSET($AB$6,MATCH(A13,$X$7:$X$66,0),0)=0,"",OFFSET($AB$6,MATCH(A13,$X$7:$X$66,0),0)),"") | Q13: =IF(P13="","",OFFSET($B$6,MATCH(A13,$X$7:$X$66,0),0)) | R13: =IF(P13="","",IFERROR("Realização da "&OFFSET($Y$6,MATCH(A13,$X$7:$X$66,0),0)-1&"ª reunião da CA e aprovação da liberação de parcela pelo supervisor.","")) | T13: =IF(AH13="","Não",IF(AH13>AH12,"Sim","Não")) -> Não | U13: =IFERROR(IF(U12+1>MAX(AH12:AH71),"",U12+1),"") | V13: =Cronogramas!T13 -> Não | X13: =COUNTIF(V$7:$V13,"Sim") -> 2 | Y13: =IF(T13="Não","",AH13) | Z13: =IF(K13="","",EDATE(AA12,1)) | AA13: =IFERROR(EDATE(M13,-1),"") | AB13: =_xlfn.IFNA(IF(V13="Sim",(IFERROR(SUM(OFFSET(AE13,1,,MATCH("Sim",V14:$V$66,0),1))-AC13,0)+IF(Y13-$W$7=1,SUM($AE$6:AE13)-$AF$7,0)+IF(SUM(Y14:$Y$66)=0,SUM(AE14:$AE$66)-AC13+Analítico!$BK$137)),0),0) -> 0 | AC13: =IFERROR(IF(V13="Sim",IFERROR(SUM(OFFSET(AD13,1,,MATCH("Sim",T14:$T$66,0),1)),0)+IF(Y13-$W$7=1,SUM($AD$6:AD13),0)+IF(SUM(Y14:$Y$66)=0,SUM(AD14:$AD$66),0),0),0) -> 0 | AD13: =SUM(OFFSET(Analítico!$B$10,0,A13,2,1)) -> 0 | AE13: =OFFSET(Analítico!$B$138,,A13) -> 0 | AH13: =IF(D13="",C13,D13)
A14: 8 | B14: =IFERROR(IF(EDATE(B13,1)>DATE(YEAR(Capa!$A$7),MONTH(Capa!$A$7),1),"",EDATE(B13,1)),"") | C14: =IF(B14="","",C11+1) | K14: =IF(U14="","",U14&"ª Avaliação") | L14: =IF(K14="","",TEXT(Z14,"mmm/aaaa")&" a "&TEXT(AA14,"mmm/aaaa")) | M14: =IF(K14="","",_xlfn.IFNA(OFFSET($B$6,MATCH(U14+1,$AH$7:$AH$66,0),0),EDATE(MAX($B$7:$B$66),1))) | O14: =(IF(P14="","",OFFSET($Y$6,MATCH(A14,$X$7:$X$66,0),0)&"ª Parcela")) | P14: =IFERROR(IF(OFFSET($AB$6,MATCH(A14,$X$7:$X$66,0),0)=0,"",OFFSET($AB$6,MATCH(A14,$X$7:$X$66,0),0)),"") | Q14: =IF(P14="","",OFFSET($B$6,MATCH(A14,$X$7:$X$66,0),0)) | R14: =IF(P14="","",IFERROR("Realização da "&OFFSET($Y$6,MATCH(A14,$X$7:$X$66,0),0)-1&"ª reunião da CA e aprovação da liberação de parcela pelo supervisor.","")) | T14: =IF(AH14="","Não",IF(AH14>AH13,"Sim","Não")) -> Não | U14: =IFERROR(IF(U13+1>MAX(AH13:AH72),"",U13+1),"") | V14: =Cronogramas!T14 -> Não | X14: =COUNTIF(V$7:$V14,"Sim") -> 2 | Y14: =IF(T14="Não","",AH14) | Z14: =IF(K14="","",EDATE(AA13,1)) | AA14: =IFERROR(EDATE(M14,-1),"") | AB14: =_xlfn.IFNA(IF(V14="Sim",(IFERROR(SUM(OFFSET(AE14,1,,MATCH("Sim",V15:$V$66,0),1))-AC14,0)+IF(Y14-$W$7=1,SUM($AE$6:AE14)-$AF$7,0)+IF(SUM(Y15:$Y$66)=0,SUM(AE15:$AE$66)-AC14+Analítico!$BK$137)),0),0) -> 0 | AC14: =IFERROR(IF(V14="Sim",IFERROR(SUM(OFFSET(AD14,1,,MATCH("Sim",T15:$T$66,0),1)),0)+IF(Y14-$W$7=1,SUM($AD$6:AD14),0)+IF(SUM(Y15:$Y$66)=0,SUM(AD15:$AD$66),0),0),0) -> 0 | AD14: =SUM(OFFSET(Analítico!$B$10,0,A14,2,1)) -> 0 | AE14: =OFFSET(Analítico!$B$138,,A14) -> 0 | AH14: =IF(D14="",C14,D14)
A15: 9 | B15: =IFERROR(IF(EDATE(B14,1)>DATE(YEAR(Capa!$A$7),MONTH(Capa!$A$7),1),"",EDATE(B14,1)),"") | C15: =IF(B15="","",C12+1) | K15: =IF(U15="","",U15&"ª Avaliação") | L15: =IF(K15="","",TEXT(Z15,"mmm/aaaa")&" a "&TEXT(AA15,"mmm/aaaa")) | M15: =IF(K15="","",_xlfn.IFNA(OFFSET($B$6,MATCH(U15+1,$AH$7:$AH$66,0),0),EDATE(MAX($B$7:$B$66),1))) | O15: =(IF(P15="","",OFFSET($Y$6,MATCH(A15,$X$7:$X$66,0),0)&"ª Parcela")) | P15: =IFERROR(IF(OFFSET($AB$6,MATCH(A15,$X$7:$X$66,0),0)=0,"",OFFSET($AB$6,MATCH(A15,$X$7:$X$66,0),0)),"") | Q15: =IF(P15="","",OFFSET($B$6,MATCH(A15,$X$7:$X$66,0),0)) | R15: =IF(P15="","",IFERROR("Realização da "&OFFSET($Y$6,MATCH(A15,$X$7:$X$66,0),0)-1&"ª reunião da CA e aprovação da liberação de parcela pelo supervisor.","")) | T15: =IF(AH15="","Não",IF(AH15>AH14,"Sim","Não")) -> Não | U15: =IFERROR(IF(U14+1>MAX(AH14:AH73),"",U14+1),"") | V15: =Cronogramas!T15 -> Não | X15: =COUNTIF(V$7:$V15,"Sim") -> 2 | Y15: =IF(T15="Não","",AH15) | Z15: =IF(K15="","",EDATE(AA14,1)) | AA15: =IFERROR(EDATE(M15,-1),"") | AB15: =_xlfn.IFNA(IF(V15="Sim",(IFERROR(SUM(OFFSET(AE15,1,,MATCH("Sim",V16:$V$66,0),1))-AC15,0)+IF(Y15-$W$7=1,SUM($AE$6:AE15)-$AF$7,0)+IF(SUM(Y16:$Y$66)=0,SUM(AE16:$AE$66)-AC15+Analítico!$BK$137)),0),0) -> 0 | AC15: =IFERROR(IF(V15="Sim",IFERROR(SUM(OFFSET(AD15,1,,MATCH("Sim",T16:$T$66,0),1)),0)+IF(Y15-$W$7=1,SUM($AD$6:AD15),0)+IF(SUM(Y16:$Y$66)=0,SUM(AD16:$AD$66),0),0),0) -> 0 | AD15: =SUM(OFFSET(Analítico!$B$10,0,A15,2,1)) -> 0 | AE15: =OFFSET(Analítico!$B$138,,A15) -> 0 | AH15: =IF(D15="",C15,D15)
A16: 10 | B16: =IFERROR(IF(EDATE(B15,1)>DATE(YEAR(Capa!$A$7),MONTH(Capa!$A$7),1),"",EDATE(B15,1)),"") | C16: =IF(B16="","",C13+1) | K16: =IF(U16="","",U16&"ª Avaliação") | L16: =IF(K16="","",TEXT(Z16,"mmm/aaaa")&" a "&TEXT(AA16,"mmm/aaaa")) | M16: =IF(K16="","",_xlfn.IFNA(OFFSET($B$6,MATCH(U16+1,$AH$7:$AH$66,0),0),EDATE(MAX($B$7:$B$66),1))) | O16: =(IF(P16="","",OFFSET($Y$6,MATCH(A16,$X$7:$X$66,0),0)&"ª Parcela")) | P16: =IFERROR(IF(OFFSET($AB$6,MATCH(A16,$X$7:$X$66,0),0)=0,"",OFFSET($AB$6,MATCH(A16,$X$7:$X$66,0),0)),"") | Q16: =IF(P16="","",OFFSET($B$6,MATCH(A16,$X$7:$X$66,0),0)) | R16: =IF(P16="","",IFERROR("Realização da "&OFFSET($Y$6,MATCH(A16,$X$7:$X$66,0),0)-1&"ª reunião da CA e aprovação da liberação de parcela pelo supervisor.","")) | T16: =IF(AH16="","Não",IF(AH16>AH15,"Sim","Não")) -> Não | U16: =IFERROR(IF(U15+1>MAX(AH15:AH74),"",U15+1),"") | V16: =Cronogramas!T16 -> Não | X16: =COUNTIF(V$7:$V16,"Sim") -> 2 | Y16: =IF(T16="Não","",AH16) | Z16: =IF(K16="","",EDATE(AA15,1)) | AA16: =IFERROR(EDATE(M16,-1),"") | AB16: =_xlfn.IFNA(IF(V16="Sim",(IFERROR(SUM(OFFSET(AE16,1,,MATCH("Sim",V17:$V$66,0),1))-AC16,0)+IF(Y16-$W$7=1,SUM($AE$6:AE16)-$AF$7,0)+IF(SUM(Y17:$Y$66)=0,SUM(AE17:$AE$66)-AC16+Analítico!$BK$137)),0),0) -> 0 | AC16: =IFERROR(IF(V16="Sim",IFERROR(SUM(OFFSET(AD16,1,,MATCH("Sim",T17:$T$66,0),1)),0)+IF(Y16-$W$7=1,SUM($AD$6:AD16),0)+IF(SUM(Y17:$Y$66)=0,SUM(AD17:$AD$66),0),0),0) -> 0 | AD16: =SUM(OFFSET(Analítico!$B$10,0,A16,2,1)) -> 0 | AE16: =OFFSET(Analítico!$B$138,,A16) -> 0 | AH16: =IF(D16="",C16,D16)
A17: 11 | B17: =IFERROR(IF(EDATE(B16,1)>DATE(YEAR(Capa!$A$7),MONTH(Capa!$A$7),1),"",EDATE(B16,1)),"") | C17: =IF(B17="","",C14+1) | K17: =IF(U17="","",U17&"ª Avaliação") | L17: =IF(K17="","",TEXT(Z17,"mmm/aaaa")&" a "&TEXT(AA17,"mmm/aaaa")) | M17: =IF(K17="","",_xlfn.IFNA(OFFSET($B$6,MATCH(U17+1,$AH$7:$AH$66,0),0),EDATE(MAX($B$7:$B$66),1))) | O17: =(IF(P17="","",OFFSET($Y$6,MATCH(A17,$X$7:$X$66,0),0)&"ª Parcela")) | P17: =IFERROR(IF(OFFSET($AB$6,MATCH(A17,$X$7:$X$66,0),0)=0,"",OFFSET($AB$6,MATCH(A17,$X$7:$X$66,0),0)),"") | Q17: =IF(P17="","",OFFSET($B$6,MATCH(A17,$X$7:$X$66,0),0)) | R17: =IF(P17="","",IFERROR("Realização da "&OFFSET($Y$6,MATCH(A17,$X$7:$X$66,0),0)-1&"ª reunião da CA e aprovação da liberação de parcela pelo supervisor.","")) | T17: =IF(AH17="","Não",IF(AH17>AH16,"Sim","Não")) -> Não | U17: =IFERROR(IF(U16+1>MAX(AH16:AH75),"",U16+1),"") | V17: =Cronogramas!T17 -> Não | X17: =COUNTIF(V$7:$V17,"Sim") -> 2 | Y17: =IF(T17="Não","",AH17) | Z17: =IF(K17="","",EDATE(AA16,1)) | AA17: =IFERROR(EDATE(M17,-1),"") | AB17: =_xlfn.IFNA(IF(V17="Sim",(IFERROR(SUM(OFFSET(AE17,1,,MATCH("Sim",V18:$V$66,0),1))-AC17,0)+IF(Y17-$W$7=1,SUM($AE$6:AE17)-$AF$7,0)+IF(SUM(Y18:$Y$66)=0,SUM(AE18:$AE$66)-AC17+Analítico!$BK$137)),0),0) -> 0 | AC17: =IFERROR(IF(V17="Sim",IFERROR(SUM(OFFSET(AD17,1,,MATCH("Sim",T18:$T$66,0),1)),0)+IF(Y17-$W$7=1,SUM($AD$6:AD17),0)+IF(SUM(Y18:$Y$66)=0,SUM(AD18:$AD$66),0),0),0) -> 0 | AD17: =SUM(OFFSET(Analítico!$B$10,0,A17,2,1)) -> 0 | AE17: =OFFSET(Analítico!$B$138,,A17) -> 0 | AH17: =IF(D17="",C17,D17)
A18: 12 | B18: =IFERROR(IF(EDATE(B17,1)>DATE(YEAR(Capa!$A$7),MONTH(Capa!$A$7),1),"",EDATE(B17,1)),"") | C18: =IF(B18="","",C15+1) | K18: =IF(U18="","",U18&"ª Avaliação") | L18: =IF(K18="","",TEXT(Z18,"mmm/aaaa")&" a "&TEXT(AA18,"mmm/aaaa")) | M18: =IF(K18="","",_xlfn.IFNA(OFFSET($B$6,MATCH(U18+1,$AH$7:$AH$66,0),0),EDATE(MAX($B$7:$B$66),1))) | O18: =(IF(P18="","",OFFSET($Y$6,MATCH(A18,$X$7:$X$66,0),0)&"ª Parcela")) | P18: =IFERROR(IF(OFFSET($AB$6,MATCH(A18,$X$7:$X$66,0),0)=0,"",OFFSET($AB$6,MATCH(A18,$X$7:$X$66,0),0)),"") | Q18: =IF(P18="","",OFFSET($B$6,MATCH(A18,$X$7:$X$66,0),0)) | R18: =IF(P18="","",IFERROR("Realização da "&OFFSET($Y$6,MATCH(A18,$X$7:$X$66,0),0)-1&"ª reunião da CA e aprovação da liberação de parcela pelo supervisor.","")) | T18: =IF(AH18="","Não",IF(AH18>AH17,"Sim","Não")) -> Não | U18: =IFERROR(IF(U17+1>MAX(AH17:AH76),"",U17+1),"") | V18: =Cronogramas!T18 -> Não | X18: =COUNTIF(V$7:$V18,"Sim") -> 2 | Y18: =IF(T18="Não","",AH18) | Z18: =IF(K18="","",EDATE(AA17,1)) | AA18: =IFERROR(EDATE(M18,-1),"") | AB18: =_xlfn.IFNA(IF(V18="Sim",(IFERROR(SUM(OFFSET(AE18,1,,MATCH("Sim",V19:$V$66,0),1))-AC18,0)+IF(Y18-$W$7=1,SUM($AE$6:AE18)-$AF$7,0)+IF(SUM(Y19:$Y$66)=0,SUM(AE19:$AE$66)-AC18+Analítico!$BK$137)),0),0) -> 0 | AC18: =IFERROR(IF(V18="Sim",IFERROR(SUM(OFFSET(AD18,1,,MATCH("Sim",T19:$T$66,0),1)),0)+IF(Y18-$W$7=1,SUM($AD$6:AD18),0)+IF(SUM(Y19:$Y$66)=0,SUM(AD19:$AD$66),0),0),0) -> 0 | AD18: =SUM(OFFSET(Analítico!$B$10,0,A18,2,1)) -> 0 | AE18: =OFFSET(Analítico!$B$138,,A18) -> 0 | AH18: =IF(D18="",C18,D18)
A19: 13 | B19: =IFERROR(IF(EDATE(B18,1)>DATE(YEAR(Capa!$A$7),MONTH(Capa!$A$7),1),"",EDATE(B18,1)),"") | C19: =IF(B19="","",C16+1) | K19: =IF(U19="","",U19&"ª Avaliação") | L19: =IF(K19="","",TEXT(Z19,"mmm/aaaa")&" a "&TEXT(AA19,"mmm/aaaa")) | M19: =IF(K19="","",_xlfn.IFNA(OFFSET($B$6,MATCH(U19+1,$AH$7:$AH$66,0),0),EDATE(MAX($B$7:$B$66),1))) | O19: =(IF(P19="","",OFFSET($Y$6,MATCH(A19,$X$7:$X$66,0),0)&"ª Parcela")) | P19: =IFERROR(IF(OFFSET($AB$6,MATCH(A19,$X$7:$X$66,0),0)=0,"",OFFSET($AB$6,MATCH(A19,$X$7:$X$66,0),0)),"") | Q19: =IF(P19="","",OFFSET($B$6,MATCH(A19,$X$7:$X$66,0),0)) | R19: =IF(P19="","",IFERROR("Realização da "&OFFSET($Y$6,MATCH(A19,$X$7:$X$66,0),0)-1&"ª reunião da CA e aprovação da liberação de parcela pelo supervisor.","")) | T19: =IF(AH19="","Não",IF(AH19>AH18,"Sim","Não")) -> Não | U19: =IFERROR(IF(U18+1>MAX(AH18:AH77),"",U18+1),"") | V19: =Cronogramas!T19 -> Não | X19: =COUNTIF(V$7:$V19,"Sim") -> 2 | Y19: =IF(T19="Não","",AH19) | Z19: =IF(K19="","",EDATE(AA18,1)) | AA19: =IFERROR(EDATE(M19,-1),"") | AB19: =_xlfn.IFNA(IF(V19="Sim",(IFERROR(SUM(OFFSET(AE19,1,,MATCH("Sim",V20:$V$66,0),1))-AC19,0)+IF(Y19-$W$7=1,SUM($AE$6:AE19)-$AF$7,0)+IF(SUM(Y20:$Y$66)=0,SUM(AE20:$AE$66)-AC19+Analítico!$BK$137)),0),0) -> 0 | AC19: =IFERROR(IF(V19="Sim",IFERROR(SUM(OFFSET(AD19,1,,MATCH("Sim",T20:$T$66,0),1)),0)+IF(Y19-$W$7=1,SUM($AD$6:AD19),0)+IF(SUM(Y20:$Y$66)=0,SUM(AD20:$AD$66),0),0),0) -> 0 | AD19: =SUM(OFFSET(Analítico!$B$10,0,A19,2,1)) -> 0 | AE19: =OFFSET(Analítico!$B$138,,A19) -> 0 | AH19: =IF(D19="",C19,D19)
A20: 14 | B20: =IFERROR(IF(EDATE(B19,1)>DATE(YEAR(Capa!$A$7),MONTH(Capa!$A$7),1),"",EDATE(B19,1)),"") | C20: =IF(B20="","",C17+1) | K20: =IF(U20="","",U20&"ª Avaliação") | L20: =IF(K20="","",TEXT(Z20,"mmm/aaaa")&" a "&TEXT(AA20,"mmm/aaaa")) | M20: =IF(K20="","",_xlfn.IFNA(OFFSET($B$6,MATCH(U20+1,$AH$7:$AH$66,0),0),EDATE(MAX($B$7:$B$66),1))) | O20: =(IF(P20="","",OFFSET($Y$6,MATCH(A20,$X$7:$X$66,0),0)&"ª Parcela")) | P20: =IFERROR(IF(OFFSET($AB$6,MATCH(A20,$X$7:$X$66,0),0)=0,"",OFFSET($AB$6,MATCH(A20,$X$7:$X$66,0),0)),"") | Q20: =IF(P20="","",OFFSET($B$6,MATCH(A20,$X$7:$X$66,0),0)) | R20: =IF(P20="","",IFERROR("Realização da "&OFFSET($Y$6,MATCH(A20,$X$7:$X$66,0),0)-1&"ª reunião da CA e aprovação da liberação de parcela pelo supervisor.","")) | T20: =IF(AH20="","Não",IF(AH20>AH19,"Sim","Não")) -> Não | U20: =IFERROR(IF(U19+1>MAX(AH19:AH78),"",U19+1),"") | V20: =Cronogramas!T20 -> Não | X20: =COUNTIF(V$7:$V20,"Sim") -> 2 | Y20: =IF(T20="Não","",AH20) | Z20: =IF(K20="","",EDATE(AA19,1)) | AA20: =IFERROR(EDATE(M20,-1),"") | AB20: =_xlfn.IFNA(IF(V20="Sim",(IFERROR(SUM(OFFSET(AE20,1,,MATCH("Sim",V21:$V$66,0),1))-AC20,0)+IF(Y20-$W$7=1,SUM($AE$6:AE20)-$AF$7,0)+IF(SUM(Y21:$Y$66)=0,SUM(AE21:$AE$66)-AC20+Analítico!$BK$137)),0),0) -> 0 | AC20: =IFERROR(IF(V20="Sim",IFERROR(SUM(OFFSET(AD20,1,,MATCH("Sim",T21:$T$66,0),1)),0)+IF(Y20-$W$7=1,SUM($AD$6:AD20),0)+IF(SUM(Y21:$Y$66)=0,SUM(AD21:$AD$66),0),0),0) -> 0 | AD20: =SUM(OFFSET(Analítico!$B$10,0,A20,2,1)) -> 0 | AE20: =OFFSET(Analítico!$B$138,,A20) -> 0 | AH20: =IF(D20="",C20,D20)
A21: 15 | B21: =IFERROR(IF(EDATE(B20,1)>DATE(YEAR(Capa!$A$7),MONTH(Capa!$A$7),1),"",EDATE(B20,1)),"") | C21: =IF(B21="","",C18+1) | K21: =IF(U21="","",U21&"ª Avaliação") | L21: =IF(K21="","",TEXT(Z21,"mmm/aaaa")&" a "&TEXT(AA21,"mmm/aaaa")) | M21: =IF(K21="","",_xlfn.IFNA(OFFSET($B$6,MATCH(U21+1,$AH$7:$AH$66,0),0),EDATE(MAX($B$7:$B$66),1))) | O21: =(IF(P21="","",OFFSET($Y$6,MATCH(A21,$X$7:$X$66,0),0)&"ª Parcela")) | P21: =IFERROR(IF(OFFSET($AB$6,MATCH(A21,$X$7:$X$66,0),0)=0,"",OFFSET($AB$6,MATCH(A21,$X$7:$X$66,0),0)),"") | Q21: =IF(P21="","",OFFSET($B$6,MATCH(A21,$X$7:$X$66,0),0)) | R21: =IF(P21="","",IFERROR("Realização da "&OFFSET($Y$6,MATCH(A21,$X$7:$X$66,0),0)-1&"ª reunião da CA e aprovação da liberação de parcela pelo supervisor.","")) | T21: =IF(AH21="","Não",IF(AH21>AH20,"Sim","Não")) -> Não | U21: =IFERROR(IF(U20+1>MAX(AH20:AH79),"",U20+1),"") | V21: =Cronogramas!T21 -> Não | X21: =COUNTIF(V$7:$V21,"Sim") -> 2 | Y21: =IF(T21="Não","",AH21) | Z21: =IF(K21="","",EDATE(AA20,1)) | AA21: =IFERROR(EDATE(M21,-1),"") | AB21: =_xlfn.IFNA(IF(V21="Sim",(IFERROR(SUM(OFFSET(AE21,1,,MATCH("Sim",V22:$V$66,0),1))-AC21,0)+IF(Y21-$W$7=1,SUM($AE$6:AE21)-$AF$7,0)+IF(SUM(Y22:$Y$66)=0,SUM(AE22:$AE$66)-AC21+Analítico!$BK$137)),0),0) -> 0 | AC21: =IFERROR(IF(V21="Sim",IFERROR(SUM(OFFSET(AD21,1,,MATCH("Sim",T22:$T$66,0),1)),0)+IF(Y21-$W$7=1,SUM($AD$6:AD21),0)+IF(SUM(Y22:$Y$66)=0,SUM(AD22:$AD$66),0),0),0) -> 0 | AD21: =SUM(OFFSET(Analítico!$B$10,0,A21,2,1)) -> 0 | AE21: =OFFSET(Analítico!$B$138,,A21) -> 0 | AH21: =IF(D21="",C21,D21)
A22: 16 | B22: =IFERROR(IF(EDATE(B21,1)>DATE(YEAR(Capa!$A$7),MONTH(Capa!$A$7),1),"",EDATE(B21,1)),"") | C22: =IF(B22="","",C19+1) | K22: =IF(U22="","",U22&"ª Avaliação") | L22: =IF(K22="","",TEXT(Z22,"mmm/aaaa")&" a "&TEXT(AA22,"mmm/aaaa")) | M22: =IF(K22="","",_xlfn.IFNA(OFFSET($B$6,MATCH(U22+1,$AH$7:$AH$66,0),0),EDATE(MAX($B$7:$B$66),1))) | O22: =(IF(P22="","",OFFSET($Y$6,MATCH(A22,$X$7:$X$66,0),0)&"ª Parcela")) | P22: =IFERROR(IF(OFFSET($AB$6,MATCH(A22,$X$7:$X$66,0),0)=0,"",OFFSET($AB$6,MATCH(A22,$X$7:$X$66,0),0)),"") | Q22: =IF(P22="","",OFFSET($B$6,MATCH(A22,$X$7:$X$66,0),0)) | R22: =IF(P22="","",IFERROR("Realização da "&OFFSET($Y$6,MATCH(A22,$X$7:$X$66,0),0)-1&"ª reunião da CA e aprovação da liberação de parcela pelo supervisor.","")) | T22: =IF(AH22="","Não",IF(AH22>AH21,"Sim","Não")) -> Não | U22: =IFERROR(IF(U21+1>MAX(AH21:AH80),"",U21+1),"") | V22: =Cronogramas!T22 -> Não | X22: =COUNTIF(V$7:$V22,"Sim") -> 2 | Y22: =IF(T22="Não","",AH22) | Z22: =IF(K22="","",EDATE(AA21,1)) | AA22: =IFERROR(EDATE(M22,-1),"") | AB22: =_xlfn.IFNA(IF(V22="Sim",(IFERROR(SUM(OFFSET(AE22,1,,MATCH("Sim",V23:$V$66,0),1))-AC22,0)+IF(Y22-$W$7=1,SUM($AE$6:AE22)-$AF$7,0)+IF(SUM(Y23:$Y$66)=0,SUM(AE23:$AE$66)-AC22+Analítico!$BK$137)),0),0) -> 0 | AC22: =IFERROR(IF(V22="Sim",IFERROR(SUM(OFFSET(AD22,1,,MATCH("Sim",T23:$T$66,0),1)),0)+IF(Y22-$W$7=1,SUM($AD$6:AD22),0)+IF(SUM(Y23:$Y$66)=0,SUM(AD23:$AD$66),0),0),0) -> 0 | AD22: =SUM(OFFSET(Analítico!$B$10,0,A22,2,1)) -> 0 | AE22: =OFFSET(Analítico!$B$138,,A22) -> 0 | AH22: =IF(D22="",C22,D22)
A23: 17 | B23: =IFERROR(IF(EDATE(B22,1)>DATE(YEAR(Capa!$A$7),MONTH(Capa!$A$7),1),"",EDATE(B22,1)),"") | C23: =IF(B23="","",C20+1) | K23: =IF(U23="","",U23&"ª Avaliação") | L23: =IF(K23="","",TEXT(Z23,"mmm/aaaa")&" a "&TEXT(AA23,"mmm/aaaa")) | M23: =IF(K23="","",_xlfn.IFNA(OFFSET($B$6,MATCH(U23+1,$AH$7:$AH$66,0),0),EDATE(MAX($B$7:$B$66),1))) | O23: =(IF(P23="","",OFFSET($Y$6,MATCH(A23,$X$7:$X$66,0),0)&"ª Parcela")) | P23: =IFERROR(IF(OFFSET($AB$6,MATCH(A23,$X$7:$X$66,0),0)=0,"",OFFSET($AB$6,MATCH(A23,$X$7:$X$66,0),0)),"") | Q23: =IF(P23="","",OFFSET($B$6,MATCH(A23,$X$7:$X$66,0),0)) | R23: =IF(P23="","",IFERROR("Realização da "&OFFSET($Y$6,MATCH(A23,$X$7:$X$66,0),0)-1&"ª reunião da CA e aprovação da liberação de parcela pelo supervisor.","")) | T23: =IF(AH23="","Não",IF(AH23>AH22,"Sim","Não")) -> Não | U23: =IFERROR(IF(U22+1>MAX(AH22:AH81),"",U22+1),"") | V23: =Cronogramas!T23 -> Não | X23: =COUNTIF(V$7:$V23,"Sim") -> 2 | Y23: =IF(T23="Não","",AH23) | Z23: =IF(K23="","",EDATE(AA22,1)) | AA23: =IFERROR(EDATE(M23,-1),"") | AB23: =_xlfn.IFNA(IF(V23="Sim",(IFERROR(SUM(OFFSET(AE23,1,,MATCH("Sim",V24:$V$66,0),1))-AC23,0)+IF(Y23-$W$7=1,SUM($AE$6:AE23)-$AF$7,0)+IF(SUM(Y24:$Y$66)=0,SUM(AE24:$AE$66)-AC23+Analítico!$BK$137)),0),0) -> 0 | AC23: =IFERROR(IF(V23="Sim",IFERROR(SUM(OFFSET(AD23,1,,MATCH("Sim",T24:$T$66,0),1)),0)+IF(Y23-$W$7=1,SUM($AD$6:AD23),0)+IF(SUM(Y24:$Y$66)=0,SUM(AD24:$AD$66),0),0),0) -> 0 | AD23: =SUM(OFFSET(Analítico!$B$10,0,A23,2,1)) -> 0 | AE23: =OFFSET(Analítico!$B$138,,A23) -> 0 | AH23: =IF(D23="",C23,D23)
A24: 18 | B24: =IFERROR(IF(EDATE(B23,1)>DATE(YEAR(Capa!$A$7),MONTH(Capa!$A$7),1),"",EDATE(B23,1)),"") | C24: =IF(B24="","",C21+1) | K24: =IF(U24="","",U24&"ª Avaliação") | L24: =IF(K24="","",TEXT(Z24,"mmm/aaaa")&" a "&TEXT(AA24,"mmm/aaaa")) | M24: =IF(K24="","",_xlfn.IFNA(OFFSET($B$6,MATCH(U24+1,$AH$7:$AH$66,0),0),EDATE(MAX($B$7:$B$66),1))) | O24: =(IF(P24="","",OFFSET($Y$6,MATCH(A24,$X$7:$X$66,0),0)&"ª Parcela")) | P24: =IFERROR(IF(OFFSET($AB$6,MATCH(A24,$X$7:$X$66,0),0)=0,"",OFFSET($AB$6,MATCH(A24,$X$7:$X$66,0),0)),"") | Q24: =IF(P24="","",OFFSET($B$6,MATCH(A24,$X$7:$X$66,0),0)) | R24: =IF(P24="","",IFERROR("Realização da "&OFFSET($Y$6,MATCH(A24,$X$7:$X$66,0),0)-1&"ª reunião da CA e aprovação da liberação de parcela pelo supervisor.","")) | T24: =IF(AH24="","Não",IF(AH24>AH23,"Sim","Não")) -> Não | U24: =IFERROR(IF(U23+1>MAX(AH23:AH82),"",U23+1),"") | V24: =Cronogramas!T24 -> Não | X24: =COUNTIF(V$7:$V24,"Sim") -> 2 | Y24: =IF(T24="Não","",AH24) | Z24: =IF(K24="","",EDATE(AA23,1)) | AA24: =IFERROR(EDATE(M24,-1),"") | AB24: =_xlfn.IFNA(IF(V24="Sim",(IFERROR(SUM(OFFSET(AE24,1,,MATCH("Sim",V25:$V$66,0),1))-AC24,0)+IF(Y24-$W$7=1,SUM($AE$6:AE24)-$AF$7,0)+IF(SUM(Y25:$Y$66)=0,SUM(AE25:$AE$66)-AC24+Analítico!$BK$137)),0),0) -> 0 | AC24: =IFERROR(IF(V24="Sim",IFERROR(SUM(OFFSET(AD24,1,,MATCH("Sim",T25:$T$66,0),1)),0)+IF(Y24-$W$7=1,SUM($AD$6:AD24),0)+IF(SUM(Y25:$Y$66)=0,SUM(AD25:$AD$66),0),0),0) -> 0 | AD24: =SUM(OFFSET(Analítico!$B$10,0,A24,2,1)) -> 0 | AE24: =OFFSET(Analítico!$B$138,,A24) -> 0 | AH24: =IF(D24="",C24,D24)
... A37: 31 | B37: =IFERROR(IF(EDATE(B36,1)>DATE(YEAR(Capa!$A$7),MONTH(Capa!$A$7),1),"",EDATE(B36,1)),"") | C37: =IF(B37="","",C34+1) | K37: =IF(U37="","",U37&"ª Avaliação") | L37: =IF(K37="","",TEXT(Z37,"mmm/aaaa")&" a "&TEXT(AA37,"mmm/aaaa")) | M37: =IF(K37="","",_xlfn.IFNA(OFFSET($B$6,MATCH(U37+1,$AH$7:$AH$66,0),0),EDATE(MAX($B$7:$B$66),1))) | O37: =(IF(P37="","",OFFSET($Y$6,MATCH(A37,$X$7:$X$66,0),0)&"ª Parcela")) | P37: =IFERROR(IF(OFFSET($AB$6,MATCH(A37,$X$7:$X$66,0),0)=0,"",OFFSET($AB$6,MATCH(A37,$X$7:$X$66,0),0)),"") | Q37: =IF(P37="","",OFFSET($B$6,MATCH(A37,$X$7:$X$66,0),0)) | R37: =IF(P37="","",IFERROR("Realização da "&OFFSET($Y$6,MATCH(A37,$X$7:$X$66,0),0)-1&"ª reunião da CA e aprovação da liberação de parcela pelo supervisor.","")) | T37: =IF(AH37="","Não",IF(AH37>AH36,"Sim","Não")) -> Não | U37: =IFERROR(IF(U36+1>MAX(AH36:AH95),"",U36+1),"") | V37: =Cronogramas!T37 -> Não | X37: =COUNTIF(V$7:$V37,"Sim") -> 2 | Y37: =IF(T37="Não","",AH37) | Z37: =IF(K37="","",EDATE(AA36,1)) | AA37: =IFERROR(EDATE(M37,-1),"") | AB37: =_xlfn.IFNA(IF(V37="Sim",(IFERROR(SUM(OFFSET(AE37,1,,MATCH("Sim",V38:$V$66,0),1))-AC37,0)+IF(Y37-$W$7=1,SUM($AE$6:AE37)-$AF$7,0)+IF(SUM(Y38:$Y$66)=0,SUM(AE38:$AE$66)-AC37+Analítico!$BK$137)),0),0) -> 0 | AC37: =IFERROR(IF(V37="Sim",IFERROR(SUM(OFFSET(AD37,1,,MATCH("Sim",T38:$T$66,0),1)),0)+IF(Y37-$W$7=1,SUM($AD$6:AD37),0)+IF(SUM(Y38:$Y$66)=0,SUM(AD38:$AD$66),0),0),0) -> 0 | AD37: =SUM(OFFSET(Analítico!$B$10,0,A37,2,1)) -> 0 | AE37: =OFFSET(Analítico!$B$138,,A37) -> 0 | AH37: =IF(D37="",C37,D37)
A38: 32 | B38: =IFERROR(IF(EDATE(B37,1)>DATE(YEAR(Capa!$A$7),MONTH(Capa!$A$7),1),"",EDATE(B37,1)),"") | C38: =IF(B38="","",C35+1) | K38: =IF(U38="","",U38&"ª Avaliação") | L38: =IF(K38="","",TEXT(Z38,"mmm/aaaa")&" a "&TEXT(AA38,"mmm/aaaa")) | M38: =IF(K38="","",_xlfn.IFNA(OFFSET($B$6,MATCH(U38+1,$AH$7:$AH$66,0),0),EDATE(MAX($B$7:$B$66),1))) | O38: =(IF(P38="","",OFFSET($Y$6,MATCH(A38,$X$7:$X$66,0),0)&"ª Parcela")) | P38: =IFERROR(IF(OFFSET($AB$6,MATCH(A38,$X$7:$X$66,0),0)=0,"",OFFSET($AB$6,MATCH(A38,$X$7:$X$66,0),0)),"") | Q38: =IF(P38="","",OFFSET($B$6,MATCH(A38,$X$7:$X$66,0),0)) | R38: =IF(P38="","",IFERROR(IF(Capa!$A$2="","Após a celebração do termo de parceria.","Realização da "&OFFSET($Y$6,MATCH(A38,$X$7:$X$66,0),0)-1&"ª reunião da CA e aprovação da liberação de parcela pelo supervisor."),"")) | T38: =IF(AH38="","Não",IF(AH38>AH37,"Sim","Não")) -> Não | U38: =IFERROR(IF(U37+1>MAX(AH37:AH96),"",U37+1),"") | V38: =Cronogramas!T38 -> Não | X38: =COUNTIF(V$7:$V38,"Sim") -> 2 | Y38: =IF(T38="Não","",AH38) | Z38: =IF(K38="","",EDATE(AA37,1)) | AA38: =IFERROR(EDATE(M38,-1),"") | AB38: =_xlfn.IFNA(IF(V38="Sim",(IFERROR(SUM(OFFSET(AE38,1,,MATCH("Sim",V39:$V$66,0),1))-AC38,0)+IF(Y38-$W$7=1,SUM($AE$6:AE38)-$AF$7,0)+IF(SUM(Y39:$Y$66)=0,SUM(AE39:$AE$66)-AC38+Analítico!$BK$137)),0),0) -> 0 | AC38: =IFERROR(IF(V38="Sim",IFERROR(SUM(OFFSET(AD38,1,,MATCH("Sim",T39:$T$66,0),1)),0)+IF(Y38-$W$7=1,SUM($AD$6:AD38),0)+IF(SUM(Y39:$Y$66)=0,SUM(AD39:$AD$66),0),0),0) -> 0 | AD38: =SUM(OFFSET(Analítico!$B$10,0,A38,2,1)) -> 0 | AE38: =OFFSET(Analítico!$B$138,,A38) -> 0 | AH38: =IF(D38="",C38,D38)
A39: 33 | B39: =IFERROR(IF(EDATE(B38,1)>DATE(YEAR(Capa!$A$7),MONTH(Capa!$A$7),1),"",EDATE(B38,1)),"") | C39: =IF(B39="","",C36+1) | K39: =IF(U39="","",U39&"ª Avaliação") | L39: =IF(K39="","",TEXT(Z39,"mmm/aaaa")&" a "&TEXT(AA39,"mmm/aaaa")) | M39: =IF(K39="","",_xlfn.IFNA(OFFSET($B$6,MATCH(U39+1,$AH$7:$AH$66,0),0),EDATE(MAX($B$7:$B$66),1))) | R39: =IF(P39="","",IFERROR(IF(Capa!$A$2="","Após a celebração do termo de parceria.","Realização da "&OFFSET($Y$6,MATCH(A39,$X$7:$X$66,0),0)-1&"ª reunião da CA e aprovação da liberação de parcela pelo supervisor."),"")) | T39: =IF(AH39="","Não",IF(AH39>AH38,"Sim","Não")) -> Não | U39: =IFERROR(IF(U38+1>MAX(AH38:AH97),"",U38+1),"") | V39: =Cronogramas!T39 -> Não | X39: =COUNTIF(V$7:$V39,"Sim") -> 2 | Y39: =IF(T39="Não","",AH39) | Z39: =IF(K39="","",EDATE(AA38,1)) | AA39: =IFERROR(EDATE(M39,-1),"") | AB39: =_xlfn.IFNA(IF(V39="Sim",(IFERROR(SUM(OFFSET(AE39,1,,MATCH("Sim",V40:$V$66,0),1))-AC39,0)+IF(Y39-$W$7=1,SUM($AE$6:AE39)-$AF$7,0)+IF(SUM(Y40:$Y$66)=0,SUM(AE40:$AE$66)-AC39+Analítico!$BK$137)),0),0) -> 0 | AC39: =IFERROR(IF(V39="Sim",IFERROR(SUM(OFFSET(AD39,1,,MATCH("Sim",T40:$T$66,0),1)),0)+IF(Y39-$W$7=1,SUM($AD$6:AD39),0)+IF(SUM(Y40:$Y$66)=0,SUM(AD40:$AD$66),0),0),0) -> 0 | AD39: =SUM(OFFSET(Analítico!$B$10,0,A39,2,1)) -> 0 | AE39: =OFFSET(Analítico!$B$138,,A39) -> 0 | AH39: =IF(D39="",C39,D39)
A40: 34 | B40: =IFERROR(IF(EDATE(B39,1)>DATE(YEAR(Capa!$A$7),MONTH(Capa!$A$7),1),"",EDATE(B39,1)),"") | C40: =IF(B40="","",C37+1) | R40: =IF(P40="","",IFERROR(IF(Capa!$A$2="","Após a celebração do termo de parceria.","Realização da "&OFFSET($Y$6,MATCH(A40,$X$7:$X$66,0),0)-1&"ª reunião da CA e aprovação da liberação de parcela pelo supervisor."),"")) | T40: =IF(AH40="","Não",IF(AH40>AH39,"Sim","Não")) -> Não | U40: =IFERROR(IF(U39+1>MAX(AH39:AH98),"",U39+1),"") | V40: =Cronogramas!T40 -> Não | X40: =COUNTIF(V$7:$V40,"Sim") -> 2 | Y40: =IF(T40="Não","",AH40) | AB40: =_xlfn.IFNA(IF(V40="Sim",(IFERROR(SUM(OFFSET(AE40,1,,MATCH("Sim",V41:$V$66,0),1))-AC40,0)+IF(Y40-$W$7=1,SUM($AE$6:AE40)-$AF$7,0)+IF(SUM(Y41:$Y$66)=0,SUM(AE41:$AE$66)-AC40+Analítico!$BK$137)),0),0) -> 0 | AC40: =IFERROR(IF(V40="Sim",IFERROR(SUM(OFFSET(AD40,1,,MATCH("Sim",T41:$T$66,0),1)),0)+IF(Y40-$W$7=1,SUM($AD$6:AD40),0)+IF(SUM(Y41:$Y$66)=0,SUM(AD41:$AD$66),0),0),0) -> 0 | AD40: =SUM(OFFSET(Analítico!$B$10,0,A40,2,1)) -> 0 | AE40: =OFFSET(Analítico!$B$138,,A40) -> 0 | AH40: =IF(D40="",C40,D40)
A41: 35 | B41: =IFERROR(IF(EDATE(B40,1)>DATE(YEAR(Capa!$A$7),MONTH(Capa!$A$7),1),"",EDATE(B40,1)),"") | C41: =IF(B41="","",C38+1) | R41: =IF(P41="","",IFERROR(IF(Capa!$A$2="","Após a celebração do termo de parceria.","Realização da "&OFFSET($Y$6,MATCH(A41,$X$7:$X$66,0),0)-1&"ª reunião da CA e aprovação da liberação de parcela pelo supervisor."),"")) | T41: =IF(AH41="","Não",IF(AH41>AH40,"Sim","Não")) -> Não | U41: =IFERROR(IF(U40+1>MAX(AH40:AH99),"",U40+1),"") | V41: =Cronogramas!T41 -> Não | X41: =COUNTIF(V$7:$V41,"Sim") -> 2 | Y41: =IF(T41="Não","",AH41) | AB41: =_xlfn.IFNA(IF(V41="Sim",(IFERROR(SUM(OFFSET(AE41,1,,MATCH("Sim",V42:$V$66,0),1))-AC41,0)+IF(Y41-$W$7=1,SUM($AE$6:AE41)-$AF$7,0)+IF(SUM(Y42:$Y$66)=0,SUM(AE42:$AE$66)-AC41+Analítico!$BK$137)),0),0) -> 0 | AC41: =IFERROR(IF(V41="Sim",IFERROR(SUM(OFFSET(AD41,1,,MATCH("Sim",T42:$T$66,0),1)),0)+IF(Y41-$W$7=1,SUM($AD$6:AD41),0)+IF(SUM(Y42:$Y$66)=0,SUM(AD42:$AD$66),0),0),0) -> 0 | AD41: =SUM(OFFSET(Analítico!$B$10,0,A41,2,1)) -> 0 | AE41: =OFFSET(Analítico!$B$138,,A41) -> 0 | AH41: =IF(D41="",C41,D41)
A42: 36 | B42: =IFERROR(IF(EDATE(B41,1)>DATE(YEAR(Capa!$A$7),MONTH(Capa!$A$7),1),"",EDATE(B41,1)),"") | C42: =IF(B42="","",C39+1) | R42: =IF(P42="","",IFERROR(IF(Capa!$A$2="","Após a celebração do termo de parceria.","Realização da "&OFFSET($Y$6,MATCH(A42,$X$7:$X$66,0),0)-1&"ª reunião da CA e aprovação da liberação de parcela pelo supervisor."),"")) | T42: =IF(AH42="","Não",IF(AH42>AH41,"Sim","Não")) -> Não | U42: =IFERROR(IF(U41+1>MAX(AH41:AH100),"",U41+1),"") | V42: =Cronogramas!T42 -> Não | X42: =COUNTIF(V$7:$V42,"Sim") -> 2 | Y42: =IF(T42="Não","",AH42) | AB42: =_xlfn.IFNA(IF(V42="Sim",(IFERROR(SUM(OFFSET(AE42,1,,MATCH("Sim",V43:$V$66,0),1))-AC42,0)+IF(Y42-$W$7=1,SUM($AE$6:AE42)-$AF$7,0)+IF(SUM(Y43:$Y$66)=0,SUM(AE43:$AE$66)-AC42+Analítico!$BK$137)),0),0) -> 0 | AC42: =IFERROR(IF(V42="Sim",IFERROR(SUM(OFFSET(AD42,1,,MATCH("Sim",T43:$T$66,0),1)),0)+IF(Y42-$W$7=1,SUM($AD$6:AD42),0)+IF(SUM(Y43:$Y$66)=0,SUM(AD43:$AD$66),0),0),0) -> 0 | AD42: =SUM(OFFSET(Analítico!$B$10,0,A42,2,1)) -> 0 | AE42: =OFFSET(Analítico!$B$138,,A42) -> 0 | AH42: =IF(D42="",C42,D42)
A43: 37 | B43: =IFERROR(IF(EDATE(B42,1)>DATE(YEAR(Capa!$A$7),MONTH(Capa!$A$7),1),"",EDATE(B42,1)),"") | C43: =IF(B43="","",C40+1) | R43: =IF(P43="","",IFERROR(IF(Capa!$A$2="","Após a celebração do termo de parceria.","Realização da "&OFFSET($Y$6,MATCH(A43,$X$7:$X$66,0),0)-1&"ª reunião da CA e aprovação da liberação de parcela pelo supervisor."),"")) | T43: =IF(AH43="","Não",IF(AH43>AH42,"Sim","Não")) -> Não | U43: =IFERROR(IF(U42+1>MAX(AH42:AH101),"",U42+1),"") | V43: =Cronogramas!T43 -> Não | X43: =COUNTIF(V$7:$V43,"Sim") -> 2 | Y43: =IF(T43="Não","",AH43) | AB43: =_xlfn.IFNA(IF(V43="Sim",(IFERROR(SUM(OFFSET(AE43,1,,MATCH("Sim",V44:$V$66,0),1))-AC43,0)+IF(Y43-$W$7=1,SUM($AE$6:AE43)-$AF$7,0)+IF(SUM(Y44:$Y$66)=0,SUM(AE44:$AE$66)-AC43+Analítico!$BK$137)),0),0) -> 0 | AC43: =IFERROR(IF(V43="Sim",IFERROR(SUM(OFFSET(AD43,1,,MATCH("Sim",T44:$T$66,0),1)),0)+IF(Y43-$W$7=1,SUM($AD$6:AD43),0)+IF(SUM(Y44:$Y$66)=0,SUM(AD44:$AD$66),0),0),0) -> 0 | AD43: =SUM(OFFSET(Analítico!$B$10,0,A43,2,1)) -> 0 | AE43: =OFFSET(Analítico!$B$138,,A43) -> 0 | AH43: =IF(D43="",C43,D43)
A44: 38 | B44: =IFERROR(IF(EDATE(B43,1)>DATE(YEAR(Capa!$A$7),MONTH(Capa!$A$7),1),"",EDATE(B43,1)),"") | C44: =IF(B44="","",C41+1) | R44: =IF(P44="","",IFERROR(IF(Capa!$A$2="","Após a celebração do termo de parceria.","Realização da "&OFFSET($Y$6,MATCH(A44,$X$7:$X$66,0),0)-1&"ª reunião da CA e aprovação da liberação de parcela pelo supervisor."),"")) | T44: =IF(AH44="","Não",IF(AH44>AH43,"Sim","Não")) -> Não | U44: =IFERROR(IF(U43+1>MAX(AH43:AH102),"",U43+1),"") | V44: =Cronogramas!T44 -> Não | X44: =COUNTIF(V$7:$V44,"Sim") -> 2 | Y44: =IF(T44="Não","",AH44) | AB44: =_xlfn.IFNA(IF(V44="Sim",(IFERROR(SUM(OFFSET(AE44,1,,MATCH("Sim",V45:$V$66,0),1))-AC44,0)+IF(Y44-$W$7=1,SUM($AE$6:AE44)-$AF$7,0)+IF(SUM(Y45:$Y$66)=0,SUM(AE45:$AE$66)-AC44+Analítico!$BK$137)),0),0) -> 0 | AC44: =IFERROR(IF(V44="Sim",IFERROR(SUM(OFFSET(AD44,1,,MATCH("Sim",T45:$T$66,0),1)),0)+IF(Y44-$W$7=1,SUM($AD$6:AD44),0)+IF(SUM(Y45:$Y$66)=0,SUM(AD45:$AD$66),0),0),0) -> 0 | AD44: =SUM(OFFSET(Analítico!$B$10,0,A44,2,1)) -> 0 | AE44: =OFFSET(Analítico!$B$138,,A44) -> 0 | AH44: =IF(D44="",C44,D44)
A45: 39 | B45: =IFERROR(IF(EDATE(B44,1)>DATE(YEAR(Capa!$A$7),MONTH(Capa!$A$7),1),"",EDATE(B44,1)),"") | C45: =IF(B45="","",C42+1) | R45: =IF(P45="","",IFERROR(IF(Capa!$A$2="","Após a celebração do termo de parceria.","Realização da "&OFFSET($Y$6,MATCH(A45,$X$7:$X$66,0),0)-1&"ª reunião da CA e aprovação da liberação de parcela pelo supervisor."),"")) | T45: =IF(AH45="","Não",IF(AH45>AH44,"Sim","Não")) -> Não | U45: =IFERROR(IF(U44+1>MAX(AH44:AH103),"",U44+1),"") | V45: =Cronogramas!T45 -> Não | X45: =COUNTIF(V$7:$V45,"Sim") -> 2 | Y45: =IF(T45="Não","",AH45) | AB45: =_xlfn.IFNA(IF(V45="Sim",(IFERROR(SUM(OFFSET(AE45,1,,MATCH("Sim",V46:$V$66,0),1))-AC45,0)+IF(Y45-$W$7=1,SUM($AE$6:AE45)-$AF$7,0)+IF(SUM(Y46:$Y$66)=0,SUM(AE46:$AE$66)-AC45+Analítico!$BK$137)),0),0) -> 0 | AC45: =IFERROR(IF(V45="Sim",IFERROR(SUM(OFFSET(AD45,1,,MATCH("Sim",T46:$T$66,0),1)),0)+IF(Y45-$W$7=1,SUM($AD$6:AD45),0)+IF(SUM(Y46:$Y$66)=0,SUM(AD46:$AD$66),0),0),0) -> 0 | AD45: =SUM(OFFSET(Analítico!$B$10,0,A45,2,1)) -> 0 | AE45: =OFFSET(Analítico!$B$138,,A45) -> 0 | AH45: =IF(D45="",C45,D45)
A46: 40 | B46: =IFERROR(IF(EDATE(B45,1)>DATE(YEAR(Capa!$A$7),MONTH(Capa!$A$7),1),"",EDATE(B45,1)),"") | C46: =IF(B46="","",C43+1) | R46: =IF(P46="","",IFERROR(IF(Capa!$A$2="","Após a celebração do termo de parceria.","Realização da "&OFFSET($Y$6,MATCH(A46,$X$7:$X$66,0),0)-1&"ª reunião da CA e aprovação da liberação de parcela pelo supervisor."),"")) | T46: =IF(AH46="","Não",IF(AH46>AH45,"Sim","Não")) -> Não | U46: =IFERROR(IF(U45+1>MAX(AH45:AH104),"",U45+1),"") | V46: =Cronogramas!T46 -> Não | X46: =COUNTIF(V$7:$V46,"Sim") -> 2 | Y46: =IF(T46="Não","",AH46) | AB46: =_xlfn.IFNA(IF(V46="Sim",(IFERROR(SUM(OFFSET(AE46,1,,MATCH("Sim",V47:$V$66,0),1))-AC46,0)+IF(Y46-$W$7=1,SUM($AE$6:AE46)-$AF$7,0)+IF(SUM(Y47:$Y$66)=0,SUM(AE47:$AE$66)-AC46+Analítico!$BK$137)),0),0) -> 0 | AC46: =IFERROR(IF(V46="Sim",IFERROR(SUM(OFFSET(AD46,1,,MATCH("Sim",T47:$T$66,0),1)),0)+IF(Y46-$W$7=1,SUM($AD$6:AD46),0)+IF(SUM(Y47:$Y$66)=0,SUM(AD47:$AD$66),0),0),0) -> 0 | AD46: =SUM(OFFSET(Analítico!$B$10,0,A46,2,1)) -> 0 | AE46: =OFFSET(Analítico!$B$138,,A46) -> 0 | AH46: =IF(D46="",C46,D46)
A47: 41 | B47: =IFERROR(IF(EDATE(B46,1)>DATE(YEAR(Capa!$A$7),MONTH(Capa!$A$7),1),"",EDATE(B46,1)),"") | C47: =IF(B47="","",C44+1) | R47: =IF(P47="","",IFERROR(IF(Capa!$A$2="","Após a celebração do termo de parceria.","Realização da "&OFFSET($Y$6,MATCH(A47,$X$7:$X$66,0),0)-1&"ª reunião da CA e aprovação da liberação de parcela pelo supervisor."),"")) | T47: =IF(AH47="","Não",IF(AH47>AH46,"Sim","Não")) -> Não | U47: =IFERROR(IF(U46+1>MAX(AH46:AH105),"",U46+1),"") | V47: =Cronogramas!T47 -> Não | X47: =COUNTIF(V$7:$V47,"Sim") -> 2 | Y47: =IF(T47="Não","",AH47) | AB47: =_xlfn.IFNA(IF(V47="Sim",(IFERROR(SUM(OFFSET(AE47,1,,MATCH("Sim",V48:$V$66,0),1))-AC47,0)+IF(Y47-$W$7=1,SUM($AE$6:AE47)-$AF$7,0)+IF(SUM(Y48:$Y$66)=0,SUM(AE48:$AE$66)-AC47+Analítico!$BK$137)),0),0) -> 0 | AC47: =IFERROR(IF(V47="Sim",IFERROR(SUM(OFFSET(AD47,1,,MATCH("Sim",T48:$T$66,0),1)),0)+IF(Y47-$W$7=1,SUM($AD$6:AD47),0)+IF(SUM(Y48:$Y$66)=0,SUM(AD48:$AD$66),0),0),0) -> 0 | AD47: =SUM(OFFSET(Analítico!$B$10,0,A47,2,1)) -> 0 | AE47: =OFFSET(Analítico!$B$138,,A47) -> 0 | AH47: =IF(D47="",C47,D47)
A48: 42 | B48: =IFERROR(IF(EDATE(B47,1)>DATE(YEAR(Capa!$A$7),MONTH(Capa!$A$7),1),"",EDATE(B47,1)),"") | C48: =IF(B48="","",C45+1) | R48: =IF(P48="","",IFERROR(IF(Capa!$A$2="","Após a celebração do termo de parceria.","Realização da "&OFFSET($Y$6,MATCH(A48,$X$7:$X$66,0),0)-1&"ª reunião da CA e aprovação da liberação de parcela pelo supervisor."),"")) | T48: =IF(AH48="","Não",IF(AH48>AH47,"Sim","Não")) -> Não | U48: =IFERROR(IF(U47+1>MAX(AH47:AH106),"",U47+1),"") | V48: =Cronogramas!T48 -> Não | X48: =COUNTIF(V$7:$V48,"Sim") -> 2 | Y48: =IF(T48="Não","",AH48) | AB48: =_xlfn.IFNA(IF(V48="Sim",(IFERROR(SUM(OFFSET(AE48,1,,MATCH("Sim",V49:$V$66,0),1))-AC48,0)+IF(Y48-$W$7=1,SUM($AE$6:AE48)-$AF$7,0)+IF(SUM(Y49:$Y$66)=0,SUM(AE49:$AE$66)-AC48+Analítico!$BK$137)),0),0) -> 0 | AC48: =IFERROR(IF(V48="Sim",IFERROR(SUM(OFFSET(AD48,1,,MATCH("Sim",T49:$T$66,0),1)),0)+IF(Y48-$W$7=1,SUM($AD$6:AD48),0)+IF(SUM(Y49:$Y$66)=0,SUM(AD49:$AD$66),0),0),0) -> 0 | AD48: =SUM(OFFSET(Analítico!$B$10,0,A48,2,1)) -> 0 | AE48: =OFFSET(Analítico!$B$138,,A48) -> 0 | AH48: =IF(D48="",C48,D48)
A49: 43 | B49: =IFERROR(IF(EDATE(B48,1)>DATE(YEAR(Capa!$A$7),MONTH(Capa!$A$7),1),"",EDATE(B48,1)),"") | C49: =IF(B49="","",C46+1) | R49: =IF(P49="","",IFERROR(IF(Capa!$A$2="","Após a celebração do termo de parceria.","Realização da "&OFFSET($Y$6,MATCH(A49,$X$7:$X$66,0),0)-1&"ª reunião da CA e aprovação da liberação de parcela pelo supervisor."),"")) | T49: =IF(AH49="","Não",IF(AH49>AH48,"Sim","Não")) -> Não | U49: =IFERROR(IF(U48+1>MAX(AH48:AH107),"",U48+1),"") | V49: =Cronogramas!T49 -> Não | X49: =COUNTIF(V$7:$V49,"Sim") -> 2 | Y49: =IF(T49="Não","",AH49) | AB49: =_xlfn.IFNA(IF(V49="Sim",(IFERROR(SUM(OFFSET(AE49,1,,MATCH("Sim",V50:$V$66,0),1))-AC49,0)+IF(Y49-$W$7=1,SUM($AE$6:AE49)-$AF$7,0)+IF(SUM(Y50:$Y$66)=0,SUM(AE50:$AE$66)-AC49+Analítico!$BK$137)),0),0) -> 0 | AC49: =IFERROR(IF(V49="Sim",IFERROR(SUM(OFFSET(AD49,1,,MATCH("Sim",T50:$T$66,0),1)),0)+IF(Y49-$W$7=1,SUM($AD$6:AD49),0)+IF(SUM(Y50:$Y$66)=0,SUM(AD50:$AD$66),0),0),0) -> 0 | AD49: =SUM(OFFSET(Analítico!$B$10,0,A49,2,1)) -> 0 | AE49: =OFFSET(Analítico!$B$138,,A49) -> 0 | AH49: =IF(D49="",C49,D49)
A50: 44 | B50: =IFERROR(IF(EDATE(B49,1)>DATE(YEAR(Capa!$A$7),MONTH(Capa!$A$7),1),"",EDATE(B49,1)),"") | C50: =IF(B50="","",C47+1) | R50: =IF(P50="","",IFERROR(IF(Capa!$A$2="","Após a celebração do termo de parceria.","Realização da "&OFFSET($Y$6,MATCH(A50,$X$7:$X$66,0),0)-1&"ª reunião da CA e aprovação da liberação de parcela pelo supervisor."),"")) | T50: =IF(AH50="","Não",IF(AH50>AH49,"Sim","Não")) -> Não | U50: =IFERROR(IF(U49+1>MAX(AH49:AH108),"",U49+1),"") | V50: =Cronogramas!T50 -> Não | X50: =COUNTIF(V$7:$V50,"Sim") -> 2 | Y50: =IF(T50="Não","",AH50) | AB50: =_xlfn.IFNA(IF(V50="Sim",(IFERROR(SUM(OFFSET(AE50,1,,MATCH("Sim",V51:$V$66,0),1))-AC50,0)+IF(Y50-$W$7=1,SUM($AE$6:AE50)-$AF$7,0)+IF(SUM(Y51:$Y$66)=0,SUM(AE51:$AE$66)-AC50+Analítico!$BK$137)),0),0) -> 0 | AC50: =IFERROR(IF(V50="Sim",IFERROR(SUM(OFFSET(AD50,1,,MATCH("Sim",T51:$T$66,0),1)),0)+IF(Y50-$W$7=1,SUM($AD$6:AD50),0)+IF(SUM(Y51:$Y$66)=0,SUM(AD51:$AD$66),0),0),0) -> 0 | AD50: =SUM(OFFSET(Analítico!$B$10,0,A50,2,1)) -> 0 | AE50: =OFFSET(Analítico!$B$138,,A50) -> 0 | AH50: =IF(D50="",C50,D50)
A51: 45 | B51: =IFERROR(IF(EDATE(B50,1)>DATE(YEAR(Capa!$A$7),MONTH(Capa!$A$7),1),"",EDATE(B50,1)),"") | C51: =IF(B51="","",C48+1) | R51: =IF(P51="","",IFERROR(IF(Capa!$A$2="","Após a celebração do termo de parceria.","Realização da "&OFFSET($Y$6,MATCH(A51,$X$7:$X$66,0),0)-1&"ª reunião da CA e aprovação da liberação de parcela pelo supervisor."),"")) | T51: =IF(AH51="","Não",IF(AH51>AH50,"Sim","Não")) -> Não | U51: =IFERROR(IF(U50+1>MAX(AH50:AH109),"",U50+1),"") | V51: =Cronogramas!T51 -> Não | X51: =COUNTIF(V$7:$V51,"Sim") -> 2 | Y51: =IF(T51="Não","",AH51) | AB51: =_xlfn.IFNA(IF(V51="Sim",(IFERROR(SUM(OFFSET(AE51,1,,MATCH("Sim",V52:$V$66,0),1))-AC51,0)+IF(Y51-$W$7=1,SUM($AE$6:AE51)-$AF$7,0)+IF(SUM(Y52:$Y$66)=0,SUM(AE52:$AE$66)-AC51+Analítico!$BK$137)),0),0) -> 0 | AC51: =IFERROR(IF(V51="Sim",IFERROR(SUM(OFFSET(AD51,1,,MATCH("Sim",T52:$T$66,0),1)),0)+IF(Y51-$W$7=1,SUM($AD$6:AD51),0)+IF(SUM(Y52:$Y$66)=0,SUM(AD52:$AD$66),0),0),0) -> 0 | AD51: =SUM(OFFSET(Analítico!$B$10,0,A51,2,1)) -> 0 | AE51: =OFFSET(Analítico!$B$138,,A51) -> 0 | AH51: =IF(D51="",C51,D51)
... A65: 59 | B65: =IFERROR(IF(EDATE(B64,1)>DATE(YEAR(Capa!$A$7),MONTH(Capa!$A$7),1),"",EDATE(B64,1)),"") | C65: =IF(B65="","",C62+1) | R65: =IF(P65="","",IFERROR(IF(Capa!$A$2="","Após a celebração do termo de parceria.","Realização da "&OFFSET($Y$6,MATCH(A65,$X$7:$X$66,0),0)-1&"ª reunião da CA e aprovação da liberação de parcela pelo supervisor."),"")) | T65: =IF(AH65="","Não",IF(AH65>AH64,"Sim","Não")) -> Não | U65: =IFERROR(IF(U64+1>MAX(AH64:AH123),"",U64+1),"") | V65: =Cronogramas!T65 -> Não | X65: =COUNTIF(V$7:$V65,"Sim") -> 2 | Y65: =IF(T65="Não","",AH65) | AB65: =_xlfn.IFNA(IF(V65="Sim",(IFERROR(SUM(OFFSET(AE65,1,,MATCH("Sim",V66:$V$66,0),1))-AC65,0)+IF(Y65-$W$7=1,SUM($AE$6:AE65)-$AF$7,0)+IF(SUM(Y66:$Y$66)=0,SUM(AE66:$AE$66)-AC65+Analítico!$BK$137)),0),0) -> 0 | AC65: =IFERROR(IF(V65="Sim",IFERROR(SUM(OFFSET(AD65,1,,MATCH("Sim",T66:$T$66,0),1)),0)+IF(Y65-$W$7=1,SUM($AD$6:AD65),0)+IF(SUM(Y66:$Y$66)=0,SUM(AD66:$AD$66),0),0),0) -> 0 | AD65: =SUM(OFFSET(Analítico!$B$10,0,A65,2,1)) -> 0 | AE65: =OFFSET(Analítico!$B$138,,A65) -> 0 | AH65: =IF(D65="",C65,D65)
A66: 60 | B66: =IFERROR(IF(EDATE(B65,1)>DATE(YEAR(Capa!$A$7),MONTH(Capa!$A$7),1),"",EDATE(B65,1)),"") | C66: =IF(B66="","",C63+1) | R66: =IF(P66="","",IFERROR(IF(Capa!$A$2="","Após a celebração do termo de parceria.","Realização da "&OFFSET($Y$6,MATCH(A66,$X$7:$X$66,0),0)-1&"ª reunião da CA e aprovação da liberação de parcela pelo supervisor."),"")) | T66: =IF(AH66="","Não",IF(AH66>AH65,"Sim","Não")) -> Não | U66: =IFERROR(IF(U65+1>MAX(AH65:AH124),"",U65+1),"") | V66: Não | X66: =COUNTIF(V$7:$V66,"Sim") -> 2 | AB66: =_xlfn.IFNA(IF(V66="Sim",(IFERROR(SUM(OFFSET(AE66,1,,MATCH("Sim",V$66:$V67,0),1))-AC66,0)+IF(Y66-$W$7=1,SUM($AE$6:AE66)-$AF$7,0)+IF(SUM(Y$66:$Y67)=0,SUM(AE$66:$AE67)-AC66+Analítico!$BK$137)),0),0) -> 0 | AC66: =IFERROR(IF(V66="Sim",IFERROR(SUM(OFFSET(AD66,1,,MATCH("Sim",T$66:$T67,0),1)),0)+IF(Y66-$W$7=1,SUM($AD$6:AD66),0)+IF(SUM(Y$66:$Y67)=0,SUM(AD$66:$AD67),0),0),0) -> 0 | AD66: =SUM(OFFSET(Analítico!$B$10,0,A66,2,1)) -> 0 | AE66: =OFFSET(Analítico!$B$138,,A66) -> 0 | AH66: =IF(D66="",C66,D66)

Sheet Sintético
C1: =Capa!A1 -> Memória de Cálculo Termo de Parceria nº 51/21 celebrado entre o Instituto Estadual de Florestas e o Instituto Ekos Brasil
C2: Tabela 1 - Previsão Sintética de Receitas e Gastos Mensais em Regime de Competência | O2: Tabela 1 - Previsão Sintética de Receitas e Gastos Mensais em Regime de Competência | AA2: Tabela 1 - Previsão Sintética de Receitas e Gastos Mensais em Regime de Competência
C3: =Analítico!C3 -> 45992 | D3: =Analítico!D3 -> 46023 | E3: =Analítico!E3 -> 46054 | F3: =Analítico!F3 -> 46082 | G3: =Analítico!G3 -> 46113 | H3: =Analítico!H3 -> 46143 | I3: =Analítico!I3 -> 46174 | J3: =Analítico!J3 -> 46204 | ... BJ3: =Analítico!BJ3 -> 47788 | BK3: Total | BL3: % do Total
A4: SR | B4: Saldo Remanescente | C4: =Analítico!C4 -> 1409386.1 | D4: =Analítico!D4 -> 0 | E4: =Analítico!E4 -> 0 | F4: =Analítico!F4 -> 0 | G4: =Analítico!G4 -> 0 | H4: =Analítico!H4 -> 0 | I4: =Analítico!I4 -> 0 | J4: =Analítico!J4 -> 0 | ... BJ4: =Analítico!BJ4 -> 0 | BK4: =C4 -> 1409386.1 | BL4: =IF($C$4=0,0,C4/$BK$15) -> 0.42739985
A6: 1 | B6: Entrada de Recursos
A7: 1.1 | B7: Repasses | C7: =Analítico!C7 -> 0 | D7: =Analítico!D7 -> 1296919.4 | E7: =Analítico!E7 -> 0 | F7: =Analítico!F7 -> 0 | G7: =Analítico!G7 -> 591276.61 | H7: =Analítico!H7 -> 0 | I7: =Analítico!I7 -> 0 | J7: =Analítico!J7 -> 0 | ... BJ7: =Analítico!BJ7 -> 0 | BK7: =SUM(C7:BJ7) -> 1888196 | BL7: =IF($BK$15=0,0,BK7/$BK$15) -> 0.57260015
A8: 1.2 | B8: Rendimentos Fin. | C8: =Analítico!C8 -> 0 | D8: =Analítico!D8 -> 0 | E8: =Analítico!E8 -> 0 | F8: =Analítico!F8 -> 0 | G8: =Analítico!G8 -> 0 | H8: =Analítico!H8 -> 0 | I8: =Analítico!I8 -> 0 | J8: =Analítico!J8 -> 0 | ... BJ8: =Analítico!BJ8 -> 0 | BK8: =SUM(C8:BJ8) -> 0 | BL8: =IF($BK$15=0,0,BK8/$BK$15) -> 0
A9: 1.3 | B9: Receitas Arrecadadas
A10: 1.3.1 | B10: Receitas Arrecadadas Previstas | C10: =Analítico!C10 -> 0 | D10: =Analítico!D10 -> 0 | E10: =Analítico!E10 -> 0 | F10: =Analítico!F10 -> 0 | G10: =Analítico!G10 -> 0 | H10: =Analítico!H10 -> 0 | I10: =Analítico!I10 -> 0 | J10: =Analítico!J10 -> 0 | ... BJ10: =Analítico!BJ10 -> 0 | BK10: =SUM(C10:BJ10) -> 0 | BL10: =IF($BK$15=0,0,BK10/$BK$15) -> 0
A11: 1.3.2 | B11: Rendimentos Fin. c/ Destinação Específica | C11: =Analítico!C11 -> 0 | D11: =Analítico!D11 -> 0 | E11: =Analítico!E11 -> 0 | F11: =Analítico!F11 -> 0 | G11: =Analítico!G11 -> 0 | H11: =Analítico!H11 -> 0 | I11: =Analítico!I11 -> 0 | J11: =Analítico!J11 -> 0 | ... BJ11: =Analítico!BJ11 -> 0 | BK11: =SUM(C11:BJ11) -> 0 | BL11: =IF($BK$15=0,0,BK11/$BK$15) -> 0
A12: 1.3.3 | B12: Outras Receitas | C12: =Analítico!C12 -> 0 | D12: =Analítico!D12 -> 0 | E12: =Analítico!E12 -> 0 | F12: =Analítico!F12 -> 0 | G12: =Analítico!G12 -> 0 | H12: =Analítico!H12 -> 0 | I12: =Analítico!I12 -> 0 | J12: =Analítico!J12 -> 0 | ... BJ12: =Analítico!BJ12 -> 0 | BK12: =SUM(C12:BJ12) -> 0 | BL12: =IF($BK$15=0,0,BK12/$BK$15) -> 0
A13: Subtotal Receitas: | C13: =SUBTOTAL(109,C10:C12) -> 0 | D13: =SUBTOTAL(109,D10:D12) -> 0 | E13: =SUBTOTAL(109,E10:E12) -> 0 | F13: =SUBTOTAL(109,F10:F12) -> 0 | G13: =SUBTOTAL(109,G10:G12) -> 0 | H13: =SUBTOTAL(109,H10:H12) -> 0 | I13: =SUBTOTAL(109,I10:I12) -> 0 | J13: =SUBTOTAL(109,J10:J12) -> 0 | ... BJ13: =SUBTOTAL(109,BJ10:BJ12) -> 0 | BK13: =SUM(C13:BJ13) -> 0 | BL13: =IF($BK$15=0,0,BK13/$BK$15) -> 0
A14: (E) Total de Entradas: | C14: =SUBTOTAL(109,C7:C13) -> 0 | D14: =SUBTOTAL(109,D7:D13) -> 1296919.4 | E14: =SUBTOTAL(109,E7:E13) -> 0 | F14: =SUBTOTAL(109,F7:F13) -> 0 | G14: =SUBTOTAL(109,G7:G13) -> 591276.61 | H14: =SUBTOTAL(109,H7:H13) -> 0 | I14: =SUBTOTAL(109,I7:I13) -> 0 | J14: =SUBTOTAL(109,J7:J13) -> 0 | ... BJ14: =SUBTOTAL(109,BJ7:BJ13) -> 0 | BK14: =SUM(C14:BJ14) -> 1888196 | BL14: =IF($BK$15=0,0,BK14/$BK$15) -> 0.57260015
A15: S. Rem. (SR) + Ent. (E) | C15: =SUBTOTAL(109,C4:C14) -> 1409386.1 | D15: =SUBTOTAL(109,D4:D14) -> 1296919.4 | E15: =SUBTOTAL(109,E4:E14) -> 0 | F15: =SUBTOTAL(109,F4:F14) -> 0 | G15: =SUBTOTAL(109,G4:G14) -> 591276.61 | H15: =SUBTOTAL(109,H4:H14) -> 0 | I15: =SUBTOTAL(109,I4:I14) -> 0 | J15: =SUBTOTAL(109,J4:J14) -> 0 | ... BJ15: =SUBTOTAL(109,BJ4:BJ14) -> 0 | BK15: =SUM(C15:BJ15) -> 3297582.1 | BL15: =IF($BK$15=0,0,BK15/$BK$15) -> 1
A17: 2 | B17: Saída de Recursos
A18: 2.1 | B18: Gastos com Pessoal
A19: 2.1.1 | B19: Salários | C19: =Analítico!C28 -> 138839.13 | D19: =Analítico!D28 -> 123523.33 | E19: =Analítico!E28 -> 123523.33 | F19: =Analítico!F28 -> 123523.33 | G19: =Analítico!G28 -> 123523.33 | H19: =Analítico!H28 -> 132169.96 | I19: =Analítico!I28 -> 0 | J19: =Analítico!J28 -> 0 | ... BJ19: =Analítico!BJ28 -> 0 | BK19: =SUM(C19:BJ19) -> 765102.41 | BL19: =IF($BK$28=0,0,BK19/$BK$28) -> 0.23201922
A20: 2.1.2 | B20: Estagiários | C20: =Analítico!C32 -> 0 | D20: =Analítico!D32 -> 0 | E20: =Analítico!E32 -> 0 | F20: =Analítico!F32 -> 0 | G20: =Analítico!G32 -> 0 | H20: =Analítico!H32 -> 0 | I20: =Analítico!I32 -> 0 | J20: =Analítico!J32 -> 0 | ... BJ20: =Analítico!BJ32 -> 0 | BK20: =SUM(C20:BJ20) -> 0 | BL20: =IF($BK$28=0,0,BK20/$BK$28) -> 0
A21: 2.1.3 | B21: Encargos | C21: =Analítico!C45 -> 109528.65 | D21: =Analítico!D45 -> 97446.183 | E21: =Analítico!E45 -> 97446.183 | F21: =Analítico!F45 -> 97446.183 | G21: =Analítico!G45 -> 97446.183 | H21: =Analítico!H45 -> 104267.42 | I21: =Analítico!I45 -> 0 | J21: =Analítico!J45 -> 0 | ... BJ21: =Analítico!BJ45 -> 0 | BK21: =SUM(C21:BJ21) -> 603580.79 | BL21: =IF($BK$28=0,0,BK21/$BK$28) -> 0.18303738
A22: 2.1.4 | B22: Benefícios | C22: =Analítico!C56 -> 38760.25 | D22: =Analítico!D56 -> 34728.25 | E22: =Analítico!E56 -> 34728.25 | F22: =Analítico!F56 -> 34728.25 | G22: =Analítico!G56 -> 34728.25 | H22: =Analítico!H56 -> 37159.228 | I22: =Analítico!I56 -> 0 | J22: =Analítico!J56 -> 0 | ... BJ22: =Analítico!BJ56 -> 0 | BK22: =SUM(C22:BJ22) -> 214832.48 | BL22: =IF($BK$28=0,0,BK22/$BK$28) -> 0.065148485
A23: Subtotal Pessoal: | C23: =SUBTOTAL(109,C19:C22) -> 287128.03 | D23: =SUBTOTAL(109,D19:D22) -> 255697.76 | E23: =SUBTOTAL(109,E19:E22) -> 255697.76 | F23: =SUBTOTAL(109,F19:F22) -> 255697.76 | G23: =SUBTOTAL(109,G19:G22) -> 255697.76 | H23: =SUBTOTAL(109,H19:H22) -> 273596.61 | I23: =SUBTOTAL(109,I19:I22) -> 0 | J23: =SUBTOTAL(109,J19:J22) -> 0 | ... BJ23: =SUBTOTAL(109,BJ19:BJ22) -> 0 | BK23: =SUM(C23:BJ23) -> 1583515.7 | BL23: =IF($BK$28=0,0,BK23/$BK$28) -> 0.48020508
A24: 2.2 | B24: Gastos Gerais | C24: =Analítico!C119 -> 850166.4 | D24: =Analítico!D119 -> 237680 | E24: =Analítico!E119 -> 87680 | F24: =Analítico!F119 -> 87680 | G24: =Analítico!G119 -> 87680 | H24: =Analítico!H119 -> 87680 | I24: =Analítico!I119 -> 0 | J24: =Analítico!J119 -> 0 | ... BJ24: =Analítico!BJ119 -> 0 | BK24: =SUM(C24:BJ24) -> 1438566.4 | BL24: =IF($BK$28=0,0,BK24/$BK$28) -> 0.43624885
A25: 2.3 | B25: Aquisição de Bens Permanentes | C25: =Analítico!C135 -> 45500 | D25: =Analítico!D135 -> 0 | E25: =Analítico!E135 -> 0 | F25: =Analítico!F135 -> 0 | G25: =Analítico!G135 -> 0 | H25: =Analítico!H135 -> 0 | I25: =Analítico!I135 -> 0 | J25: =Analítico!J135 -> 0 | ... BJ25: =Analítico!BJ135 -> 0 | BK25: =SUM(C25:BJ25) -> 45500 | BL25: =IF($BK$28=0,0,BK25/$BK$28) -> 0.013797989
A26: 2.4 | B26: Transferência para Reserva | C26: =Analítico!C136 -> 0 | D26: =Analítico!D136 -> 0 | E26: =Analítico!E136 -> 0 | F26: =Analítico!F136 -> 0 | G26: =Analítico!G136 -> 0 | H26: =Analítico!H136 -> 0 | I26: =Analítico!I136 -> 0 | J26: =Analítico!J136 -> 0 | ... BJ26: =Analítico!BJ136 -> 0 | BK26: =SUM(C26:BJ26) -> 0 | BL26: =IF($BK$28=0,0,BK26/$BK$28) -> 0
A27: 2.5 | B27: Custos de Desmobilização | BK27: =Desmobilização!H204 -> 230000 | BL27: =IF($BK$28=0,0,BK27/$BK$28) -> 0.069748074
A28: (S) Total de Saídas: | C28: =SUBTOTAL(109,C19:C27) -> 1182794.4 | D28: =SUBTOTAL(109,D19:D27) -> 493377.76 | E28: =SUBTOTAL(109,E19:E27) -> 343377.76 | F28: =SUBTOTAL(109,F19:F27) -> 343377.76 | G28: =SUBTOTAL(109,G19:G27) -> 343377.76 | H28: =SUBTOTAL(109,H19:H27) -> 361276.61 | I28: =SUBTOTAL(109,I19:I27) -> 0 | J28: =SUBTOTAL(109,J19:J27) -> 0 | ... BJ28: =SUBTOTAL(109,BJ19:BJ27) -> 0 | BK28: =SUBTOTAL(109,BK23:BK27) -> 3297582.1 | BL28: =IF($BK$28=0,0,BK28/$BK$28) -> 1

Sheet Gastos das Atividades
A1: =Capa!A1 -> Memória de Cálculo Termo de Parceria nº 51/21 celebrado entre o Instituto Estadual de Florestas e o Instituto Ekos Brasil
A2: Tabela 2 - Previsão de Gastos Gerais das Atividades
A3: Nº | B3: Atividades | C3: =IF(Capa!A5="mmm/aaaa","", IF(OR(MONTH(Capa!A5)=1,Capa!A2=""),"Ocultar Coluna", IF(Capa!A2="Selecionar Termo Aditivo ou Em Branco","Preencher Capa", TEXT(E3,"AAAA")&" Previsões Anteriores "& IF(MONTH(Capa!A5)=2,"(jan", "(jan-"&TEXT(EDATE(Capa!A5,-1),"mmm"))&"/"&YEAR(Capa!A5)&")"))) -> 2025 Previsões Anteriores (jan-nov/2025) | D3: =IF(Capa!A5="mmm/aaaa","", IF(OR(MONTH(Capa!A5)=1,Capa!A2=""),"Ocultar Coluna", IF(Capa!A2="Selecionar Termo Aditivo ou Em Branco","Preencher Capa", TEXT(E3,"AAAA")&" "&LEFT(Capa!A2,1)&"º TA"))) -> 2025 3º TA | E3: =DATE(YEAR(Q3),1,1) -> 45658 | F3: =DATE(YEAR(E3)+1,1,1) -> 46023 | G3: =DATE(YEAR(F3)+1,1,1) -> 46388 | H3: =DATE(YEAR(G3)+1,1,1) -> 46753 | I3: =DATE(YEAR(H3)+1,1,1) -> 47119 | J3: Total | K3: =E3 -> 45658 | L3: =F3 -> 46023 | M3: =G3 -> 46388 | N3: =H3 -> 46753 | O3: =I3 -> 47119 | P3: % do Total | Q3: =Analítico!C3 -> 45992 | R3: =Analítico!D3 -> 46023 | S3: =Analítico!E3 -> 46054 | T3: =Analítico!F3 -> 46082 | U3: =Analítico!G3 -> 46113 | V3: =Analítico!H3 -> 46143 | W3: =Analítico!I3 -> 46174 | X3: =Analítico!J3 -> 46204 | ... BX3: =Analítico!BJ3 -> 47788
A4: 1 | B4: Área Meio | C4: 0 | D4: =SUMIFS($Q4:$BX4,$Q$3:$BX$3,">="&E$3,$Q$3:$BX$3,"<"&(DATE(YEAR(E$3)+1,1,1)-1)) -> 27880 | E4: =SUM(C4:D4) -> 27880 | F4: =SUMIFS($Q4:$BX4,$Q$3:$BX$3,">="&F$3,$Q$3:$BX$3,"<"&(DATE(YEAR(F$3)+1,1,1)-1)) -> 139400 | G4: =SUMIFS($Q4:$BX4,$Q$3:$BX$3,">="&G$3,$Q$3:$BX$3,"<"&(DATE(YEAR(G$3)+1,1,1)-1)) -> 0 | H4: =SUMIFS($Q4:$BX4,$Q$3:$BX$3,">="&H$3,$Q$3:$BX$3,"<"&(DATE(YEAR(H$3)+1,1,1)-1)) -> 0 | I4: =SUMIFS($Q4:$BX4,$Q$3:$BX$3,">="&I$3,$Q$3:$BX$3,"<"&(DATE(YEAR(I$3)+1,1,1)-1)) -> 0 | J4: =SUM(Q4:BX4) -> 167280 | K4: =IF($J$34=0,0,E4/$J$34) -> 0.019380405 | L4: =IF($J$34=0,0,F4/$J$34) -> 0.096902027 | M4: =IF($J$34=0,0,G4/$J$34) -> 0 | N4: =IF($J$34=0,0,H4/$J$34) -> 0 | O4: =IF($J$34=0,0,I4/$J$34) -> 0 | P4: =IF($J$34=0,0,J4/$J$34) -> 0.11628243 | Q4: =IF($B4="",0,SUMPRODUCT(-('Gastos Gerais'!$F$4:$F$1003='Gastos das Atividades'!$B4),-('Gastos das Atividades'!Q$3>='Gastos Gerais'!$D$4:$D$1003),-('Gastos das Atividades'!Q$3<='Gastos Gerais'!$E$4:$E$1003),-('Gastos Gerais'!$C$4:$C$1003))) -> 27880 | R4: =IF($B4="",0,SUMPRODUCT(-('Gastos Gerais'!$F$4:$F$1003='Gastos das Atividades'!$B4),-('Gastos das Atividades'!R$3>='Gastos Gerais'!$D$4:$D$1003),-('Gastos das Atividades'!R$3<='Gastos Gerais'!$E$4:$E$1003),-('Gastos Gerais'!$C$4:$C$1003))) -> 27880 | S4: =IF($B4="",0,SUMPRODUCT(-('Gastos Gerais'!$F$4:$F$1003='Gastos das Atividades'!$B4),-('Gastos das Atividades'!S$3>='Gastos Gerais'!$D$4:$D$1003),-('Gastos das Atividades'!S$3<='Gastos Gerais'!$E$4:$E$1003),-('Gastos Gerais'!$C$4:$C$1003))) -> 27880 | T4: =IF($B4="",0,SUMPRODUCT(-('Gastos Gerais'!$F$4:$F$1003='Gastos das Atividades'!$B4),-('Gastos das Atividades'!T$3>='Gastos Gerais'!$D$4:$D$1003),-('Gastos das Atividades'!T$3<='Gastos Gerais'!$E$4:$E$1003),-('Gastos Gerais'!$C$4:$C$1003))) -> 27880 | U4: =IF($B4="",0,SUMPRODUCT(-('Gastos Gerais'!$F$4:$F$1003='Gastos das Atividades'!$B4),-('Gastos das Atividades'!U$3>='Gastos Gerais'!$D$4:$D$1003),-('Gastos das Atividades'!U$3<='Gastos Gerais'!$E$4:$E$1003),-('Gastos Gerais'!$C$4:$C$1003))) -> 27880 | V4: =IF($B4="",0,SUMPRODUCT(-('Gastos Gerais'!$F$4:$F$1003='Gastos das Atividades'!$B4),-('Gastos das Atividades'!V$3>='Gastos Gerais'!$D$4:$D$1003),-('Gastos das Atividades'!V$3<='Gastos Gerais'!$E$4:$E$1003),-('Gastos Gerais'!$C$4:$C$1003))) -> 27880 | W4: =IF($B4="",0,SUMPRODUCT(-('Gastos Gerais'!$F$4:$F$1003='Gastos das Atividades'!$B4),-('Gastos das Atividades'!W$3>='Gastos Gerais'!$D$4:$D$1003),-('Gastos das Atividades'!W$3<='Gastos Gerais'!$E$4:$E$1003),-('Gastos Gerais'!$C$4:$C$1003))) -> 0 | X4: =IF($B4="",0,SUMPRODUCT(-('Gastos Gerais'!$F$4:$F$1003='Gastos das Atividades'!$B4),-('Gastos das Atividades'!X$3>='Gastos Gerais'!$D$4:$D$1003),-('Gastos das Atividades'!X$3<='Gastos Gerais'!$E$4:$E$1003),-('Gastos Gerais'!$C$4:$C$1003))) -> 0 | ... BX4: =IF($B4="",0,SUMPRODUCT(-('Gastos Gerais'!$F$4:$F$1003='Gastos das Atividades'!$B4),-('Gastos das Atividades'!BX$3>='Gastos Gerais'!$D$4:$D$1003),-('Gastos das Atividades'!BX$3<='Gastos Gerais'!$E$4:$E$1003),-('Gastos Gerais'!$C$4:$C$1003))) -> 0
A5: 2 | B5: Coordenação Geral do Programa de Trabalho | C5: 0 | D5: =SUMIFS($Q5:$BX5,$Q$3:$BX$3,">="&E$3,$Q$3:$BX$3,"<"&(DATE(YEAR(E$3)+1,1,1)-1)) -> 19486.4 | E5: =SUM(C5:D5) -> 19486.4 | F5: =SUMIFS($Q5:$BX5,$Q$3:$BX$3,">="&F$3,$Q$3:$BX$3,"<"&(DATE(YEAR(F$3)+1,1,1)-1)) -> 85000 | G5: =SUMIFS($Q5:$BX5,$Q$3:$BX$3,">="&G$3,$Q$3:$BX$3,"<"&(DATE(YEAR(G$3)+1,1,1)-1)) -> 0 | H5: =SUMIFS($Q5:$BX5,$Q$3:$BX$3,">="&H$3,$Q$3:$BX$3,"<"&(DATE(YEAR(H$3)+1,1,1)-1)) -> 0 | I5: =SUMIFS($Q5:$BX5,$Q$3:$BX$3,">="&I$3,$Q$3:$BX$3,"<"&(DATE(YEAR(I$3)+1,1,1)-1)) -> 0 | J5: =SUM(Q5:BX5) -> 104486.4 | K5: =IF($J$34=0,0,E5/$J$34) -> 0.013545708 | L5: =IF($J$34=0,0,F5/$J$34) -> 0.059086602 | M5: =IF($J$34=0,0,G5/$J$34) -> 0 | N5: =IF($J$34=0,0,H5/$J$34) -> 0 | O5: =IF($J$34=0,0,I5/$J$34) -> 0 | P5: =IF($J$34=0,0,J5/$J$34) -> 0.072632309 | Q5: =IF($B5="",0,SUMPRODUCT(-('Gastos Gerais'!$F$4:$F$1003='Gastos das Atividades'!$B5),-('Gastos das Atividades'!Q$3>='Gastos Gerais'!$D$4:$D$1003),-('Gastos das Atividades'!Q$3<='Gastos Gerais'!$E$4:$E$1003),-('Gastos Gerais'!$C$4:$C$1003))) -> 19486.4 | R5: =IF($B5="",0,SUMPRODUCT(-('Gastos Gerais'!$F$4:$F$1003='Gastos das Atividades'!$B5),-('Gastos das Atividades'!R$3>='Gastos Gerais'!$D$4:$D$1003),-('Gastos das Atividades'!R$3<='Gastos Gerais'!$E$4:$E$1003),-('Gastos Gerais'!$C$4:$C$1003))) -> 17000 | S5: =IF($B5="",0,SUMPRODUCT(-('Gastos Gerais'!$F$4:$F$1003='Gastos das Atividades'!$B5),-('Gastos das Atividades'!S$3>='Gastos Gerais'!$D$4:$D$1003),-('Gastos das Atividades'!S$3<='Gastos Gerais'!$E$4:$E$1003),-('Gastos Gerais'!$C$4:$C$1003))) -> 17000 | T5: =IF($B5="",0,SUMPRODUCT(-('Gastos Gerais'!$F$4:$F$1003='Gastos das Atividades'!$B5),-('Gastos das Atividades'!T$3>='Gastos Gerais'!$D$4:$D$1003),-('Gastos das Atividades'!T$3<='Gastos Gerais'!$E$4:$E$1003),-('Gastos Gerais'!$C$4:$C$1003))) -> 17000 | U5: =IF($B5="",0,SUMPRODUCT(-('Gastos Gerais'!$F$4:$F$1003='Gastos das Atividades'!$B5),-('Gastos das Atividades'!U$3>='Gastos Gerais'!$D$4:$D$1003),-('Gastos das Atividades'!U$3<='Gastos Gerais'!$E$4:$E$1003),-('Gastos Gerais'!$C$4:$C$1003))) -> 17000 | V5: =IF($B5="",0,SUMPRODUCT(-('Gastos Gerais'!$F$4:$F$1003='Gastos das Atividades'!$B5),-('Gastos das Atividades'!V$3>='Gastos Gerais'!$D$4:$D$1003),-('Gastos das Atividades'!V$3<='Gastos Gerais'!$E$4:$E$1003),-('Gastos Gerais'!$C$4:$C$1003))) -> 17000 | W5: =IF($B5="",0,SUMPRODUCT(-('Gastos Gerais'!$F$4:$F$1003='Gastos das Atividades'!$B5),-('Gastos das Atividades'!W$3>='Gastos Gerais'!$D$4:$D$1003),-('Gastos das Atividades'!W$3<='Gastos Gerais'!$E$4:$E$1003),-('Gastos Gerais'!$C$4:$C$1003))) -> 0 | X5: =IF($B5="",0,SUMPRODUCT(-('Gastos Gerais'!$F$4:$F$1003='Gastos das Atividades'!$B5),-('Gastos das Atividades'!X$3>='Gastos Gerais'!$D$4:$D$1003),-('Gastos das Atividades'!X$3<='Gastos Gerais'!$E$4:$E$1003),-('Gastos Gerais'!$C$4:$C$1003))) -> 0 | ... BX5: =IF($B5="",0,SUMPRODUCT(-('Gastos Gerais'!$F$4:$F$1003='Gastos das Atividades'!$B5),-('Gastos das Atividades'!BX$3>='Gastos Gerais'!$D$4:$D$1003),-('Gastos das Atividades'!BX$3<='Gastos Gerais'!$E$4:$E$1003),-('Gastos Gerais'!$C$4:$C$1003))) -> 0
A6: 3 | B6: Operacionalização e manutenção do PERD (AT1) | C6: 0 | D6: =SUMIFS($Q6:$BX6,$Q$3:$BX$3,">="&E$3,$Q$3:$BX$3,"<"&(DATE(YEAR(E$3)+1,1,1)-1)) -> 412800 | E6: =SUM(C6:D6) -> 412800 | F6: =SUMIFS($Q6:$BX6,$Q$3:$BX$3,">="&F$3,$Q$3:$BX$3,"<"&(DATE(YEAR(F$3)+1,1,1)-1)) -> 364000 | G6: =SUMIFS($Q6:$BX6,$Q$3:$BX$3,">="&G$3,$Q$3:$BX$3,"<"&(DATE(YEAR(G$3)+1,1,1)-1)) -> 0 | H6: =SUMIFS($Q6:$BX6,$Q$3:$BX$3,">="&H$3,$Q$3:$BX$3,"<"&(DATE(YEAR(H$3)+1,1,1)-1)) -> 0 | I6: =SUMIFS($Q6:$BX6,$Q$3:$BX$3,">="&I$3,$Q$3:$BX$3,"<"&(DATE(YEAR(I$3)+1,1,1)-1)) -> 0 | J6: =SUM(Q6:BX6) -> 776800 | K6: =IF($J$34=0,0,E6/$J$34) -> 0.28695234 | L6: =IF($J$34=0,0,F6/$J$34) -> 0.25302968 | M6: =IF($J$34=0,0,G6/$J$34) -> 0 | N6: =IF($J$34=0,0,H6/$J$34) -> 0 | O6: =IF($J$34=0,0,I6/$J$34) -> 0 | P6: =IF($J$34=0,0,J6/$J$34) -> 0.53998203 | Q6: =IF($B6="",0,SUMPRODUCT(-('Gastos Gerais'!$F$4:$F$1003='Gastos das Atividades'!$B6),-('Gastos das Atividades'!Q$3>='Gastos Gerais'!$D$4:$D$1003),-('Gastos das Atividades'!Q$3<='Gastos Gerais'!$E$4:$E$1003),-('Gastos Gerais'!$C$4:$C$1003))) -> 412800 | R6: =IF($B6="",0,SUMPRODUCT(-('Gastos Gerais'!$F$4:$F$1003='Gastos das Atividades'!$B6),-('Gastos das Atividades'!R$3>='Gastos Gerais'!$D$4:$D$1003),-('Gastos das Atividades'!R$3<='Gastos Gerais'!$E$4:$E$1003),-('Gastos Gerais'!$C$4:$C$1003))) -> 192800 | S6: =IF($B6="",0,SUMPRODUCT(-('Gastos Gerais'!$F$4:$F$1003='Gastos das Atividades'!$B6),-('Gastos das Atividades'!S$3>='Gastos Gerais'!$D$4:$D$1003),-('Gastos das Atividades'!S$3<='Gastos Gerais'!$E$4:$E$1003),-('Gastos Gerais'!$C$4:$C$1003))) -> 42800 | T6: =IF($B6="",0,SUMPRODUCT(-('Gastos Gerais'!$F$4:$F$1003='Gastos das Atividades'!$B6),-('Gastos das Atividades'!T$3>='Gastos Gerais'!$D$4:$D$1003),-('Gastos das Atividades'!T$3<='Gastos Gerais'!$E$4:$E$1003),-('Gastos Gerais'!$C$4:$C$1003))) -> 42800 | U6: =IF($B6="",0,SUMPRODUCT(-('Gastos Gerais'!$F$4:$F$1003='Gastos das Atividades'!$B6),-('Gastos das Atividades'!U$3>='Gastos Gerais'!$D$4:$D$1003),-('Gastos das Atividades'!U$3<='Gastos Gerais'!$E$4:$E$1003),-('Gastos Gerais'!$C$4:$C$1003))) -> 42800 | V6: =IF($B6="",0,SUMPRODUCT(-('Gastos Gerais'!$F$4:$F$1003='Gastos das Atividades'!$B6),-('Gastos das Atividades'!V$3>='Gastos Gerais'!$D$4:$D$1003),-('Gastos das Atividades'!V$3<='Gastos Gerais'!$E$4:$E$1003),-('Gastos Gerais'!$C$4:$C$1003))) -> 42800 | W6: =IF($B6="",0,SUMPRODUCT(-('Gastos Gerais'!$F$4:$F$1003='Gastos das Atividades'!$B6),-('Gastos das Atividades'!W$3>='Gastos Gerais'!$D$4:$D$1003),-('Gastos das Atividades'!W$3<='Gastos Gerais'!$E$4:$E$1003),-('Gastos Gerais'!$C$4:$C$1003))) -> 0 | X6: =IF($B6="",0,SUMPRODUCT(-('Gastos Gerais'!$F$4:$F$1003='Gastos das Atividades'!$B6),-('Gastos das Atividades'!X$3>='Gastos Gerais'!$D$4:$D$1003),-('Gastos das Atividades'!X$3<='Gastos Gerais'!$E$4:$E$1003),-('Gastos Gerais'!$C$4:$C$1003))) -> 0 | ... BX6: =IF($B6="",0,SUMPRODUCT(-('Gastos Gerais'!$F$4:$F$1003='Gastos das Atividades'!$B6),-('Gastos das Atividades'!BX$3>='Gastos Gerais'!$D$4:$D$1003),-('Gastos das Atividades'!BX$3<='Gastos Gerais'!$E$4:$E$1003),-('Gastos Gerais'!$C$4:$C$1003))) -> 0
A7: 4 | B7: Ações de Uso Público (AT3) | C7: 0 | D7: =SUMIFS($Q7:$BX7,$Q$3:$BX$3,">="&E$3,$Q$3:$BX$3,"<"&(DATE(YEAR(E$3)+1,1,1)-1)) -> 300000 | E7: =SUM(C7:D7) -> 300000 | F7: =SUMIFS($Q7:$BX7,$Q$3:$BX$3,">="&F$3,$Q$3:$BX$3,"<"&(DATE(YEAR(F$3)+1,1,1)-1)) -> 0 | G7: =SUMIFS($Q7:$BX7,$Q$3:$BX$3,">="&G$3,$Q$3:$BX$3,"<"&(DATE(YEAR(G$3)+1,1,1)-1)) -> 0 | H7: =SUMIFS($Q7:$BX7,$Q$3:$BX$3,">="&H$3,$Q$3:$BX$3,"<"&(DATE(YEAR(H$3)+1,1,1)-1)) -> 0 | I7: =SUMIFS($Q7:$BX7,$Q$3:$BX$3,">="&I$3,$Q$3:$BX$3,"<"&(DATE(YEAR(I$3)+1,1,1)-1)) -> 0 | J7: =SUM(Q7:BX7) -> 300000 | K7: =IF($J$34=0,0,E7/$J$34) -> 0.20854095 | L7: =IF($J$34=0,0,F7/$J$34) -> 0 | M7: =IF($J$34=0,0,G7/$J$34) -> 0 | N7: =IF($J$34=0,0,H7/$J$34) -> 0 | O7: =IF($J$34=0,0,I7/$J$34) -> 0 | P7: =IF($J$34=0,0,J7/$J$34) -> 0.20854095 | Q7: =IF($B7="",0,SUMPRODUCT(-('Gastos Gerais'!$F$4:$F$1003='Gastos das Atividades'!$B7),-('Gastos das Atividades'!Q$3>='Gastos Gerais'!$D$4:$D$1003),-('Gastos das Atividades'!Q$3<='Gastos Gerais'!$E$4:$E$1003),-('Gastos Gerais'!$C$4:$C$1003))) -> 300000 | R7: =IF($B7="",0,SUMPRODUCT(-('Gastos Gerais'!$F$4:$F$1003='Gastos das Atividades'!$B7),-('Gastos das Atividades'!R$3>='Gastos Gerais'!$D$4:$D$1003),-('Gastos das Atividades'!R$3<='Gastos Gerais'!$E$4:$E$1003),-('Gastos Gerais'!$C$4:$C$1003))) -> 0 | S7: =IF($B7="",0,SUMPRODUCT(-('Gastos Gerais'!$F$4:$F$1003='Gastos das Atividades'!$B7),-('Gastos das Atividades'!S$3>='Gastos Gerais'!$D$4:$D$1003),-('Gastos das Atividades'!S$3<='Gastos Gerais'!$E$4:$E$1003),-('Gastos Gerais'!$C$4:$C$1003))) -> 0 | T7: =IF($B7="",0,SUMPRODUCT(-('Gastos Gerais'!$F$4:$F$1003='Gastos das Atividades'!$B7),-('Gastos das Atividades'!T$3>='Gastos Gerais'!$D$4:$D$1003),-('Gastos das Atividades'!T$3<='Gastos Gerais'!$E$4:$E$1003),-('Gastos Gerais'!$C$4:$C$1003))) -> 0 | U7: =IF($B7="",0,SUMPRODUCT(-('Gastos Gerais'!$F$4:$F$1003='Gastos das Atividades'!$B7),-('Gastos das Atividades'!U$3>='Gastos Gerais'!$D$4:$D$1003),-('Gastos das Atividades'!U$3<='Gastos Gerais'!$E$4:$E$1003),-('Gastos Gerais'!$C$4:$C$1003))) -> 0 | V7: =IF($B7="",0,SUMPRODUCT(-('Gastos Gerais'!$F$4:$F$1003='Gastos das Atividades'!$B7),-('Gastos das Atividades'!V$3>='Gastos Gerais'!$D$4:$D$1003),-('Gastos das Atividades'!V$3<='Gastos Gerais'!$E$4:$E$1003),-('Gastos Gerais'!$C$4:$C$1003))) -> 0 | W7: =IF($B7="",0,SUMPRODUCT(-('Gastos Gerais'!$F$4:$F$1003='Gastos das Atividades'!$B7),-('Gastos das Atividades'!W$3>='Gastos Gerais'!$D$4:$D$1003),-('Gastos das Atividades'!W$3<='Gastos Gerais'!$E$4:$E$1003),-('Gastos Gerais'!$C$4:$C$1003))) -> 0 | X7: =IF($B7="",0,SUMPRODUCT(-('Gastos Gerais'!$F$4:$F$1003='Gastos das Atividades'!$B7),-('Gastos das Atividades'!X$3>='Gastos Gerais'!$D$4:$D$1003),-('Gastos das Atividades'!X$3<='Gastos Gerais'!$E$4:$E$1003),-('Gastos Gerais'!$C$4:$C$1003))) -> 0 | ... BX7: =IF($B7="",0,SUMPRODUCT(-('Gastos Gerais'!$F$4:$F$1003='Gastos das Atividades'!$B7),-('Gastos das Atividades'!BX$3>='Gastos Gerais'!$D$4:$D$1003),-('Gastos das Atividades'!BX$3<='Gastos Gerais'!$E$4:$E$1003),-('Gastos Gerais'!$C$4:$C$1003))) -> 0
A8: 5 | B8: Fortalecimento da Comunicação (AT4) | C8: 0 | D8: =SUMIFS($Q8:$BX8,$Q$3:$BX$3,">="&E$3,$Q$3:$BX$3,"<"&(DATE(YEAR(E$3)+1,1,1)-1)) -> 10000 | E8: =SUM(C8:D8) -> 10000 | F8: =SUMIFS($Q8:$BX8,$Q$3:$BX$3,">="&F$3,$Q$3:$BX$3,"<"&(DATE(YEAR(F$3)+1,1,1)-1)) -> 0 | G8: =SUMIFS($Q8:$BX8,$Q$3:$BX$3,">="&G$3,$Q$3:$BX$3,"<"&(DATE(YEAR(G$3)+1,1,1)-1)) -> 0 | H8: =SUMIFS($Q8:$BX8,$Q$3:$BX$3,">="&H$3,$Q$3:$BX$3,"<"&(DATE(YEAR(H$3)+1,1,1)-1)) -> 0 | I8: =SUMIFS($Q8:$BX8,$Q$3:$BX$3,">="&I$3,$Q$3:$BX$3,"<"&(DATE(YEAR(I$3)+1,1,1)-1)) -> 0 | J8: =SUM(Q8:BX8) -> 10000 | K8: =IF($J$34=0,0,E8/$J$34) -> 0.0069513649 | L8: =IF($J$34=0,0,F8/$J$34) -> 0 | M8: =IF($J$34=0,0,G8/$J$34) -> 0 | N8: =IF($J$34=0,0,H8/$J$34) -> 0 | O8: =IF($J$34=0,0,I8/$J$34) -> 0 | P8: =IF($J$34=0,0,J8/$J$34) -> 0.0069513649 | Q8: =IF($B8="",0,SUMPRODUCT(-('Gastos Gerais'!$F$4:$F$1003='Gastos das Atividades'!$B8),-('Gastos das Atividades'!Q$3>='Gastos Gerais'!$D$4:$D$1003),-('Gastos das Atividades'!Q$3<='Gastos Gerais'!$E$4:$E$1003),-('Gastos Gerais'!$C$4:$C$1003))) -> 10000 | R8: =IF($B8="",0,SUMPRODUCT(-('Gastos Gerais'!$F$4:$F$1003='Gastos das Atividades'!$B8),-('Gastos das Atividades'!R$3>='Gastos Gerais'!$D$4:$D$1003),-('Gastos das Atividades'!R$3<='Gastos Gerais'!$E$4:$E$1003),-('Gastos Gerais'!$C$4:$C$1003))) -> 0 | S8: =IF($B8="",0,SUMPRODUCT(-('Gastos Gerais'!$F$4:$F$1003='Gastos das Atividades'!$B8),-('Gastos das Atividades'!S$3>='Gastos Gerais'!$D$4:$D$1003),-('Gastos das Atividades'!S$3<='Gastos Gerais'!$E$4:$E$1003),-('Gastos Gerais'!$C$4:$C$1003))) -> 0 | T8: =IF($B8="",0,SUMPRODUCT(-('Gastos Gerais'!$F$4:$F$1003='Gastos das Atividades'!$B8),-('Gastos das Atividades'!T$3>='Gastos Gerais'!$D$4:$D$1003),-('Gastos das Atividades'!T$3<='Gastos Gerais'!$E$4:$E$1003),-('Gastos Gerais'!$C$4:$C$1003))) -> 0 | U8: =IF($B8="",0,SUMPRODUCT(-('Gastos Gerais'!$F$4:$F$1003='Gastos das Atividades'!$B8),-('Gastos das Atividades'!U$3>='Gastos Gerais'!$D$4:$D$1003),-('Gastos das Atividades'!U$3<='Gastos Gerais'!$E$4:$E$1003),-('Gastos Gerais'!$C$4:$C$1003))) -> 0 | V8: =IF($B8="",0,SUMPRODUCT(-('Gastos Gerais'!$F$4:$F$1003='Gastos das Atividades'!$B8),-('Gastos das Atividades'!V$3>='Gastos Gerais'!$D$4:$D$1003),-('Gastos das Atividades'!V$3<='Gastos Gerais'!$E$4:$E$1003),-('Gastos Gerais'!$C$4:$C$1003))) -> 0 | W8: =IF($B8="",0,SUMPRODUCT(-('Gastos Gerais'!$F$4:$F$1003='Gastos das Atividades'!$B8),-('Gastos das Atividades'!W$3>='Gastos Gerais'!$D$4:$D$1003),-('Gastos das Atividades'!W$3<='Gastos Gerais'!$E$4:$E$1003),-('Gastos Gerais'!$C$4:$C$1003))) -> 0 | X8: =IF($B8="",0,SUMPRODUCT(-('Gastos Gerais'!$F$4:$F$1003='Gastos das Atividades'!$B8),-('Gastos das Atividades'!X$3>='Gastos Gerais'!$D$4:$D$1003),-('Gastos das Atividades'!X$3<='Gastos Gerais'!$E$4:$E$1003),-('Gastos Gerais'!$C$4:$C$1003))) -> 0 | ... BX8: =IF($B8="",0,SUMPRODUCT(-('Gastos Gerais'!$F$4:$F$1003='Gastos das Atividades'!$B8),-('Gastos das Atividades'!BX$3>='Gastos Gerais'!$D$4:$D$1003),-('Gastos das Atividades'!BX$3<='Gastos Gerais'!$E$4:$E$1003),-('Gastos Gerais'!$C$4:$C$1003))) -> 0
A9: 6 | B9: Regularização Fundiária (AT7) | C9: 0 | D9: =SUMIFS($Q9:$BX9,$Q$3:$BX$3,">="&E$3,$Q$3:$BX$3,"<"&(DATE(YEAR(E$3)+1,1,1)-1)) -> 70000 | E9: =SUM(C9:D9) -> 70000 | F9: =SUMIFS($Q9:$BX9,$Q$3:$BX$3,">="&F$3,$Q$3:$BX$3,"<"&(DATE(YEAR(F$3)+1,1,1)-1)) -> 0 | G9: =SUMIFS($Q9:$BX9,$Q$3:$BX$3,">="&G$3,$Q$3:$BX$3,"<"&(DATE(YEAR(G$3)+1,1,1)-1)) -> 0 | H9: =SUMIFS($Q9:$BX9,$Q$3:$BX$3,">="&H$3,$Q$3:$BX$3,"<"&(DATE(YEAR(H$3)+1,1,1)-1)) -> 0 | I9: =SUMIFS($Q9:$BX9,$Q$3:$BX$3,">="&I$3,$Q$3:$BX$3,"<"&(DATE(YEAR(I$3)+1,1,1)-1)) -> 0 | J9: =SUM(Q9:BX9) -> 70000 | K9: =IF($J$34=0,0,E9/$J$34) -> 0.048659554 | L9: =IF($J$34=0,0,F9/$J$34) -> 0 | M9: =IF($J$34=0,0,G9/$J$34) -> 0 | N9: =IF($J$34=0,0,H9/$J$34) -> 0 | O9: =IF($J$34=0,0,I9/$J$34) -> 0 | P9: =IF($J$34=0,0,J9/$J$34) -> 0.048659554 | Q9: =IF($B9="",0,SUMPRODUCT(-('Gastos Gerais'!$F$4:$F$1003='Gastos das Atividades'!$B9),-('Gastos das Atividades'!Q$3>='Gastos Gerais'!$D$4:$D$1003),-('Gastos das Atividades'!Q$3<='Gastos Gerais'!$E$4:$E$1003),-('Gastos Gerais'!$C$4:$C$1003))) -> 70000 | R9: =IF($B9="",0,SUMPRODUCT(-('Gastos Gerais'!$F$4:$F$1003='Gastos das Atividades'!$B9),-('Gastos das Atividades'!R$3>='Gastos Gerais'!$D$4:$D$1003),-('Gastos das Atividades'!R$3<='Gastos Gerais'!$E$4:$E$1003),-('Gastos Gerais'!$C$4:$C$1003))) -> 0 | S9: =IF($B9="",0,SUMPRODUCT(-('Gastos Gerais'!$F$4:$F$1003='Gastos das Atividades'!$B9),-('Gastos das Atividades'!S$3>='Gastos Gerais'!$D$4:$D$1003),-('Gastos das Atividades'!S$3<='Gastos Gerais'!$E$4:$E$1003),-('Gastos Gerais'!$C$4:$C$1003))) -> 0 | T9: =IF($B9="",0,SUMPRODUCT(-('Gastos Gerais'!$F$4:$F$1003='Gastos das Atividades'!$B9),-('Gastos das Atividades'!T$3>='Gastos Gerais'!$D$4:$D$1003),-('Gastos das Atividades'!T$3<='Gastos Gerais'!$E$4:$E$1003),-('Gastos Gerais'!$C$4:$C$1003))) -> 0 | U9: =IF($B9="",0,SUMPRODUCT(-('Gastos Gerais'!$F$4:$F$1003='Gastos das Atividades'!$B9),-('Gastos das Atividades'!U$3>='Gastos Gerais'!$D$4:$D$1003),-('Gastos das Atividades'!U$3<='Gastos Gerais'!$E$4:$E$1003),-('Gastos Gerais'!$C$4:$C$1003))) -> 0 | V9: =IF($B9="",0,SUMPRODUCT(-('Gastos Gerais'!$F$4:$F$1003='Gastos das Atividades'!$B9),-('Gastos das Atividades'!V$3>='Gastos Gerais'!$D$4:$D$1003),-('Gastos das Atividades'!V$3<='Gastos Gerais'!$E$4:$E$1003),-('Gastos Gerais'!$C$4:$C$1003))) -> 0 | W9: =IF($B9="",0,SUMPRODUCT(-('Gastos Gerais'!$F$4:$F$1003='Gastos das Atividades'!$B9),-('Gastos das Atividades'!W$3>='Gastos Gerais'!$D$4:$D$1003),-('Gastos das Atividades'!W$3<='Gastos Gerais'!$E$4:$E$1003),-('Gastos Gerais'!$C$4:$C$1003))) -> 0 | X9: =IF($B9="",0,SUMPRODUCT(-('Gastos Gerais'!$F$4:$F$1003='Gastos das Atividades'!$B9),-('Gastos das Atividades'!X$3>='Gastos Gerais'!$D$4:$D$1003),-('Gastos das Atividades'!X$3<='Gastos Gerais'!$E$4:$E$1003),-('Gastos Gerais'!$C$4:$C$1003))) -> 0 | ... BX9: =IF($B9="",0,SUMPRODUCT(-('Gastos Gerais'!$F$4:$F$1003='Gastos das Atividades'!$B9),-('Gastos das Atividades'!BX$3>='Gastos Gerais'!$D$4:$D$1003),-('Gastos das Atividades'!BX$3<='Gastos Gerais'!$E$4:$E$1003),-('Gastos Gerais'!$C$4:$C$1003))) -> 0
A10: 7 | B10: Monitoramento da Biodiversidade (AT8) | C10: 0 | D10: =SUMIFS($Q10:$BX10,$Q$3:$BX$3,">="&E$3,$Q$3:$BX$3,"<"&(DATE(YEAR(E$3)+1,1,1)-1)) -> 10000 | E10: =SUM(C10:D10) -> 10000 | F10: =SUMIFS($Q10:$BX10,$Q$3:$BX$3,">="&F$3,$Q$3:$BX$3,"<"&(DATE(YEAR(F$3)+1,1,1)-1)) -> 0 | G10: =SUMIFS($Q10:$BX10,$Q$3:$BX$3,">="&G$3,$Q$3:$BX$3,"<"&(DATE(YEAR(G$3)+1,1,1)-1)) -> 0 | H10: =SUMIFS($Q10:$BX10,$Q$3:$BX$3,">="&H$3,$Q$3:$BX$3,"<"&(DATE(YEAR(H$3)+1,1,1)-1)) -> 0 | I10: =SUMIFS($Q10:$BX10,$Q$3:$BX$3,">="&I$3,$Q$3:$BX$3,"<"&(DATE(YEAR(I$3)+1,1,1)-1)) -> 0 | J10: =SUM(Q10:BX10) -> 10000 | K10: =IF($J$34=0,0,E10/$J$34) -> 0.0069513649 | L10: =IF($J$34=0,0,F10/$J$34) -> 0 | M10: =IF($J$34=0,0,G10/$J$34) -> 0 | N10: =IF($J$34=0,0,H10/$J$34) -> 0 | O10: =IF($J$34=0,0,I10/$J$34) -> 0 | P10: =IF($J$34=0,0,J10/$J$34) -> 0.0069513649 | Q10: =IF($B10="",0,SUMPRODUCT(-('Gastos Gerais'!$F$4:$F$1003='Gastos das Atividades'!$B10),-('Gastos das Atividades'!Q$3>='Gastos Gerais'!$D$4:$D$1003),-('Gastos das Atividades'!Q$3<='Gastos Gerais'!$E$4:$E$1003),-('Gastos Gerais'!$C$4:$C$1003))) -> 10000 | R10: =IF($B10="",0,SUMPRODUCT(-('Gastos Gerais'!$F$4:$F$1003='Gastos das Atividades'!$B10),-('Gastos das Atividades'!R$3>='Gastos Gerais'!$D$4:$D$1003),-('Gastos das Atividades'!R$3<='Gastos Gerais'!$E$4:$E$1003),-('Gastos Gerais'!$C$4:$C$1003))) -> 0 | S10: =IF($B10="",0,SUMPRODUCT(-('Gastos Gerais'!$F$4:$F$1003='Gastos das Atividades'!$B10),-('Gastos das Atividades'!S$3>='Gastos Gerais'!$D$4:$D$1003),-('Gastos das Atividades'!S$3<='Gastos Gerais'!$E$4:$E$1003),-('Gastos Gerais'!$C$4:$C$1003))) -> 0 | T10: =IF($B10="",0,SUMPRODUCT(-('Gastos Gerais'!$F$4:$F$1003='Gastos das Atividades'!$B10),-('Gastos das Atividades'!T$3>='Gastos Gerais'!$D$4:$D$1003),-('Gastos das Atividades'!T$3<='Gastos Gerais'!$E$4:$E$1003),-('Gastos Gerais'!$C$4:$C$1003))) -> 0 | U10: =IF($B10="",0,SUMPRODUCT(-('Gastos Gerais'!$F$4:$F$1003='Gastos das Atividades'!$B10),-('Gastos das Atividades'!U$3>='Gastos Gerais'!$D$4:$D$1003),-('Gastos das Atividades'!U$3<='Gastos Gerais'!$E$4:$E$1003),-('Gastos Gerais'!$C$4:$C$1003))) -> 0 | V10: =IF($B10="",0,SUMPRODUCT(-('Gastos Gerais'!$F$4:$F$1003='Gastos das Atividades'!$B10),-('Gastos das Atividades'!V$3>='Gastos Gerais'!$D$4:$D$1003),-('Gastos das Atividades'!V$3<='Gastos Gerais'!$E$4:$E$1003),-('Gastos Gerais'!$C$4:$C$1003))) -> 0 | W10: =IF($B10="",0,SUMPRODUCT(-('Gastos Gerais'!$F$4:$F$1003='Gastos das Atividades'!$B10),-('Gastos das Atividades'!W$3>='Gastos Gerais'!$D$4:$D$1003),-('Gastos das Atividades'!W$3<='Gastos Gerais'!$E$4:$E$1003),-('Gastos Gerais'!$C$4:$C$1003))) -> 0 | X10: =IF($B10="",0,SUMPRODUCT(-('Gastos Gerais'!$F$4:$F$1003='Gastos das Atividades'!$B10),-('Gastos das Atividades'!X$3>='Gastos Gerais'!$D$4:$D$1003),-('Gastos das Atividades'!X$3<='Gastos Gerais'!$E$4:$E$1003),-('Gastos Gerais'!$C$4:$C$1003))) -> 0 | ... BX10: =IF($B10="",0,SUMPRODUCT(-('Gastos Gerais'!$F$4:$F$1003='Gastos das Atividades'!$B10),-('Gastos das Atividades'!BX$3>='Gastos Gerais'!$D$4:$D$1003),-('Gastos das Atividades'!BX$3<='Gastos Gerais'!$E$4:$E$1003),-('Gastos Gerais'!$C$4:$C$1003))) -> 0
A11: 8 | C11: 0 | D11: =SUMIFS($Q11:$BX11,$Q$3:$BX$3,">="&E$3,$Q$3:$BX$3,"<"&(DATE(YEAR(E$3)+1,1,1)-1)) -> 0 | E11: =SUM(C11:D11) -> 0 | F11: =SUMIFS($Q11:$BX11,$Q$3:$BX$3,">="&F$3,$Q$3:$BX$3,"<"&(DATE(YEAR(F$3)+1,1,1)-1)) -> 0 | G11: =SUMIFS($Q11:$BX11,$Q$3:$BX$3,">="&G$3,$Q$3:$BX$3,"<"&(DATE(YEAR(G$3)+1,1,1)-1)) -> 0 | H11: =SUMIFS($Q11:$BX11,$Q$3:$BX$3,">="&H$3,$Q$3:$BX$3,"<"&(DATE(YEAR(H$3)+1,1,1)-1)) -> 0 | I11: =SUMIFS($Q11:$BX11,$Q$3:$BX$3,">="&I$3,$Q$3:$BX$3,"<"&(DATE(YEAR(I$3)+1,1,1)-1)) -> 0 | J11: =SUM(Q11:BX11) -> 0 | K11: =IF($J$34=0,0,E11/$J$34) -> 0 | L11: =IF($J$34=0,0,F11/$J$34) -> 0 | M11: =IF($J$34=0,0,G11/$J$34) -> 0 | N11: =IF($J$34=0,0,H11/$J$34) -> 0 | O11: =IF($J$34=0,0,I11/$J$34) -> 0 | P11: =IF($J$34=0,0,J11/$J$34) -> 0 | Q11: =IF($B11="",0,SUMPRODUCT(-('Gastos Gerais'!$F$4:$F$1003='Gastos das Atividades'!$B11),-('Gastos das Atividades'!Q$3>='Gastos Gerais'!$D$4:$D$1003),-('Gastos das Atividades'!Q$3<='Gastos Gerais'!$E$4:$E$1003),-('Gastos Gerais'!$C$4:$C$1003))) -> 0 | R11: =IF($B11="",0,SUMPRODUCT(-('Gastos Gerais'!$F$4:$F$1003='Gastos das Atividades'!$B11),-('Gastos das Atividades'!R$3>='Gastos Gerais'!$D$4:$D$1003),-('Gastos das Atividades'!R$3<='Gastos Gerais'!$E$4:$E$1003),-('Gastos Gerais'!$C$4:$C$1003))) -> 0 | S11: =IF($B11="",0,SUMPRODUCT(-('Gastos Gerais'!$F$4:$F$1003='Gastos das Atividades'!$B11),-('Gastos das Atividades'!S$3>='Gastos Gerais'!$D$4:$D$1003),-('Gastos das Atividades'!S$3<='Gastos Gerais'!$E$4:$E$1003),-('Gastos Gerais'!$C$4:$C$1003))) -> 0 | T11: =IF($B11="",0,SUMPRODUCT(-('Gastos Gerais'!$F$4:$F$1003='Gastos das Atividades'!$B11),-('Gastos das Atividades'!T$3>='Gastos Gerais'!$D$4:$D$1003),-('Gastos das Atividades'!T$3<='Gastos Gerais'!$E$4:$E$1003),-('Gastos Gerais'!$C$4:$C$1003))) -> 0 | U11: =IF($B11="",0,SUMPRODUCT(-('Gastos Gerais'!$F$4:$F$1003='Gastos das Atividades'!$B11),-('Gastos das Atividades'!U$3>='Gastos Gerais'!$D$4:$D$1003),-('Gastos das Atividades'!U$3<='Gastos Gerais'!$E$4:$E$1003),-('Gastos Gerais'!$C$4:$C$1003))) -> 0 | V11: =IF($B11="",0,SUMPRODUCT(-('Gastos Gerais'!$F$4:$F$1003='Gastos das Atividades'!$B11),-('Gastos das Atividades'!V$3>='Gastos Gerais'!$D$4:$D$1003),-('Gastos das Atividades'!V$3<='Gastos Gerais'!$E$4:$E$1003),-('Gastos Gerais'!$C$4:$C$1003))) -> 0 | W11: =IF($B11="",0,SUMPRODUCT(-('Gastos Gerais'!$F$4:$F$1003='Gastos das Atividades'!$B11),-('Gastos das Atividades'!W$3>='Gastos Gerais'!$D$4:$D$1003),-('Gastos das Atividades'!W$3<='Gastos Gerais'!$E$4:$E$1003),-('Gastos Gerais'!$C$4:$C$1003))) -> 0 | X11: =IF($B11="",0,SUMPRODUCT(-('Gastos Gerais'!$F$4:$F$1003='Gastos das Atividades'!$B11),-('Gastos das Atividades'!X$3>='Gastos Gerais'!$D$4:$D$1003),-('Gastos das Atividades'!X$3<='Gastos Gerais'!$E$4:$E$1003),-('Gastos Gerais'!$C$4:$C$1003))) -> 0 | ... BX11: =IF($B11="",0,SUMPRODUCT(-('Gastos Gerais'!$F$4:$F$1003='Gastos das Atividades'!$B11),-('Gastos das Atividades'!BX$3>='Gastos Gerais'!$D$4:$D$1003),-('Gastos das Atividades'!BX$3<='Gastos Gerais'!$E$4:$E$1003),-('Gastos Gerais'!$C$4:$C$1003))) -> 0
A12: 9 | C12: 0 | D12: =SUMIFS($Q12:$BX12,$Q$3:$BX$3,">="&E$3,$Q$3:$BX$3,"<"&(DATE(YEAR(E$3)+1,1,1)-1)) -> 0 | E12: =SUM(C12:D12) -> 0 | F12: =SUMIFS($Q12:$BX12,$Q$3:$BX$3,">="&F$3,$Q$3:$BX$3,"<"&(DATE(YEAR(F$3)+1,1,1)-1)) -> 0 | G12: =SUMIFS($Q12:$BX12,$Q$3:$BX$3,">="&G$3,$Q$3:$BX$3,"<"&(DATE(YEAR(G$3)+1,1,1)-1)) -> 0 | H12: =SUMIFS($Q12:$BX12,$Q$3:$BX$3,">="&H$3,$Q$3:$BX$3,"<"&(DATE(YEAR(H$3)+1,1,1)-1)) -> 0 | I12: =SUMIFS($Q12:$BX12,$Q$3:$BX$3,">="&I$3,$Q$3:$BX$3,"<"&(DATE(YEAR(I$3)+1,1,1)-1)) -> 0 | J12: =SUM(Q12:BX12) -> 0 | K12: =IF($J$34=0,0,E12/$J$34) -> 0 | L12: =IF($J$34=0,0,F12/$J$34) -> 0 | M12: =IF($J$34=0,0,G12/$J$34) -> 0 | N12: =IF($J$34=0,0,H12/$J$34) -> 0 | O12: =IF($J$34=0,0,I12/$J$34) -> 0 | P12: =IF($J$34=0,0,J12/$J$34) -> 0 | Q12: =IF($B12="",0,SUMPRODUCT(-('Gastos Gerais'!$F$4:$F$1003='Gastos das Atividades'!$B12),-('Gastos das Atividades'!Q$3>='Gastos Gerais'!$D$4:$D$1003),-('Gastos das Atividades'!Q$3<='Gastos Gerais'!$E$4:$E$1003),-('Gastos Gerais'!$C$4:$C$1003))) -> 0 | R12: =IF($B12="",0,SUMPRODUCT(-('Gastos Gerais'!$F$4:$F$1003='Gastos das Atividades'!$B12),-('Gastos das Atividades'!R$3>='Gastos Gerais'!$D$4:$D$1003),-('Gastos das Atividades'!R$3<='Gastos Gerais'!$E$4:$E$1003),-('Gastos Gerais'!$C$4:$C$1003))) -> 0 | S12: =IF($B12="",0,SUMPRODUCT(-('Gastos Gerais'!$F$4:$F$1003='Gastos das Atividades'!$B12),-('Gastos das Atividades'!S$3>='Gastos Gerais'!$D$4:$D$1003),-('Gastos das Atividades'!S$3<='Gastos Gerais'!$E$4:$E$1003),-('Gastos Gerais'!$C$4:$C$1003))) -> 0 | T12: =IF($B12="",0,SUMPRODUCT(-('Gastos Gerais'!$F$4:$F$1003='Gastos das Atividades'!$B12),-('Gastos das Atividades'!T$3>='Gastos Gerais'!$D$4:$D$1003),-('Gastos das Atividades'!T$3<='Gastos Gerais'!$E$4:$E$1003),-('Gastos Gerais'!$C$4:$C$1003))) -> 0 | U12: =IF($B12="",0,SUMPRODUCT(-('Gastos Gerais'!$F$4:$F$1003='Gastos das Atividades'!$B12),-('Gastos das Atividades'!U$3>='Gastos Gerais'!$D$4:$D$1003),-('Gastos das Atividades'!U$3<='Gastos Gerais'!$E$4:$E$1003),-('Gastos Gerais'!$C$4:$C$1003))) -> 0 | V12: =IF($B12="",0,SUMPRODUCT(-('Gastos Gerais'!$F$4:$F$1003='Gastos das Atividades'!$B12),-('Gastos das Atividades'!V$3>='Gastos Gerais'!$D$4:$D$1003),-('Gastos das Atividades'!V$3<='Gastos Gerais'!$E$4:$E$1003),-('Gastos Gerais'!$C$4:$C$1003))) -> 0 | W12: =IF($B12="",0,SUMPRODUCT(-('Gastos Gerais'!$F$4:$F$1003='Gastos das Atividades'!$B12),-('Gastos das Atividades'!W$3>='Gastos Gerais'!$D$4:$D$1003),-('Gastos das Atividades'!W$3<='Gastos Gerais'!$E$4:$E$1003),-('Gastos Gerais'!$C$4:$C$1003))) -> 0 | X12: =IF($B12="",0,SUMPRODUCT(-('Gastos Gerais'!$F$4:$F$1003='Gastos das Atividades'!$B12),-('Gastos das Atividades'!X$3>='Gastos Gerais'!$D$4:$D$1003),-('Gastos das Atividades'!X$3<='Gastos Gerais'!$E$4:$E$1003),-('Gastos Gerais'!$C$4:$C$1003))) -> 0 | ... BX12: =IF($B12="",0,SUMPRODUCT(-('Gastos Gerais'!$F$4:$F$1003='Gastos das Atividades'!$B12),-('Gastos das Atividades'!BX$3>='Gastos Gerais'!$D$4:$D$1003),-('Gastos das Atividades'!BX$3<='Gastos Gerais'!$E$4:$E$1003),-('Gastos Gerais'!$C$4:$C$1003))) -> 0
A13: 10 | C13: 0 | D13: =SUMIFS($Q13:$BX13,$Q$3:$BX$3,">="&E$3,$Q$3:$BX$3,"<"&(DATE(YEAR(E$3)+1,1,1)-1)) -> 0 | E13: =SUM(C13:D13) -> 0 | F13: =SUMIFS($Q13:$BX13,$Q$3:$BX$3,">="&F$3,$Q$3:$BX$3,"<"&(DATE(YEAR(F$3)+1,1,1)-1)) -> 0 | G13: =SUMIFS($Q13:$BX13,$Q$3:$BX$3,">="&G$3,$Q$3:$BX$3,"<"&(DATE(YEAR(G$3)+1,1,1)-1)) -> 0 | H13: =SUMIFS($Q13:$BX13,$Q$3:$BX$3,">="&H$3,$Q$3:$BX$3,"<"&(DATE(YEAR(H$3)+1,1,1)-1)) -> 0 | I13: =SUMIFS($Q13:$BX13,$Q$3:$BX$3,">="&I$3,$Q$3:$BX$3,"<"&(DATE(YEAR(I$3)+1,1,1)-1)) -> 0 | J13: =SUM(Q13:BX13) -> 0 | K13: =IF($J$34=0,0,E13/$J$34) -> 0 | L13: =IF($J$34=0,0,F13/$J$34) -> 0 | M13: =IF($J$34=0,0,G13/$J$34) -> 0 | N13: =IF($J$34=0,0,H13/$J$34) -> 0 | O13: =IF($J$34=0,0,I13/$J$34) -> 0 | P13: =IF($J$34=0,0,J13/$J$34) -> 0 | Q13: =IF($B13="",0,SUMPRODUCT(-('Gastos Gerais'!$F$4:$F$1003='Gastos das Atividades'!$B13),-('Gastos das Atividades'!Q$3>='Gastos Gerais'!$D$4:$D$1003),-('Gastos das Atividades'!Q$3<='Gastos Gerais'!$E$4:$E$1003),-('Gastos Gerais'!$C$4:$C$1003))) -> 0 | R13: =IF($B13="",0,SUMPRODUCT(-('Gastos Gerais'!$F$4:$F$1003='Gastos das Atividades'!$B13),-('Gastos das Atividades'!R$3>='Gastos Gerais'!$D$4:$D$1003),-('Gastos das Atividades'!R$3<='Gastos Gerais'!$E$4:$E$1003),-('Gastos Gerais'!$C$4:$C$1003))) -> 0 | S13: =IF($B13="",0,SUMPRODUCT(-('Gastos Gerais'!$F$4:$F$1003='Gastos das Atividades'!$B13),-('Gastos das Atividades'!S$3>='Gastos Gerais'!$D$4:$D$1003),-('Gastos das Atividades'!S$3<='Gastos Gerais'!$E$4:$E$1003),-('Gastos Gerais'!$C$4:$C$1003))) -> 0 | T13: =IF($B13="",0,SUMPRODUCT(-('Gastos Gerais'!$F$4:$F$1003='Gastos das Atividades'!$B13),-('Gastos das Atividades'!T$3>='Gastos Gerais'!$D$4:$D$1003),-('Gastos das Atividades'!T$3<='Gastos Gerais'!$E$4:$E$1003),-('Gastos Gerais'!$C$4:$C$1003))) -> 0 | U13: =IF($B13="",0,SUMPRODUCT(-('Gastos Gerais'!$F$4:$F$1003='Gastos das Atividades'!$B13),-('Gastos das Atividades'!U$3>='Gastos Gerais'!$D$4:$D$1003),-('Gastos das Atividades'!U$3<='Gastos Gerais'!$E$4:$E$1003),-('Gastos Gerais'!$C$4:$C$1003))) -> 0 | V13: =IF($B13="",0,SUMPRODUCT(-('Gastos Gerais'!$F$4:$F$1003='Gastos das Atividades'!$B13),-('Gastos das Atividades'!V$3>='Gastos Gerais'!$D$4:$D$1003),-('Gastos das Atividades'!V$3<='Gastos Gerais'!$E$4:$E$1003),-('Gastos Gerais'!$C$4:$C$1003))) -> 0 | W13: =IF($B13="",0,SUMPRODUCT(-('Gastos Gerais'!$F$4:$F$1003='Gastos das Atividades'!$B13),-('Gastos das Atividades'!W$3>='Gastos Gerais'!$D$4:$D$1003),-('Gastos das Atividades'!W$3<='Gastos Gerais'!$E$4:$E$1003),-('Gastos Gerais'!$C$4:$C$1003))) -> 0 | X13: =IF($B13="",0,SUMPRODUCT(-('Gastos Gerais'!$F$4:$F$1003='Gastos das Atividades'!$B13),-('Gastos das Atividades'!X$3>='Gastos Gerais'!$D$4:$D$1003),-('Gastos das Atividades'!X$3<='Gastos Gerais'!$E$4:$E$1003),-('Gastos Gerais'!$C$4:$C$1003))) -> 0 | ... BX13: =IF($B13="",0,SUMPRODUCT(-('Gastos Gerais'!$F$4:$F$1003='Gastos das Atividades'!$B13),-('Gastos das Atividades'!BX$3>='Gastos Gerais'!$D$4:$D$1003),-('Gastos das Atividades'!BX$3<='Gastos Gerais'!$E$4:$E$1003),-('Gastos Gerais'!$C$4:$C$1003))) -> 0
A14: 11 | C14: 0 | D14: =SUMIFS($Q14:$BX14,$Q$3:$BX$3,">="&E$3,$Q$3:$BX$3,"<"&(DATE(YEAR(E$3)+1,1,1)-1)) -> 0 | E14: =SUM(C14:D14) -> 0 | F14: =SUMIFS($Q14:$BX14,$Q$3:$BX$3,">="&F$3,$Q$3:$BX$3,"<"&(DATE(YEAR(F$3)+1,1,1)-1)) -> 0 | G14: =SUMIFS($Q14:$BX14,$Q$3:$BX$3,">="&G$3,$Q$3:$BX$3,"<"&(DATE(YEAR(G$3)+1,1,1)-1)) -> 0 | H14: =SUMIFS($Q14:$BX14,$Q$3:$BX$3,">="&H$3,$Q$3:$BX$3,"<"&(DATE(YEAR(H$3)+1,1,1)-1)) -> 0 | I14: =SUMIFS($Q14:$BX14,$Q$3:$BX$3,">="&I$3,$Q$3:$BX$3,"<"&(DATE(YEAR(I$3)+1,1,1)-1)) -> 0 | J14: =SUM(Q14:BX14) -> 0 | K14: =IF($J$34=0,0,E14/$J$34) -> 0 | L14: =IF($J$34=0,0,F14/$J$34) -> 0 | M14: =IF($J$34=0,0,G14/$J$34) -> 0 | N14: =IF($J$34=0,0,H14/$J$34) -> 0 | O14: =IF($J$34=0,0,I14/$J$34) -> 0 | P14: =IF($J$34=0,0,J14/$J$34) -> 0 | Q14: =IF($B14="",0,SUMPRODUCT(-('Gastos Gerais'!$F$4:$F$1003='Gastos das Atividades'!$B14),-('Gastos das Atividades'!Q$3>='Gastos Gerais'!$D$4:$D$1003),-('Gastos das Atividades'!Q$3<='Gastos Gerais'!$E$4:$E$1003),-('Gastos Gerais'!$C$4:$C$1003))) -> 0 | R14: =IF($B14="",0,SUMPRODUCT(-('Gastos Gerais'!$F$4:$F$1003='Gastos das Atividades'!$B14),-('Gastos das Atividades'!R$3>='Gastos Gerais'!$D$4:$D$1003),-('Gastos das Atividades'!R$3<='Gastos Gerais'!$E$4:$E$1003),-('Gastos Gerais'!$C$4:$C$1003))) -> 0 | S14: =IF($B14="",0,SUMPRODUCT(-('Gastos Gerais'!$F$4:$F$1003='Gastos das Atividades'!$B14),-('Gastos das Atividades'!S$3>='Gastos Gerais'!$D$4:$D$1003),-('Gastos das Atividades'!S$3<='Gastos Gerais'!$E$4:$E$1003),-('Gastos Gerais'!$C$4:$C$1003))) -> 0 | T14: =IF($B14="",0,SUMPRODUCT(-('Gastos Gerais'!$F$4:$F$1003='Gastos das Atividades'!$B14),-('Gastos das Atividades'!T$3>='Gastos Gerais'!$D$4:$D$1003),-('Gastos das Atividades'!T$3<='Gastos Gerais'!$E$4:$E$1003),-('Gastos Gerais'!$C$4:$C$1003))) -> 0 | U14: =IF($B14="",0,SUMPRODUCT(-('Gastos Gerais'!$F$4:$F$1003='Gastos das Atividades'!$B14),-('Gastos das Atividades'!U$3>='Gastos Gerais'!$D$4:$D$1003),-('Gastos das Atividades'!U$3<='Gastos Gerais'!$E$4:$E$1003),-('Gastos Gerais'!$C$4:$C$1003))) -> 0 | V14: =IF($B14="",0,SUMPRODUCT(-('Gastos Gerais'!$F$4:$F$1003='Gastos das Atividades'!$B14),-('Gastos das Atividades'!V$3>='Gastos Gerais'!$D$4:$D$1003),-('Gastos das Atividades'!V$3<='Gastos Gerais'!$E$4:$E$1003),-('Gastos Gerais'!$C$4:$C$1003))) -> 0 | W14: =IF($B14="",0,SUMPRODUCT(-('Gastos Gerais'!$F$4:$F$1003='Gastos das Atividades'!$B14),-('Gastos das Atividades'!W$3>='Gastos Gerais'!$D$4:$D$1003),-('Gastos das Atividades'!W$3<='Gastos Gerais'!$E$4:$E$1003),-('Gastos Gerais'!$C$4:$C$1003))) -> 0 | X14: =IF($B14="",0,SUMPRODUCT(-('Gastos Gerais'!$F$4:$F$1003='Gastos das Atividades'!$B14),-('Gastos das Atividades'!X$3>='Gastos Gerais'!$D$4:$D$1003),-('Gastos das Atividades'!X$3<='Gastos Gerais'!$E$4:$E$1003),-('Gastos Gerais'!$C$4:$C$1003))) -> 0 | ... BX14: =IF($B14="",0,SUMPRODUCT(-('Gastos Gerais'!$F$4:$F$1003='Gastos das Atividades'!$B14),-('Gastos das Atividades'!BX$3>='Gastos Gerais'!$D$4:$D$1003),-('Gastos das Atividades'!BX$3<='Gastos Gerais'!$E$4:$E$1003),-('Gastos Gerais'!$C$4:$C$1003))) -> 0
A15: 12 | C15: 0 | D15: =SUMIFS($Q15:$BX15,$Q$3:$BX$3,">="&E$3,$Q$3:$BX$3,"<"&(DATE(YEAR(E$3)+1,1,1)-1)) -> 0 | E15: =SUM(C15:D15) -> 0 | F15: =SUMIFS($Q15:$BX15,$Q$3:$BX$3,">="&F$3,$Q$3:$BX$3,"<"&(DATE(YEAR(F$3)+1,1,1)-1)) -> 0 | G15: =SUMIFS($Q15:$BX15,$Q$3:$BX$3,">="&G$3,$Q$3:$BX$3,"<"&(DATE(YEAR(G$3)+1,1,1)-1)) -> 0 | H15: =SUMIFS($Q15:$BX15,$Q$3:$BX$3,">="&H$3,$Q$3:$BX$3,"<"&(DATE(YEAR(H$3)+1,1,1)-1)) -> 0 | I15: =SUMIFS($Q15:$BX15,$Q$3:$BX$3,">="&I$3,$Q$3:$BX$3,"<"&(DATE(YEAR(I$3)+1,1,1)-1)) -> 0 | J15: =SUM(Q15:BX15) -> 0 | K15: =IF($J$34=0,0,E15/$J$34) -> 0 | L15: =IF($J$34=0,0,F15/$J$34) -> 0 | M15: =IF($J$34=0,0,G15/$J$34) -> 0 | N15: =IF($J$34=0,0,H15/$J$34) -> 0 | O15: =IF($J$34=0,0,I15/$J$34) -> 0 | P15: =IF($J$34=0,0,J15/$J$34) -> 0 | Q15: =IF($B15="",0,SUMPRODUCT(-('Gastos Gerais'!$F$4:$F$1003='Gastos das Atividades'!$B15),-('Gastos das Atividades'!Q$3>='Gastos Gerais'!$D$4:$D$1003),-('Gastos das Atividades'!Q$3<='Gastos Gerais'!$E$4:$E$1003),-('Gastos Gerais'!$C$4:$C$1003))) -> 0 | R15: =IF($B15="",0,SUMPRODUCT(-('Gastos Gerais'!$F$4:$F$1003='Gastos das Atividades'!$B15),-('Gastos das Atividades'!R$3>='Gastos Gerais'!$D$4:$D$1003),-('Gastos das Atividades'!R$3<='Gastos Gerais'!$E$4:$E$1003),-('Gastos Gerais'!$C$4:$C$1003))) -> 0 | S15: =IF($B15="",0,SUMPRODUCT(-('Gastos Gerais'!$F$4:$F$1003='Gastos das Atividades'!$B15),-('Gastos das Atividades'!S$3>='Gastos Gerais'!$D$4:$D$1003),-('Gastos das Atividades'!S$3<='Gastos Gerais'!$E$4:$E$1003),-('Gastos Gerais'!$C$4:$C$1003))) -> 0 | T15: =IF($B15="",0,SUMPRODUCT(-('Gastos Gerais'!$F$4:$F$1003='Gastos das Atividades'!$B15),-('Gastos das Atividades'!T$3>='Gastos Gerais'!$D$4:$D$1003),-('Gastos das Atividades'!T$3<='Gastos Gerais'!$E$4:$E$1003),-('Gastos Gerais'!$C$4:$C$1003))) -> 0 | U15: =IF($B15="",0,SUMPRODUCT(-('Gastos Gerais'!$F$4:$F$1003='Gastos das Atividades'!$B15),-('Gastos das Atividades'!U$3>='Gastos Gerais'!$D$4:$D$1003),-('Gastos das Atividades'!U$3<='Gastos Gerais'!$E$4:$E$1003),-('Gastos Gerais'!$C$4:$C$1003))) -> 0 | V15: =IF($B15="",0,SUMPRODUCT(-('Gastos Gerais'!$F$4:$F$1003='Gastos das Atividades'!$B15),-('Gastos das Atividades'!V$3>='Gastos Gerais'!$D$4:$D$1003),-('Gastos das Atividades'!V$3<='Gastos Gerais'!$E$4:$E$1003),-('Gastos Gerais'!$C$4:$C$1003))) -> 0 | W15: =IF($B15="",0,SUMPRODUCT(-('Gastos Gerais'!$F$4:$F$1003='Gastos das Atividades'!$B15),-('Gastos das Atividades'!W$3>='Gastos Gerais'!$D$4:$D$1003),-('Gastos das Atividades'!W$3<='Gastos Gerais'!$E$4:$E$1003),-('Gastos Gerais'!$C$4:$C$1003))) -> 0 | X15: =IF($B15="",0,SUMPRODUCT(-('Gastos Gerais'!$F$4:$F$1003='Gastos das Atividades'!$B15),-('Gastos das Atividades'!X$3>='Gastos Gerais'!$D$4:$D$1003),-('Gastos das Atividades'!X$3<='Gastos Gerais'!$E$4:$E$1003),-('Gastos Gerais'!$C$4:$C$1003))) -> 0 | ... BX15: =IF($B15="",0,SUMPRODUCT(-('Gastos Gerais'!$F$4:$F$1003='Gastos das Atividades'!$B15),-('Gastos das Atividades'!BX$3>='Gastos Gerais'!$D$4:$D$1003),-('Gastos das Atividades'!BX$3<='Gastos Gerais'!$E$4:$E$1003),-('Gastos Gerais'!$C$4:$C$1003))) -> 0
A16: 13 | C16: 0 | D16: =SUMIFS($Q16:$BX16,$Q$3:$BX$3,">="&E$3,$Q$3:$BX$3,"<"&(DATE(YEAR(E$3)+1,1,1)-1)) -> 0 | E16: =SUM(C16:D16) -> 0 | F16: =SUMIFS($Q16:$BX16,$Q$3:$BX$3,">="&F$3,$Q$3:$BX$3,"<"&(DATE(YEAR(F$3)+1,1,1)-1)) -> 0 | G16: =SUMIFS($Q16:$BX16,$Q$3:$BX$3,">="&G$3,$Q$3:$BX$3,"<"&(DATE(YEAR(G$3)+1,1,1)-1)) -> 0 | H16: =SUMIFS($Q16:$BX16,$Q$3:$BX$3,">="&H$3,$Q$3:$BX$3,"<"&(DATE(YEAR(H$3)+1,1,1)-1)) -> 0 | I16: =SUMIFS($Q16:$BX16,$Q$3:$BX$3,">="&I$3,$Q$3:$BX$3,"<"&(DATE(YEAR(I$3)+1,1,1)-1)) -> 0 | J16: =SUM(Q16:BX16) -> 0 | K16: =IF($J$34=0,0,E16/$J$34) -> 0 | L16: =IF($J$34=0,0,F16/$J$34) -> 0 | M16: =IF($J$34=0,0,G16/$J$34) -> 0 | N16: =IF($J$34=0,0,H16/$J$34) -> 0 | O16: =IF($J$34=0,0,I16/$J$34) -> 0 | P16: =IF($J$34=0,0,J16/$J$34) -> 0 | Q16: =IF($B16="",0,SUMPRODUCT(-('Gastos Gerais'!$F$4:$F$1003='Gastos das Atividades'!$B16),-('Gastos das Atividades'!Q$3>='Gastos Gerais'!$D$4:$D$1003),-('Gastos das Atividades'!Q$3<='Gastos Gerais'!$E$4:$E$1003),-('Gastos Gerais'!$C$4:$C$1003))) -> 0 | R16: =IF($B16="",0,SUMPRODUCT(-('Gastos Gerais'!$F$4:$F$1003='Gastos das Atividades'!$B16),-('Gastos das Atividades'!R$3>='Gastos Gerais'!$D$4:$D$1003),-('Gastos das Atividades'!R$3<='Gastos Gerais'!$E$4:$E$1003),-('Gastos Gerais'!$C$4:$C$1003))) -> 0 | S16: =IF($B16="",0,SUMPRODUCT(-('Gastos Gerais'!$F$4:$F$1003='Gastos das Atividades'!$B16),-('Gastos das Atividades'!S$3>='Gastos Gerais'!$D$4:$D$1003),-('Gastos das Atividades'!S$3<='Gastos Gerais'!$E$4:$E$1003),-('Gastos Gerais'!$C$4:$C$1003))) -> 0 | T16: =IF($B16="",0,SUMPRODUCT(-('Gastos Gerais'!$F$4:$F$1003='Gastos das Atividades'!$B16),-('Gastos das Atividades'!T$3>='Gastos Gerais'!$D$4:$D$1003),-('Gastos das Atividades'!T$3<='Gastos Gerais'!$E$4:$E$1003),-('Gastos Gerais'!$C$4:$C$1003))) -> 0 | U16: =IF($B16="",0,SUMPRODUCT(-('Gastos Gerais'!$F$4:$F$1003='Gastos das Atividades'!$B16),-('Gastos das Atividades'!U$3>='Gastos Gerais'!$D$4:$D$1003),-('Gastos das Atividades'!U$3<='Gastos Gerais'!$E$4:$E$1003),-('Gastos Gerais'!$C$4:$C$1003))) -> 0 | V16: =IF($B16="",0,SUMPRODUCT(-('Gastos Gerais'!$F$4:$F$1003='Gastos das Atividades'!$B16),-('Gastos das Atividades'!V$3>='Gastos Gerais'!$D$4:$D$1003),-('Gastos das Atividades'!V$3<='Gastos Gerais'!$E$4:$E$1003),-('Gastos Gerais'!$C$4:$C$1003))) -> 0 | W16: =IF($B16="",0,SUMPRODUCT(-('Gastos Gerais'!$F$4:$F$1003='Gastos das Atividades'!$B16),-('Gastos das Atividades'!W$3>='Gastos Gerais'!$D$4:$D$1003),-('Gastos das Atividades'!W$3<='Gastos Gerais'!$E$4:$E$1003),-('Gastos Gerais'!$C$4:$C$1003))) -> 0 | X16: =IF($B16="",0,SUMPRODUCT(-('Gastos Gerais'!$F$4:$F$1003='Gastos das Atividades'!$B16),-('Gastos das Atividades'!X$3>='Gastos Gerais'!$D$4:$D$1003),-('Gastos das Atividades'!X$3<='Gastos Gerais'!$E$4:$E$1003),-('Gastos Gerais'!$C$4:$C$1003))) -> 0 | ... BX16: =IF($B16="",0,SUMPRODUCT(-('Gastos Gerais'!$F$4:$F$1003='Gastos das Atividades'!$B16),-('Gastos das Atividades'!BX$3>='Gastos Gerais'!$D$4:$D$1003),-('Gastos das Atividades'!BX$3<='Gastos Gerais'!$E$4:$E$1003),-('Gastos Gerais'!$C$4:$C$1003))) -> 0
A17: 14 | C17: 0 | D17: =SUMIFS($Q17:$BX17,$Q$3:$BX$3,">="&E$3,$Q$3:$BX$3,"<"&(DATE(YEAR(E$3)+1,1,1)-1)) -> 0 | E17: =SUM(C17:D17) -> 0 | F17: =SUMIFS($Q17:$BX17,$Q$3:$BX$3,">="&F$3,$Q$3:$BX$3,"<"&(DATE(YEAR(F$3)+1,1,1)-1)) -> 0 | G17: =SUMIFS($Q17:$BX17,$Q$3:$BX$3,">="&G$3,$Q$3:$BX$3,"<"&(DATE(YEAR(G$3)+1,1,1)-1)) -> 0 | H17: =SUMIFS($Q17:$BX17,$Q$3:$BX$3,">="&H$3,$Q$3:$BX$3,"<"&(DATE(YEAR(H$3)+1,1,1)-1)) -> 0 | I17: =SUMIFS($Q17:$BX17,$Q$3:$BX$3,">="&I$3,$Q$3:$BX$3,"<"&(DATE(YEAR(I$3)+1,1,1)-1)) -> 0 | J17: =SUM(Q17:BX17) -> 0 | K17: =IF($J$34=0,0,E17/$J$34) -> 0 | L17: =IF($J$34=0,0,F17/$J$34) -> 0 | M17: =IF($J$34=0,0,G17/$J$34) -> 0 | N17: =IF($J$34=0,0,H17/$J$34) -> 0 | O17: =IF($J$34=0,0,I17/$J$34) -> 0 | P17: =IF($J$34=0,0,J17/$J$34) -> 0 | Q17: =IF($B17="",0,SUMPRODUCT(-('Gastos Gerais'!$F$4:$F$1003='Gastos das Atividades'!$B17),-('Gastos das Atividades'!Q$3>='Gastos Gerais'!$D$4:$D$1003),-('Gastos das Atividades'!Q$3<='Gastos Gerais'!$E$4:$E$1003),-('Gastos Gerais'!$C$4:$C$1003))) -> 0 | R17: =IF($B17="",0,SUMPRODUCT(-('Gastos Gerais'!$F$4:$F$1003='Gastos das Atividades'!$B17),-('Gastos das Atividades'!R$3>='Gastos Gerais'!$D$4:$D$1003),-('Gastos das Atividades'!R$3<='Gastos Gerais'!$E$4:$E$1003),-('Gastos Gerais'!$C$4:$C$1003))) -> 0 | S17: =IF($B17="",0,SUMPRODUCT(-('Gastos Gerais'!$F$4:$F$1003='Gastos das Atividades'!$B17),-('Gastos das Atividades'!S$3>='Gastos Gerais'!$D$4:$D$1003),-('Gastos das Atividades'!S$3<='Gastos Gerais'!$E$4:$E$1003),-('Gastos Gerais'!$C$4:$C$1003))) -> 0 | T17: =IF($B17="",0,SUMPRODUCT(-('Gastos Gerais'!$F$4:$F$1003='Gastos das Atividades'!$B17),-('Gastos das Atividades'!T$3>='Gastos Gerais'!$D$4:$D$1003),-('Gastos das Atividades'!T$3<='Gastos Gerais'!$E$4:$E$1003),-('Gastos Gerais'!$C$4:$C$1003))) -> 0 | U17: =IF($B17="",0,SUMPRODUCT(-('Gastos Gerais'!$F$4:$F$1003='Gastos das Atividades'!$B17),-('Gastos das Atividades'!U$3>='Gastos Gerais'!$D$4:$D$1003),-('Gastos das Atividades'!U$3<='Gastos Gerais'!$E$4:$E$1003),-('Gastos Gerais'!$C$4:$C$1003))) -> 0 | V17: =IF($B17="",0,SUMPRODUCT(-('Gastos Gerais'!$F$4:$F$1003='Gastos das Atividades'!$B17),-('Gastos das Atividades'!V$3>='Gastos Gerais'!$D$4:$D$1003),-('Gastos das Atividades'!V$3<='Gastos Gerais'!$E$4:$E$1003),-('Gastos Gerais'!$C$4:$C$1003))) -> 0 | W17: =IF($B17="",0,SUMPRODUCT(-('Gastos Gerais'!$F$4:$F$1003='Gastos das Atividades'!$B17),-('Gastos das Atividades'!W$3>='Gastos Gerais'!$D$4:$D$1003),-('Gastos das Atividades'!W$3<='Gastos Gerais'!$E$4:$E$1003),-('Gastos Gerais'!$C$4:$C$1003))) -> 0 | X17: =IF($B17="",0,SUMPRODUCT(-('Gastos Gerais'!$F$4:$F$1003='Gastos das Atividades'!$B17),-('Gastos das Atividades'!X$3>='Gastos Gerais'!$D$4:$D$1003),-('Gastos das Atividades'!X$3<='Gastos Gerais'!$E$4:$E$1003),-('Gastos Gerais'!$C$4:$C$1003))) -> 0 | ... BX17: =IF($B17="",0,SUMPRODUCT(-('Gastos Gerais'!$F$4:$F$1003='Gastos das Atividades'!$B17),-('Gastos das Atividades'!BX$3>='Gastos Gerais'!$D$4:$D$1003),-('Gastos das Atividades'!BX$3<='Gastos Gerais'!$E$4:$E$1003),-('Gastos Gerais'!$C$4:$C$1003))) -> 0
A18: 15 | C18: 0 | D18: =SUMIFS($Q18:$BX18,$Q$3:$BX$3,">="&E$3,$Q$3:$BX$3,"<"&(DATE(YEAR(E$3)+1,1,1)-1)) -> 0 | E18: =SUM(C18:D18) -> 0 | F18: =SUMIFS($Q18:$BX18,$Q$3:$BX$3,">="&F$3,$Q$3:$BX$3,"<"&(DATE(YEAR(F$3)+1,1,1)-1)) -> 0 | G18: =SUMIFS($Q18:$BX18,$Q$3:$BX$3,">="&G$3,$Q$3:$BX$3,"<"&(DATE(YEAR(G$3)+1,1,1)-1)) -> 0 | H18: =SUMIFS($Q18:$BX18,$Q$3:$BX$3,">="&H$3,$Q$3:$BX$3,"<"&(DATE(YEAR(H$3)+1,1,1)-1)) -> 0 | I18: =SUMIFS($Q18:$BX18,$Q$3:$BX$3,">="&I$3,$Q$3:$BX$3,"<"&(DATE(YEAR(I$3)+1,1,1)-1)) -> 0 | J18: =SUM(Q18:BX18) -> 0 | K18: =IF($J$34=0,0,E18/$J$34) -> 0 | L18: =IF($J$34=0,0,F18/$J$34) -> 0 | M18: =IF($J$34=0,0,G18/$J$34) -> 0 | N18: =IF($J$34=0,0,H18/$J$34) -> 0 | O18: =IF($J$34=0,0,I18/$J$34) -> 0 | P18: =IF($J$34=0,0,J18/$J$34) -> 0 | Q18: =IF($B18="",0,SUMPRODUCT(-('Gastos Gerais'!$F$4:$F$1003='Gastos das Atividades'!$B18),-('Gastos das Atividades'!Q$3>='Gastos Gerais'!$D$4:$D$1003),-('Gastos das Atividades'!Q$3<='Gastos Gerais'!$E$4:$E$1003),-('Gastos Gerais'!$C$4:$C$1003))) -> 0 | R18: =IF($B18="",0,SUMPRODUCT(-('Gastos Gerais'!$F$4:$F$1003='Gastos das Atividades'!$B18),-('Gastos das Atividades'!R$3>='Gastos Gerais'!$D$4:$D$1003),-('Gastos das Atividades'!R$3<='Gastos Gerais'!$E$4:$E$1003),-('Gastos Gerais'!$C$4:$C$1003))) -> 0 | S18: =IF($B18="",0,SUMPRODUCT(-('Gastos Gerais'!$F$4:$F$1003='Gastos das Atividades'!$B18),-('Gastos das Atividades'!S$3>='Gastos Gerais'!$D$4:$D$1003),-('Gastos das Atividades'!S$3<='Gastos Gerais'!$E$4:$E$1003),-('Gastos Gerais'!$C$4:$C$1003))) -> 0 | T18: =IF($B18="",0,SUMPRODUCT(-('Gastos Gerais'!$F$4:$F$1003='Gastos das Atividades'!$B18),-('Gastos das Atividades'!T$3>='Gastos Gerais'!$D$4:$D$1003),-('Gastos das Atividades'!T$3<='Gastos Gerais'!$E$4:$E$1003),-('Gastos Gerais'!$C$4:$C$1003))) -> 0 | U18: =IF($B18="",0,SUMPRODUCT(-('Gastos Gerais'!$F$4:$F$1003='Gastos das Atividades'!$B18),-('Gastos das Atividades'!U$3>='Gastos Gerais'!$D$4:$D$1003),-('Gastos das Atividades'!U$3<='Gastos Gerais'!$E$4:$E$1003),-('Gastos Gerais'!$C$4:$C$1003))) -> 0 | V18: =IF($B18="",0,SUMPRODUCT(-('Gastos Gerais'!$F$4:$F$1003='Gastos das Atividades'!$B18),-('Gastos das Atividades'!V$3>='Gastos Gerais'!$D$4:$D$1003),-('Gastos das Atividades'!V$3<='Gastos Gerais'!$E$4:$E$1003),-('Gastos Gerais'!$C$4:$C$1003))) -> 0 | W18: =IF($B18="",0,SUMPRODUCT(-('Gastos Gerais'!$F$4:$F$1003='Gastos das Atividades'!$B18),-('Gastos das Atividades'!W$3>='Gastos Gerais'!$D$4:$D$1003),-('Gastos das Atividades'!W$3<='Gastos Gerais'!$E$4:$E$1003),-('Gastos Gerais'!$C$4:$C$1003))) -> 0 | X18: =IF($B18="",0,SUMPRODUCT(-('Gastos Gerais'!$F$4:$F$1003='Gastos das Atividades'!$B18),-('Gastos das Atividades'!X$3>='Gastos Gerais'!$D$4:$D$1003),-('Gastos das Atividades'!X$3<='Gastos Gerais'!$E$4:$E$1003),-('Gastos Gerais'!$C$4:$C$1003))) -> 0 | ... BX18: =IF($B18="",0,SUMPRODUCT(-('Gastos Gerais'!$F$4:$F$1003='Gastos das Atividades'!$B18),-('Gastos das Atividades'!BX$3>='Gastos Gerais'!$D$4:$D$1003),-('Gastos das Atividades'!BX$3<='Gastos Gerais'!$E$4:$E$1003),-('Gastos Gerais'!$C$4:$C$1003))) -> 0
A19: 16 | C19: 0 | D19: =SUMIFS($Q19:$BX19,$Q$3:$BX$3,">="&E$3,$Q$3:$BX$3,"<"&(DATE(YEAR(E$3)+1,1,1)-1)) -> 0 | E19: =SUM(C19:D19) -> 0 | F19: =SUMIFS($Q19:$BX19,$Q$3:$BX$3,">="&F$3,$Q$3:$BX$3,"<"&(DATE(YEAR(F$3)+1,1,1)-1)) -> 0 | G19: =SUMIFS($Q19:$BX19,$Q$3:$BX$3,">="&G$3,$Q$3:$BX$3,"<"&(DATE(YEAR(G$3)+1,1,1)-1)) -> 0 | H19: =SUMIFS($Q19:$BX19,$Q$3:$BX$3,">="&H$3,$Q$3:$BX$3,"<"&(DATE(YEAR(H$3)+1,1,1)-1)) -> 0 | I19: =SUMIFS($Q19:$BX19,$Q$3:$BX$3,">="&I$3,$Q$3:$BX$3,"<"&(DATE(YEAR(I$3)+1,1,1)-1)) -> 0 | J19: =SUM(Q19:BX19) -> 0 | K19: =IF($J$34=0,0,E19/$J$34) -> 0 | L19: =IF($J$34=0,0,F19/$J$34) -> 0 | M19: =IF($J$34=0,0,G19/$J$34) -> 0 | N19: =IF($J$34=0,0,H19/$J$34) -> 0 | O19: =IF($J$34=0,0,I19/$J$34) -> 0 | P19: =IF($J$34=0,0,J19/$J$34) -> 0 | Q19: =IF($B19="",0,SUMPRODUCT(-('Gastos Gerais'!$F$4:$F$1003='Gastos das Atividades'!$B19),-('Gastos das Atividades'!Q$3>='Gastos Gerais'!$D$4:$D$1003),-('Gastos das Atividades'!Q$3<='Gastos Gerais'!$E$4:$E$1003),-('Gastos Gerais'!$C$4:$C$1003))) -> 0 | R19: =IF($B19="",0,SUMPRODUCT(-('Gastos Gerais'!$F$4:$F$1003='Gastos das Atividades'!$B19),-('Gastos das Atividades'!R$3>='Gastos Gerais'!$D$4:$D$1003),-('Gastos das Atividades'!R$3<='Gastos Gerais'!$E$4:$E$1003),-('Gastos Gerais'!$C$4:$C$1003))) -> 0 | S19: =IF($B19="",0,SUMPRODUCT(-('Gastos Gerais'!$F$4:$F$1003='Gastos das Atividades'!$B19),-('Gastos das Atividades'!S$3>='Gastos Gerais'!$D$4:$D$1003),-('Gastos das Atividades'!S$3<='Gastos Gerais'!$E$4:$E$1003),-('Gastos Gerais'!$C$4:$C$1003))) -> 0 | T19: =IF($B19="",0,SUMPRODUCT(-('Gastos Gerais'!$F$4:$F$1003='Gastos das Atividades'!$B19),-('Gastos das Atividades'!T$3>='Gastos Gerais'!$D$4:$D$1003),-('Gastos das Atividades'!T$3<='Gastos Gerais'!$E$4:$E$1003),-('Gastos Gerais'!$C$4:$C$1003))) -> 0 | U19: =IF($B19="",0,SUMPRODUCT(-('Gastos Gerais'!$F$4:$F$1003='Gastos das Atividades'!$B19),-('Gastos das Atividades'!U$3>='Gastos Gerais'!$D$4:$D$1003),-('Gastos das Atividades'!U$3<='Gastos Gerais'!$E$4:$E$1003),-('Gastos Gerais'!$C$4:$C$1003))) -> 0 | V19: =IF($B19="",0,SUMPRODUCT(-('Gastos Gerais'!$F$4:$F$1003='Gastos das Atividades'!$B19),-('Gastos das Atividades'!V$3>='Gastos Gerais'!$D$4:$D$1003),-('Gastos das Atividades'!V$3<='Gastos Gerais'!$E$4:$E$1003),-('Gastos Gerais'!$C$4:$C$1003))) -> 0 | W19: =IF($B19="",0,SUMPRODUCT(-('Gastos Gerais'!$F$4:$F$1003='Gastos das Atividades'!$B19),-('Gastos das Atividades'!W$3>='Gastos Gerais'!$D$4:$D$1003),-('Gastos das Atividades'!W$3<='Gastos Gerais'!$E$4:$E$1003),-('Gastos Gerais'!$C$4:$C$1003))) -> 0 | X19: =IF($B19="",0,SUMPRODUCT(-('Gastos Gerais'!$F$4:$F$1003='Gastos das Atividades'!$B19),-('Gastos das Atividades'!X$3>='Gastos Gerais'!$D$4:$D$1003),-('Gastos das Atividades'!X$3<='Gastos Gerais'!$E$4:$E$1003),-('Gastos Gerais'!$C$4:$C$1003))) -> 0 | ... BX19: =IF($B19="",0,SUMPRODUCT(-('Gastos Gerais'!$F$4:$F$1003='Gastos das Atividades'!$B19),-('Gastos das Atividades'!BX$3>='Gastos Gerais'!$D$4:$D$1003),-('Gastos das Atividades'!BX$3<='Gastos Gerais'!$E$4:$E$1003),-('Gastos Gerais'!$C$4:$C$1003))) -> 0
A20: 17 | C20: 0 | D20: =SUMIFS($Q20:$BX20,$Q$3:$BX$3,">="&E$3,$Q$3:$BX$3,"<"&(DATE(YEAR(E$3)+1,1,1)-1)) -> 0 | E20: =SUM(C20:D20) -> 0 | F20: =SUMIFS($Q20:$BX20,$Q$3:$BX$3,">="&F$3,$Q$3:$BX$3,"<"&(DATE(YEAR(F$3)+1,1,1)-1)) -> 0 | G20: =SUMIFS($Q20:$BX20,$Q$3:$BX$3,">="&G$3,$Q$3:$BX$3,"<"&(DATE(YEAR(G$3)+1,1,1)-1)) -> 0 | H20: =SUMIFS($Q20:$BX20,$Q$3:$BX$3,">="&H$3,$Q$3:$BX$3,"<"&(DATE(YEAR(H$3)+1,1,1)-1)) -> 0 | I20: =SUMIFS($Q20:$BX20,$Q$3:$BX$3,">="&I$3,$Q$3:$BX$3,"<"&(DATE(YEAR(I$3)+1,1,1)-1)) -> 0 | J20: =SUM(Q20:BX20) -> 0 | K20: =IF($J$34=0,0,E20/$J$34) -> 0 | L20: =IF($J$34=0,0,F20/$J$34) -> 0 | M20: =IF($J$34=0,0,G20/$J$34) -> 0 | N20: =IF($J$34=0,0,H20/$J$34) -> 0 | O20: =IF($J$34=0,0,I20/$J$34) -> 0 | P20: =IF($J$34=0,0,J20/$J$34) -> 0 | Q20: =IF($B20="",0,SUMPRODUCT(-('Gastos Gerais'!$F$4:$F$1003='Gastos das Atividades'!$B20),-('Gastos das Atividades'!Q$3>='Gastos Gerais'!$D$4:$D$1003),-('Gastos das Atividades'!Q$3<='Gastos Gerais'!$E$4:$E$1003),-('Gastos Gerais'!$C$4:$C$1003))) -> 0 | R20: =IF($B20="",0,SUMPRODUCT(-('Gastos Gerais'!$F$4:$F$1003='Gastos das Atividades'!$B20),-('Gastos das Atividades'!R$3>='Gastos Gerais'!$D$4:$D$1003),-('Gastos das Atividades'!R$3<='Gastos Gerais'!$E$4:$E$1003),-('Gastos Gerais'!$C$4:$C$1003))) -> 0 | S20: =IF($B20="",0,SUMPRODUCT(-('Gastos Gerais'!$F$4:$F$1003='Gastos das Atividades'!$B20),-('Gastos das Atividades'!S$3>='Gastos Gerais'!$D$4:$D$1003),-('Gastos das Atividades'!S$3<='Gastos Gerais'!$E$4:$E$1003),-('Gastos Gerais'!$C$4:$C$1003))) -> 0 | T20: =IF($B20="",0,SUMPRODUCT(-('Gastos Gerais'!$F$4:$F$1003='Gastos das Atividades'!$B20),-('Gastos das Atividades'!T$3>='Gastos Gerais'!$D$4:$D$1003),-('Gastos das Atividades'!T$3<='Gastos Gerais'!$E$4:$E$1003),-('Gastos Gerais'!$C$4:$C$1003))) -> 0 | U20: =IF($B20="",0,SUMPRODUCT(-('Gastos Gerais'!$F$4:$F$1003='Gastos das Atividades'!$B20),-('Gastos das Atividades'!U$3>='Gastos Gerais'!$D$4:$D$1003),-('Gastos das Atividades'!U$3<='Gastos Gerais'!$E$4:$E$1003),-('Gastos Gerais'!$C$4:$C$1003))) -> 0 | V20: =IF($B20="",0,SUMPRODUCT(-('Gastos Gerais'!$F$4:$F$1003='Gastos das Atividades'!$B20),-('Gastos das Atividades'!V$3>='Gastos Gerais'!$D$4:$D$1003),-('Gastos das Atividades'!V$3<='Gastos Gerais'!$E$4:$E$1003),-('Gastos Gerais'!$C$4:$C$1003))) -> 0 | W20: =IF($B20="",0,SUMPRODUCT(-('Gastos Gerais'!$F$4:$F$1003='Gastos das Atividades'!$B20),-('Gastos das Atividades'!W$3>='Gastos Gerais'!$D$4:$D$1003),-('Gastos das Atividades'!W$3<='Gastos Gerais'!$E$4:$E$1003),-('Gastos Gerais'!$C$4:$C$1003))) -> 0 | X20: =IF($B20="",0,SUMPRODUCT(-('Gastos Gerais'!$F$4:$F$1003='Gastos das Atividades'!$B20),-('Gastos das Atividades'!X$3>='Gastos Gerais'!$D$4:$D$1003),-('Gastos das Atividades'!X$3<='Gastos Gerais'!$E$4:$E$1003),-('Gastos Gerais'!$C$4:$C$1003))) -> 0 | ... BX20: =IF($B20="",0,SUMPRODUCT(-('Gastos Gerais'!$F$4:$F$1003='Gastos das Atividades'!$B20),-('Gastos das Atividades'!BX$3>='Gastos Gerais'!$D$4:$D$1003),-('Gastos das Atividades'!BX$3<='Gastos Gerais'!$E$4:$E$1003),-('Gastos Gerais'!$C$4:$C$1003))) -> 0
A21: 18 | C21: 0 | D21: =SUMIFS($Q21:$BX21,$Q$3:$BX$3,">="&E$3,$Q$3:$BX$3,"<"&(DATE(YEAR(E$3)+1,1,1)-1)) -> 0 | E21: =SUM(C21:D21) -> 0 | F21: =SUMIFS($Q21:$BX21,$Q$3:$BX$3,">="&F$3,$Q$3:$BX$3,"<"&(DATE(YEAR(F$3)+1,1,1)-1)) -> 0 | G21: =SUMIFS($Q21:$BX21,$Q$3:$BX$3,">="&G$3,$Q$3:$BX$3,"<"&(DATE(YEAR(G$3)+1,1,1)-1)) -> 0 | H21: =SUMIFS($Q21:$BX21,$Q$3:$BX$3,">="&H$3,$Q$3:$BX$3,"<"&(DATE(YEAR(H$3)+1,1,1)-1)) -> 0 | I21: =SUMIFS($Q21:$BX21,$Q$3:$BX$3,">="&I$3,$Q$3:$BX$3,"<"&(DATE(YEAR(I$3)+1,1,1)-1)) -> 0 | J21: =SUM(Q21:BX21) -> 0 | K21: =IF($J$34=0,0,E21/$J$34) -> 0 | L21: =IF($J$34=0,0,F21/$J$34) -> 0 | M21: =IF($J$34=0,0,G21/$J$34) -> 0 | N21: =IF($J$34=0,0,H21/$J$34) -> 0 | O21: =IF($J$34=0,0,I21/$J$34) -> 0 | P21: =IF($J$34=0,0,J21/$J$34) -> 0 | Q21: =IF($B21="",0,SUMPRODUCT(-('Gastos Gerais'!$F$4:$F$1003='Gastos das Atividades'!$B21),-('Gastos das Atividades'!Q$3>='Gastos Gerais'!$D$4:$D$1003),-('Gastos das Atividades'!Q$3<='Gastos Gerais'!$E$4:$E$1003),-('Gastos Gerais'!$C$4:$C$1003))) -> 0 | R21: =IF($B21="",0,SUMPRODUCT(-('Gastos Gerais'!$F$4:$F$1003='Gastos das Atividades'!$B21),-('Gastos das Atividades'!R$3>='Gastos Gerais'!$D$4:$D$1003),-('Gastos das Atividades'!R$3<='Gastos Gerais'!$E$4:$E$1003),-('Gastos Gerais'!$C$4:$C$1003))) -> 0 | S21: =IF($B21="",0,SUMPRODUCT(-('Gastos Gerais'!$F$4:$F$1003='Gastos das Atividades'!$B21),-('Gastos das Atividades'!S$3>='Gastos Gerais'!$D$4:$D$1003),-('Gastos das Atividades'!S$3<='Gastos Gerais'!$E$4:$E$1003),-('Gastos Gerais'!$C$4:$C$1003))) -> 0 | T21: =IF($B21="",0,SUMPRODUCT(-('Gastos Gerais'!$F$4:$F$1003='Gastos das Atividades'!$B21),-('Gastos das Atividades'!T$3>='Gastos Gerais'!$D$4:$D$1003),-('Gastos das Atividades'!T$3<='Gastos Gerais'!$E$4:$E$1003),-('Gastos Gerais'!$C$4:$C$1003))) -> 0 | U21: =IF($B21="",0,SUMPRODUCT(-('Gastos Gerais'!$F$4:$F$1003='Gastos das Atividades'!$B21),-('Gastos das Atividades'!U$3>='Gastos Gerais'!$D$4:$D$1003),-('Gastos das Atividades'!U$3<='Gastos Gerais'!$E$4:$E$1003),-('Gastos Gerais'!$C$4:$C$1003))) -> 0 | V21: =IF($B21="",0,SUMPRODUCT(-('Gastos Gerais'!$F$4:$F$1003='Gastos das Atividades'!$B21),-('Gastos das Atividades'!V$3>='Gastos Gerais'!$D$4:$D$1003),-('Gastos das Atividades'!V$3<='Gastos Gerais'!$E$4:$E$1003),-('Gastos Gerais'!$C$4:$C$1003))) -> 0 | W21: =IF($B21="",0,SUMPRODUCT(-('Gastos Gerais'!$F$4:$F$1003='Gastos das Atividades'!$B21),-('Gastos das Atividades'!W$3>='Gastos Gerais'!$D$4:$D$1003),-('Gastos das Atividades'!W$3<='Gastos Gerais'!$E$4:$E$1003),-('Gastos Gerais'!$C$4:$C$1003))) -> 0 | X21: =IF($B21="",0,SUMPRODUCT(-('Gastos Gerais'!$F$4:$F$1003='Gastos das Atividades'!$B21),-('Gastos das Atividades'!X$3>='Gastos Gerais'!$D$4:$D$1003),-('Gastos das Atividades'!X$3<='Gastos Gerais'!$E$4:$E$1003),-('Gastos Gerais'!$C$4:$C$1003))) -> 0 | ... BX21: =IF($B21="",0,SUMPRODUCT(-('Gastos Gerais'!$F$4:$F$1003='Gastos das Atividades'!$B21),-('Gastos das Atividades'!BX$3>='Gastos Gerais'!$D$4:$D$1003),-('Gastos das Atividades'!BX$3<='Gastos Gerais'!$E$4:$E$1003),-('Gastos Gerais'!$C$4:$C$1003))) -> 0
A22: 19 | C22: 0 | D22: =SUMIFS($Q22:$BX22,$Q$3:$BX$3,">="&E$3,$Q$3:$BX$3,"<"&(DATE(YEAR(E$3)+1,1,1)-1)) -> 0 | E22: =SUM(C22:D22) -> 0 | F22: =SUMIFS($Q22:$BX22,$Q$3:$BX$3,">="&F$3,$Q$3:$BX$3,"<"&(DATE(YEAR(F$3)+1,1,1)-1)) -> 0 | G22: =SUMIFS($Q22:$BX22,$Q$3:$BX$3,">="&G$3,$Q$3:$BX$3,"<"&(DATE(YEAR(G$3)+1,1,1)-1)) -> 0 | H22: =SUMIFS($Q22:$BX22,$Q$3:$BX$3,">="&H$3,$Q$3:$BX$3,"<"&(DATE(YEAR(H$3)+1,1,1)-1)) -> 0 | I22: =SUMIFS($Q22:$BX22,$Q$3:$BX$3,">="&I$3,$Q$3:$BX$3,"<"&(DATE(YEAR(I$3)+1,1,1)-1)) -> 0 | J22: =SUM(Q22:BX22) -> 0 | K22: =IF($J$34=0,0,E22/$J$34) -> 0 | L22: =IF($J$34=0,0,F22/$J$34) -> 0 | M22: =IF($J$34=0,0,G22/$J$34) -> 0 | N22: =IF($J$34=0,0,H22/$J$34) -> 0 | O22: =IF($J$34=0,0,I22/$J$34) -> 0 | P22: =IF($J$34=0,0,J22/$J$34) -> 0 | Q22: =IF($B22="",0,SUMPRODUCT(-('Gastos Gerais'!$F$4:$F$1003='Gastos das Atividades'!$B22),-('Gastos das Atividades'!Q$3>='Gastos Gerais'!$D$4:$D$1003),-('Gastos das Atividades'!Q$3<='Gastos Gerais'!$E$4:$E$1003),-('Gastos Gerais'!$C$4:$C$1003))) -> 0 | R22: =IF($B22="",0,SUMPRODUCT(-('Gastos Gerais'!$F$4:$F$1003='Gastos das Atividades'!$B22),-('Gastos das Atividades'!R$3>='Gastos Gerais'!$D$4:$D$1003),-('Gastos das Atividades'!R$3<='Gastos Gerais'!$E$4:$E$1003),-('Gastos Gerais'!$C$4:$C$1003))) -> 0 | S22: =IF($B22="",0,SUMPRODUCT(-('Gastos Gerais'!$F$4:$F$1003='Gastos das Atividades'!$B22),-('Gastos das Atividades'!S$3>='Gastos Gerais'!$D$4:$D$1003),-('Gastos das Atividades'!S$3<='Gastos Gerais'!$E$4:$E$1003),-('Gastos Gerais'!$C$4:$C$1003))) -> 0 | T22: =IF($B22="",0,SUMPRODUCT(-('Gastos Gerais'!$F$4:$F$1003='Gastos das Atividades'!$B22),-('Gastos das Atividades'!T$3>='Gastos Gerais'!$D$4:$D$1003),-('Gastos das Atividades'!T$3<='Gastos Gerais'!$E$4:$E$1003),-('Gastos Gerais'!$C$4:$C$1003))) -> 0 | U22: =IF($B22="",0,SUMPRODUCT(-('Gastos Gerais'!$F$4:$F$1003='Gastos das Atividades'!$B22),-('Gastos das Atividades'!U$3>='Gastos Gerais'!$D$4:$D$1003),-('Gastos das Atividades'!U$3<='Gastos Gerais'!$E$4:$E$1003),-('Gastos Gerais'!$C$4:$C$1003))) -> 0 | V22: =IF($B22="",0,SUMPRODUCT(-('Gastos Gerais'!$F$4:$F$1003='Gastos das Atividades'!$B22),-('Gastos das Atividades'!V$3>='Gastos Gerais'!$D$4:$D$1003),-('Gastos das Atividades'!V$3<='Gastos Gerais'!$E$4:$E$1003),-('Gastos Gerais'!$C$4:$C$1003))) -> 0 | W22: =IF($B22="",0,SUMPRODUCT(-('Gastos Gerais'!$F$4:$F$1003='Gastos das Atividades'!$B22),-('Gastos das Atividades'!W$3>='Gastos Gerais'!$D$4:$D$1003),-('Gastos das Atividades'!W$3<='Gastos Gerais'!$E$4:$E$1003),-('Gastos Gerais'!$C$4:$C$1003))) -> 0 | X22: =IF($B22="",0,SUMPRODUCT(-('Gastos Gerais'!$F$4:$F$1003='Gastos das Atividades'!$B22),-('Gastos das Atividades'!X$3>='Gastos Gerais'!$D$4:$D$1003),-('Gastos das Atividades'!X$3<='Gastos Gerais'!$E$4:$E$1003),-('Gastos Gerais'!$C$4:$C$1003))) -> 0 | ... BX22: =IF($B22="",0,SUMPRODUCT(-('Gastos Gerais'!$F$4:$F$1003='Gastos das Atividades'!$B22),-('Gastos das Atividades'!BX$3>='Gastos Gerais'!$D$4:$D$1003),-('Gastos das Atividades'!BX$3<='Gastos Gerais'!$E$4:$E$1003),-('Gastos Gerais'!$C$4:$C$1003))) -> 0
... A33: 30 | C33: 0 | D33: =SUMIFS($Q33:$BX33,$Q$3:$BX$3,">="&E$3,$Q$3:$BX$3,"<"&(DATE(YEAR(E$3)+1,1,1)-1)) -> 0 | E33: =SUM(C33:D33) -> 0 | F33: =SUMIFS($Q33:$BX33,$Q$3:$BX$3,">="&F$3,$Q$3:$BX$3,"<"&(DATE(YEAR(F$3)+1,1,1)-1)) -> 0 | G33: =SUMIFS($Q33:$BX33,$Q$3:$BX$3,">="&G$3,$Q$3:$BX$3,"<"&(DATE(YEAR(G$3)+1,1,1)-1)) -> 0 | H33: =SUMIFS($Q33:$BX33,$Q$3:$BX$3,">="&H$3,$Q$3:$BX$3,"<"&(DATE(YEAR(H$3)+1,1,1)-1)) -> 0 | I33: =SUMIFS($Q33:$BX33,$Q$3:$BX$3,">="&I$3,$Q$3:$BX$3,"<"&(DATE(YEAR(I$3)+1,1,1)-1)) -> 0 | J33: =SUM(Q33:BX33) -> 0 | K33: =IF($J$34=0,0,E33/$J$34) -> 0 | L33: =IF($J$34=0,0,F33/$J$34) -> 0 | M33: =IF($J$34=0,0,G33/$J$34) -> 0 | N33: =IF($J$34=0,0,H33/$J$34) -> 0 | O33: =IF($J$34=0,0,I33/$J$34) -> 0 | P33: =IF($J$34=0,0,J33/$J$34) -> 0 | Q33: =IF($B33="",0,SUMPRODUCT(-('Gastos Gerais'!$F$4:$F$1003='Gastos das Atividades'!$B33),-('Gastos das Atividades'!Q$3>='Gastos Gerais'!$D$4:$D$1003),-('Gastos das Atividades'!Q$3<='Gastos Gerais'!$E$4:$E$1003),-('Gastos Gerais'!$C$4:$C$1003))) -> 0 | R33: =IF($B33="",0,SUMPRODUCT(-('Gastos Gerais'!$F$4:$F$1003='Gastos das Atividades'!$B33),-('Gastos das Atividades'!R$3>='Gastos Gerais'!$D$4:$D$1003),-('Gastos das Atividades'!R$3<='Gastos Gerais'!$E$4:$E$1003),-('Gastos Gerais'!$C$4:$C$1003))) -> 0 | S33: =IF($B33="",0,SUMPRODUCT(-('Gastos Gerais'!$F$4:$F$1003='Gastos das Atividades'!$B33),-('Gastos das Atividades'!S$3>='Gastos Gerais'!$D$4:$D$1003),-('Gastos das Atividades'!S$3<='Gastos Gerais'!$E$4:$E$1003),-('Gastos Gerais'!$C$4:$C$1003))) -> 0 | T33: =IF($B33="",0,SUMPRODUCT(-('Gastos Gerais'!$F$4:$F$1003='Gastos das Atividades'!$B33),-('Gastos das Atividades'!T$3>='Gastos Gerais'!$D$4:$D$1003),-('Gastos das Atividades'!T$3<='Gastos Gerais'!$E$4:$E$1003),-('Gastos Gerais'!$C$4:$C$1003))) -> 0 | U33: =IF($B33="",0,SUMPRODUCT(-('Gastos Gerais'!$F$4:$F$1003='Gastos das Atividades'!$B33),-('Gastos das Atividades'!U$3>='Gastos Gerais'!$D$4:$D$1003),-('Gastos das Atividades'!U$3<='Gastos Gerais'!$E$4:$E$1003),-('Gastos Gerais'!$C$4:$C$1003))) -> 0 | V33: =IF($B33="",0,SUMPRODUCT(-('Gastos Gerais'!$F$4:$F$1003='Gastos das Atividades'!$B33),-('Gastos das Atividades'!V$3>='Gastos Gerais'!$D$4:$D$1003),-('Gastos das Atividades'!V$3<='Gastos Gerais'!$E$4:$E$1003),-('Gastos Gerais'!$C$4:$C$1003))) -> 0 | W33: =IF($B33="",0,SUMPRODUCT(-('Gastos Gerais'!$F$4:$F$1003='Gastos das Atividades'!$B33),-('Gastos das Atividades'!W$3>='Gastos Gerais'!$D$4:$D$1003),-('Gastos das Atividades'!W$3<='Gastos Gerais'!$E$4:$E$1003),-('Gastos Gerais'!$C$4:$C$1003))) -> 0 | X33: =IF($B33="",0,SUMPRODUCT(-('Gastos Gerais'!$F$4:$F$1003='Gastos das Atividades'!$B33),-('Gastos das Atividades'!X$3>='Gastos Gerais'!$D$4:$D$1003),-('Gastos das Atividades'!X$3<='Gastos Gerais'!$E$4:$E$1003),-('Gastos Gerais'!$C$4:$C$1003))) -> 0 | ... BX33: =IF($B33="",0,SUMPRODUCT(-('Gastos Gerais'!$F$4:$F$1003='Gastos das Atividades'!$B33),-('Gastos das Atividades'!BX$3>='Gastos Gerais'!$D$4:$D$1003),-('Gastos das Atividades'!BX$3<='Gastos Gerais'!$E$4:$E$1003),-('Gastos Gerais'!$C$4:$C$1003))) -> 0
B34: Total | C34: =SUM(C4:C33) -> 0 | D34: =SUM(D4:D33) -> 850166.4 | E34: =SUM(E4:E33) -> 850166.4 | F34: =SUM(F4:F33) -> 588400 | G34: =SUM(G4:G33) -> 0 | H34: =SUM(H4:H33) -> 0 | I34: =SUM(I4:I33) -> 0 | J34: =SUM(J4:J33) -> 1438566.4 | ... O34: =SUM(O4:O33) -> 0 | P34: =IF($J$34=0,0,J34/$J$34) -> 1 | Q34: =SUBTOTAL(109,Q4:Q33) -> 850166.4 | R34: =SUBTOTAL(109,R4:R33) -> 237680 | S34: =SUBTOTAL(109,S4:S33) -> 87680 | T34: =SUBTOTAL(109,T4:T33) -> 87680 | U34: =SUBTOTAL(109,U4:U33) -> 87680 | V34: =SUBTOTAL(109,V4:V33) -> 87680 | W34: =SUBTOTAL(109,W4:W33) -> 0 | X34: =SUBTOTAL(109,X4:X33) -> 0 | ... BX34: =SUBTOTAL(109,BX4:BX33) -> 0
B37: Destinação dos Gastos com Pessoal
B38: Destinação | E38: % | F38: Valor
B39: Área Meio | E39: =IFERROR(SUMIF('Gastos com Pessoal'!$AR$7:$AR$506,'Gastos das Atividades'!$B$4,'Encargos e Benefícios'!$AD$6:$AD$505)/'Encargos e Benefícios'!$AD$506,0) -> 0 | F39: =Sintético!$BK$23*E39 -> 0
B40: Área Fim | E40: =IF(OR(Sintético!$BK$23=0,COUNTA('Gastos com Pessoal'!AR7:AR506)=0),0,IF(E39=0,1,1-E39)) -> 0 | F40: =Sintético!$BK$23*E40 -> 0
B42: Destinação dos Gastos Gerais e de Pessoal
B43: Destinação | E43: % | F43: Valor
B44: Área Meio | E44: =IFERROR(IF(F44=0,0,F44/SUM(Sintético!$BK$23:$BK$24)),0) -> 0.055352567 | F44: =F39+J4 -> 167280
B45: Área Fim | E45: =IFERROR(IF(F45=0,0,F45/SUM(Sintético!$BK$23:$BK$24)),0) -> 0.42066574 | F45: =F40+SUM(J5:J33) -> 1271286.4
B48: =B4 -> Área Meio
B49: Área Fim
B50: =B5 -> Coordenação Geral do Programa de Trabalho
B51: =B6 -> Operacionalização e manutenção do PERD (AT1)
B52: =B7 -> Ações de Uso Público (AT3)
B53: =B8 -> Fortalecimento da Comunicação (AT4)
B54: =B9 -> Regularização Fundiária (AT7)
B55: =B10 -> Monitoramento da Biodiversidade (AT8)
B56: =B11 -> 0
B57: =B12 -> 0
B58: =B13 -> 0
B59: =B14 -> 0
B60: =B15 -> 0
B61: =B16 -> 0
... B78: =B33 -> 0

Sheet Analítico
C1: =Capa!A1 -> Memória de Cálculo Termo de Parceria nº 51/21 celebrado entre o Instituto Estadual de Florestas e o Instituto Ekos Brasil
C2: Tabela 3 - Previsão Analítica de Receitas e Gastos Mensais em Regime de Competência | O2: Tabela 3 - Previsão Analítica de Receitas e Gastos Mensais em Regime de Competência | AA2: Tabela 3 - Previsão Analítica de Receitas e Gastos Mensais em Regime de Competência
C3: =Capa!A36 -> 45992 | D3: =EDATE(C3,1) -> 46023 | E3: =EDATE(D3,1) -> 46054 | F3: =EDATE(E3,1) -> 46082 | G3: =EDATE(F3,1) -> 46113 | H3: =EDATE(G3,1) -> 46143 | I3: =EDATE(H3,1) -> 46174 | J3: =EDATE(I3,1) -> 46204 | K3: =EDATE(J3,1) -> 46235 | ... BJ3: =EDATE(BI3,1) -> 47788 | BK3: Total | BL3: % do Total
A4: SR | B4: Saldo Remanescente | C4: 1409386.1 | D4: 0 | E4: 0 | F4: 0 | G4: 0 | H4: 0 | I4: 0 | J4: 0 | K4: 0 | L4: 0 | M4: 0 | N4: 0 | O4: 0 | P4: 0 | Q4: 0 | R4: 0 | S4: 0 | T4: 0 | U4: 0 | V4: 0 | W4: 0 | X4: 0 | Y4: 0 | Z4: 0 | AA4: 0 | AB4: 0 | AC4: 0 | AD4: 0 | AE4: 0 | AF4: 0 | AG4: 0 | AH4: 0 | AI4: 0 | AJ4: 0 | AK4: 0 | AL4: 0 | AM4: 0 | AN4: 0 | AO4: 0 | AP4: 0 | AQ4: 0 | AR4: 0 | AS4: 0 | AT4: 0 | AU4: 0 | AV4: 0 | AW4: 0 | AX4: 0 | AY4: 0 | AZ4: 0 | BA4: 0 | BB4: 0 | BC4: 0 | BD4: 0 | BE4: 0 | BF4: 0 | BG4: 0 | BH4: 0 | BI4: 0 | BJ4: 0 | BK4: =SUM(C4:BJ4) -> 1409386.1 | BL4: =IF($BK$15=0,0,BK4/$BK$15) -> 0.42739985
A6: 1 | B6: Entrada de Recursos
A7: 1.1 | B7: Repasses | C7: =IFERROR(OFFSET(Cronogramas!$AB$6,MATCH(Analítico!C3,Cronogramas!$B$7:$B$66,0),),0) -> 0 | D7: =IFERROR(OFFSET(Cronogramas!$AB$6,MATCH(Analítico!D3,Cronogramas!$B$7:$B$66,0),),0) -> 1296919.4 | E7: =IFERROR(OFFSET(Cronogramas!$AB$6,MATCH(Analítico!E3,Cronogramas!$B$7:$B$66,0),),0) -> 0 | F7: =IFERROR(OFFSET(Cronogramas!$AB$6,MATCH(Analítico!F3,Cronogramas!$B$7:$B$66,0),),0) -> 0 | G7: =IFERROR(OFFSET(Cronogramas!$AB$6,MATCH(Analítico!G3,Cronogramas!$B$7:$B$66,0),),0) -> 591276.61 | H7: =IFERROR(OFFSET(Cronogramas!$AB$6,MATCH(Analítico!H3,Cronogramas!$B$7:$B$66,0),),0) -> 0 | I7: =IFERROR(OFFSET(Cronogramas!$AB$6,MATCH(Analítico!I3,Cronogramas!$B$7:$B$66,0),),0) -> 0 | J7: =IFERROR(OFFSET(Cronogramas!$AB$6,MATCH(Analítico!J3,Cronogramas!$B$7:$B$66,0),),0) -> 0 | ... BJ7: =IFERROR(OFFSET(Cronogramas!$AB$6,MATCH(Analítico!BJ3,Cronogramas!$B$7:$B$66,0),),0) -> 0 | BK7: =SUM(C7:BJ7) -> 1888196 | BL7: =IF($BK$15=0,0,BK7/$BK$15) -> 0.57260015
A8: 1.2 | B8: Rendimentos Fin. | C8: 0 | D8: 0 | E8: 0 | F8: 0 | G8: 0 | H8: 0 | I8: 0 | J8: 0 | K8: 0 | L8: 0 | M8: 0 | N8: 0 | O8: 0 | P8: 0 | Q8: 0 | R8: 0 | S8: 0 | T8: 0 | U8: 0 | V8: 0 | W8: 0 | X8: 0 | Y8: 0 | Z8: 0 | AA8: 0 | AB8: 0 | AC8: 0 | AD8: 0 | AE8: 0 | AF8: 0 | AG8: 0 | AH8: 0 | AI8: 0 | AJ8: 0 | AK8: 0 | AL8: 0 | AM8: 0 | AN8: 0 | AO8: 0 | AP8: 0 | AQ8: 0 | AR8: 0 | AS8: 0 | AT8: 0 | AU8: 0 | AV8: 0 | AW8: 0 | AX8: 0 | AY8: 0 | AZ8: 0 | BA8: 0 | BB8: 0 | BC8: 0 | BD8: 0 | BE8: 0 | BF8: 0 | BG8: 0 | BH8: 0 | BI8: 0 | BJ8: 0 | BK8: =SUM(C8:BJ8) -> 0 | BL8: =IF($BK$15=0,0,BK8/$BK$15) -> 0
A9: 1.3 | B9: Receitas Arrecadadas
A10: 1.3.1 | B10: Receitas Arrecadadas Previstas | C10: 0 | D10: 0 | E10: 0 | F10: 0 | G10: 0 | H10: 0 | I10: 0 | J10: 0 | K10: 0 | L10: 0 | M10: 0 | N10: 0 | O10: 0 | P10: 0 | Q10: 0 | R10: 0 | S10: 0 | T10: 0 | U10: 0 | V10: 0 | W10: 0 | X10: 0 | Y10: 0 | Z10: 0 | AA10: 0 | AB10: 0 | AC10: 0 | AD10: 0 | AE10: 0 | AF10: 0 | AG10: 0 | AH10: 0 | AI10: 0 | AJ10: 0 | AK10: 0 | AL10: 0 | AM10: 0 | AN10: 0 | AO10: 0 | AP10: 0 | AQ10: 0 | AR10: 0 | AS10: 0 | AT10: 0 | AU10: 0 | AV10: 0 | AW10: 0 | AX10: 0 | AY10: 0 | AZ10: 0 | BA10: 0 | BB10: 0 | BC10: 0 | BD10: 0 | BE10: 0 | BF10: 0 | BG10: 0 | BH10: 0 | BI10: 0 | BJ10: 0 | BK10: =SUM(C10:BJ10) -> 0 | BL10: =IF($BK$15=0,0,BK10/$BK$15) -> 0
A11: 1.3.2 | B11: Rendimentos Fin. c/ Destinação Específica | C11: 0 | D11: 0 | E11: 0 | F11: 0 | G11: 0 | H11: 0 | I11: 0 | J11: 0 | K11: 0 | L11: 0 | M11: 0 | N11: 0 | O11: 0 | P11: 0 | Q11: 0 | R11: 0 | S11: 0 | T11: 0 | U11: 0 | V11: 0 | W11: 0 | X11: 0 | Y11: 0 | Z11: 0 | AA11: 0 | AB11: 0 | AC11: 0 | AD11: 0 | AE11: 0 | AF11: 0 | AG11: 0 | AH11: 0 | AI11: 0 | AJ11: 0 | AK11: 0 | AL11: 0 | AM11: 0 | AN11: 0 | AO11: 0 | AP11: 0 | AQ11: 0 | AR11: 0 | AS11: 0 | AT11: 0 | AU11: 0 | AV11: 0 | AW11: 0 | AX11: 0 | AY11: 0 | AZ11: 0 | BA11: 0 | BB11: 0 | BC11: 0 | BD11: 0 | BE11: 0 | BF11: 0 | BG11: 0 | BH11: 0 | BI11: 0 | BJ11: 0 | BK11: =SUM(C11:BJ11) -> 0 | BL11: =IF($BK$15=0,0,BK11/$BK$15) -> 0
A12: 1.3.3 | B12: Outras Receitas | C12: 0 | D12: 0 | E12: 0 | F12: 0 | G12: 0 | H12: 0 | I12: 0 | J12: 0 | K12: 0 | L12: 0 | M12: 0 | N12: 0 | O12: 0 | P12: 0 | Q12: 0 | R12: 0 | S12: 0 | T12: 0 | U12: 0 | V12: 0 | W12: 0 | X12: 0 | Y12: 0 | Z12: 0 | AA12: 0 | AB12: 0 | AC12: 0 | AD12: 0 | AE12: 0 | AF12: 0 | AG12: 0 | AH12: 0 | AI12: 0 | AJ12: 0 | AK12: 0 | AL12: 0 | AM12: 0 | AN12: 0 | AO12: 0 | AP12: 0 | AQ12: 0 | AR12: 0 | AS12: 0 | AT12: 0 | AU12: 0 | AV12: 0 | AW12: 0 | AX12: 0 | AY12: 0 | AZ12: 0 | BA12: 0 | BB12: 0 | BC12: 0 | BD12: 0 | BE12: 0 | BF12: 0 | BG12: 0 | BH12: 0 | BI12: 0 | BJ12: 0 | BK12: =SUM(C12:BJ12) -> 0 | BL12: =IF($BK$15=0,0,BK12/$BK$15) -> 0
B13: Subtotal Receitas | C13: =SUBTOTAL(109,C10:C12) -> 0 | D13: =SUBTOTAL(109,D10:D12) -> 0 | E13: =SUBTOTAL(109,E10:E12) -> 0 | F13: =SUBTOTAL(109,F10:F12) -> 0 | G13: =SUBTOTAL(109,G10:G12) -> 0 | H13: =SUBTOTAL(109,H10:H12) -> 0 | I13: =SUBTOTAL(109,I10:I12) -> 0 | J13: =SUBTOTAL(109,J10:J12) -> 0 | ... BJ13: =SUBTOTAL(109,BJ10:BJ12) -> 0 | BK13: =SUBTOTAL(109,BK10:BK10) -> 0 | BL13: =IF($BK$138=0,0,BK13/$BK$138) -> 0
A14: (E) Total de Entradas | C14: =SUBTOTAL(109,C7:C13) -> 0 | D14: =SUBTOTAL(109,D7:D13) -> 1296919.4 | E14: =SUBTOTAL(109,E7:E13) -> 0 | F14: =SUBTOTAL(109,F7:F13) -> 0 | G14: =SUBTOTAL(109,G7:G13) -> 591276.61 | H14: =SUBTOTAL(109,H7:H13) -> 0 | I14: =SUBTOTAL(109,I7:I13) -> 0 | J14: =SUBTOTAL(109,J7:J13) -> 0 | ... BJ14: =SUBTOTAL(109,BJ7:BJ13) -> 0 | BK14: =SUM(C14:BJ14) -> 1888196 | BL14: =IF($BK$15=0,0,BK14/$BK$15) -> 0.57260015
A15: Saldo Rem. (SR) + Entradas (E) | C15: =SUBTOTAL(109,C4:C14) -> 1409386.1 | D15: =SUBTOTAL(109,D4:D14) -> 1296919.4 | E15: =SUBTOTAL(109,E4:E14) -> 0 | F15: =SUBTOTAL(109,F4:F14) -> 0 | G15: =SUBTOTAL(109,G4:G14) -> 591276.61 | H15: =SUBTOTAL(109,H4:H14) -> 0 | I15: =SUBTOTAL(109,I4:I14) -> 0 | J15: =SUBTOTAL(109,J4:J14) -> 0 | ... BJ15: =SUBTOTAL(109,BJ4:BJ14) -> 0 | BK15: =SUM(C15:BJ15) -> 3297582.1 | BL15: =IF($BK$15=0,0,BK15/$BK$15) -> 1
A17: 2 | B17: Saída de Recursos
A18: 2.1 | B18: Gastos com Pessoal
A19: 2.1.1 | B19: Salários e Remunerações
A20: 2.1.1.1 | B20: Salários | C20: {=_xlfn.IFNA(SUM(((C$3>='Gastos com Pessoal'!$E$7:$E$506)*(C$3<='Gastos com Pessoal'!$F$7:$F$506)*OFFSET('Encargos e Benefícios'!$D$5,1,MATCH($B20,'Encargos e Benefícios'!$E$5:$AB$5,0),500,1)) *(IF('Gastos com Pessoal'!$G$7:$G$506<=C$3,('Gastos com Pessoal'!$H$7:$H$506)+1,1)) *(IF('Gastos com Pessoal'!$M$7:$M$506<=C$3,('Gastos com Pessoal'!$N$7:$N$506)+1,1)) *(IF('Gastos com Pessoal'!$S$7:$S$506<=C$3,('Gastos com Pessoal'!$T$7:$T$506)+1,1)) *(IF('Gastos com Pessoal'!$Y$7:$Y$506<=C$3,('Gastos com Pessoal'!$Z$7:$Z$506)+1,1)) *(IF('Gastos com Pessoal'!$AE$7:$AE$506<=C$3,('Gastos com Pessoal'!$AF$7:$AF$506)+1,1))),0)} -> 138839.13 | D20: {=_xlfn.IFNA(SUM(((D$3>='Gastos com Pessoal'!$E$7:$E$506)*(D$3<='Gastos com Pessoal'!$F$7:$F$506)*OFFSET('Encargos e Benefícios'!$D$5,1,MATCH($B20,'Encargos e Benefícios'!$E$5:$AB$5,0),500,1)) *(IF('Gastos com Pessoal'!$G$7:$G$506<=D$3,('Gastos com Pessoal'!$H$7:$H$506)+1,1)) *(IF('Gastos com Pessoal'!$M$7:$M$506<=D$3,('Gastos com Pessoal'!$N$7:$N$506)+1,1)) *(IF('Gastos com Pessoal'!$S$7:$S$506<=D$3,('Gastos com Pessoal'!$T$7:$T$506)+1,1)) *(IF('Gastos com Pessoal'!$Y$7:$Y$506<=D$3,('Gastos com Pessoal'!$Z$7:$Z$506)+1,1)) *(IF('Gastos com Pessoal'!$AE$7:$AE$506<=D$3,('Gastos com Pessoal'!$AF$7:$AF$506)+1,1))),0)} -> 123523.33 | E20: {=_xlfn.IFNA(SUM(((E$3>='Gastos com Pessoal'!$E$7:$E$506)*(E$3<='Gastos com Pessoal'!$F$7:$F$506)*OFFSET('Encargos e Benefícios'!$D$5,1,MATCH($B20,'Encargos e Benefícios'!$E$5:$AB$5,0),500,1)) *(IF('Gastos com Pessoal'!$G$7:$G$506<=E$3,('Gastos com Pessoal'!$H$7:$H$506)+1,1)) *(IF('Gastos com Pessoal'!$M$7:$M$506<=E$3,('Gastos com Pessoal'!$N$7:$N$506)+1,1)) *(IF('Gastos com Pessoal'!$S$7:$S$506<=E$3,('Gastos com Pessoal'!$T$7:$T$506)+1,1)) *(IF('Gastos com Pessoal'!$Y$7:$Y$506<=E$3,('Gastos com Pessoal'!$Z$7:$Z$506)+1,1)) *(IF('Gastos com Pessoal'!$AE$7:$AE$506<=E$3,('Gastos com Pessoal'!$AF$7:$AF$506)+1,1))),0)} -> 123523.33 | F20: {=_xlfn.IFNA(SUM(((F$3>='Gastos com Pessoal'!$E$7:$E$506)*(F$3<='Gastos com Pessoal'!$F$7:$F$506)*OFFSET('Encargos e Benefícios'!$D$5,1,MATCH($B20,'Encargos e Benefícios'!$E$5:$AB$5,0),500,1)) *(IF('Gastos com Pessoal'!$G$7:$G$506<=F$3,('Gastos com Pessoal'!$H$7:$H$506)+1,1)) *(IF('Gastos com Pessoal'!$M$7:$M$506<=F$3,('Gastos com Pessoal'!$N$7:$N$506)+1,1)) *(IF('Gastos com Pessoal'!$S$7:$S$506<=F$3,('Gastos com Pessoal'!$T$7:$T$506)+1,1)) *(IF('Gastos com Pessoal'!$Y$7:$Y$506<=F$3,('Gastos com Pessoal'!$Z$7:$Z$506)+1,1)) *(IF('Gastos com Pessoal'!$AE$7:$AE$506<=F$3,('Gastos com Pessoal'!$AF$7:$AF$506)+1,1))),0)} -> 123523.33 | G20: {=_xlfn.IFNA(SUM(((G$3>='Gastos com Pessoal'!$E$7:$E$506)*(G$3<='Gastos com Pessoal'!$F$7:$F$506)*OFFSET('Encargos e Benefícios'!$D$5,1,MATCH($B20,'Encargos e Benefícios'!$E$5:$AB$5,0),500,1)) *(IF('Gastos com Pessoal'!$G$7:$G$506<=G$3,('Gastos com Pessoal'!$H$7:$H$506)+1,1)) *(IF('Gastos com Pessoal'!$M$7:$M$506<=G$3,('Gastos com Pessoal'!$N$7:$N$506)+1,1)) *(IF('Gastos com Pessoal'!$S$7:$S$506<=G$3,('Gastos com Pessoal'!$T$7:$T$506)+1,1)) *(IF('Gastos com Pessoal'!$Y$7:$Y$506<=G$3,('Gastos com Pessoal'!$Z$7:$Z$506)+1,1)) *(IF('Gastos com Pessoal'!$AE$7:$AE$506<=G$3,('Gastos com Pessoal'!$AF$7:$AF$506)+1,1))),0)} -> 123523.33 | H20: {=_xlfn.IFNA(SUM(((H$3>='Gastos com Pessoal'!$E$7:$E$506)*(H$3<='Gastos com Pessoal'!$F$7:$F$506)*OFFSET('Encargos e Benefícios'!$D$5,1,MATCH($B20,'Encargos e Benefícios'!$E$5:$AB$5,0),500,1)) *(IF('Gastos com Pessoal'!$G$7:$G$506<=H$3,('Gastos com Pessoal'!$H$7:$H$506)+1,1)) *(IF('Gastos com Pessoal'!$M$7:$M$506<=H$3,('Gastos com Pessoal'!$N$7:$N$506)+1,1)) *(IF('Gastos com Pessoal'!$S$7:$S$506<=H$3,('Gastos com Pessoal'!$T$7:$T$506)+1,1)) *(IF('Gastos com Pessoal'!$Y$7:$Y$506<=H$3,('Gastos com Pessoal'!$Z$7:$Z$506)+1,1)) *(IF('Gastos com Pessoal'!$AE$7:$AE$506<=H$3,('Gastos com Pessoal'!$AF$7:$AF$506)+1,1))),0)} -> 132169.96 | I20: {=_xlfn.IFNA(SUM(((I$3>='Gastos com Pessoal'!$E$7:$E$506)*(I$3<='Gastos com Pessoal'!$F$7:$F$506)*OFFSET('Encargos e Benefícios'!$D$5,1,MATCH($B20,'Encargos e Benefícios'!$E$5:$AB$5,0),500,1)) *(IF('Gastos com Pessoal'!$G$7:$G$506<=I$3,('Gastos com Pessoal'!$H$7:$H$506)+1,1)) *(IF('Gastos com Pessoal'!$M$7:$M$506<=I$3,('Gastos com Pessoal'!$N$7:$N$506)+1,1)) *(IF('Gastos com Pessoal'!$S$7:$S$506<=I$3,('Gastos com Pessoal'!$T$7:$T$506)+1,1)) *(IF('Gastos com Pessoal'!$Y$7:$Y$506<=I$3,('Gastos com Pessoal'!$Z$7:$Z$506)+1,1)) *(IF('Gastos com Pessoal'!$AE$7:$AE$506<=I$3,('Gastos com Pessoal'!$AF$7:$AF$506)+1,1))),0)} -> 0 | J20: {=_xlfn.IFNA(SUM(((J$3>='Gastos com Pessoal'!$E$7:$E$506)*(J$3<='Gastos com Pessoal'!$F$7:$F$506)*OFFSET('Encargos e Benefícios'!$D$5,1,MATCH($B20,'Encargos e Benefícios'!$E$5:$AB$5,0),500,1)) *(IF('Gastos com Pessoal'!$G$7:$G$506<=J$3,('Gastos com Pessoal'!$H$7:$H$506)+1,1)) *(IF('Gastos com Pessoal'!$M$7:$M$506<=J$3,('Gastos com Pessoal'!$N$7:$N$506)+1,1)) *(IF('Gastos com Pessoal'!$S$7:$S$506<=J$3,('Gastos com Pessoal'!$T$7:$T$506)+1,1)) *(IF('Gastos com Pessoal'!$Y$7:$Y$506<=J$3,('Gastos com Pessoal'!$Z$7:$Z$506)+1,1)) *(IF('Gastos com Pessoal'!$AE$7:$AE$506<=J$3,('Gastos com Pessoal'!$AF$7:$AF$506)+1,1))),0)} -> 0 | ... BJ20: {=_xlfn.IFNA(SUM(((BJ$3>='Gastos com Pessoal'!$E$7:$E$506)*(BJ$3<='Gastos com Pessoal'!$F$7:$F$506)*OFFSET('Encargos e Benefícios'!$D$5,1,MATCH($B20,'Encargos e Benefícios'!$E$5:$AB$5,0),500,1)) *(IF('Gastos com Pessoal'!$G$7:$G$506<=BJ$3,('Gastos com Pessoal'!$H$7:$H$506)+1,1)) *(IF('Gastos com Pessoal'!$M$7:$M$506<=BJ$3,('Gastos com Pessoal'!$N$7:$N$506)+1,1)) *(IF('Gastos com Pessoal'!$S$7:$S$506<=BJ$3,('Gastos com Pessoal'!$T$7:$T$506)+1,1)) *(IF('Gastos com Pessoal'!$Y$7:$Y$506<=BJ$3,('Gastos com Pessoal'!$Z$7:$Z$506)+1,1)) *(IF('Gastos com Pessoal'!$AE$7:$AE$506<=BJ$3,('Gastos com Pessoal'!$AF$7:$AF$506)+1,1))),0)} -> 0 | BK20: =SUM(C20:BJ20) -> 765102.41 | BL20: =IF($BK$138=0,0,BK20/$BK$138) -> 0.23201922
A21: 2.1.1.2 | B21: Adicional Noturno | C21: {=_xlfn.IFNA(SUM(((C$3>='Gastos com Pessoal'!$E$7:$E$506)*(C$3<='Gastos com Pessoal'!$F$7:$F$506)*OFFSET('Encargos e Benefícios'!$D$5,1,MATCH($B21,'Encargos e Benefícios'!$E$5:$AB$5,0),500,1)) *(IF('Gastos com Pessoal'!$G$7:$G$506<=C$3,('Gastos com Pessoal'!$H$7:$H$506)+1,1)) *(IF('Gastos com Pessoal'!$M$7:$M$506<=C$3,('Gastos com Pessoal'!$N$7:$N$506)+1,1)) *(IF('Gastos com Pessoal'!$S$7:$S$506<=C$3,('Gastos com Pessoal'!$T$7:$T$506)+1,1)) *(IF('Gastos com Pessoal'!$Y$7:$Y$506<=C$3,('Gastos com Pessoal'!$Z$7:$Z$506)+1,1)) *(IF('Gastos com Pessoal'!$AE$7:$AE$506<=C$3,('Gastos com Pessoal'!$AF$7:$AF$506)+1,1))),0)} -> 0 | D21: {=_xlfn.IFNA(SUM(((D$3>='Gastos com Pessoal'!$E$7:$E$506)*(D$3<='Gastos com Pessoal'!$F$7:$F$506)*OFFSET('Encargos e Benefícios'!$D$5,1,MATCH($B21,'Encargos e Benefícios'!$E$5:$AB$5,0),500,1)) *(IF('Gastos com Pessoal'!$G$7:$G$506<=D$3,('Gastos com Pessoal'!$H$7:$H$506)+1,1)) *(IF('Gastos com Pessoal'!$M$7:$M$506<=D$3,('Gastos com Pessoal'!$N$7:$N$506)+1,1)) *(IF('Gastos com Pessoal'!$S$7:$S$506<=D$3,('Gastos com Pessoal'!$T$7:$T$506)+1,1)) *(IF('Gastos com Pessoal'!$Y$7:$Y$506<=D$3,('Gastos com Pessoal'!$Z$7:$Z$506)+1,1)) *(IF('Gastos com Pessoal'!$AE$7:$AE$506<=D$3,('Gastos com Pessoal'!$AF$7:$AF$506)+1,1))),0)} -> 0 | E21: {=_xlfn.IFNA(SUM(((E$3>='Gastos com Pessoal'!$E$7:$E$506)*(E$3<='Gastos com Pessoal'!$F$7:$F$506)*OFFSET('Encargos e Benefícios'!$D$5,1,MATCH($B21,'Encargos e Benefícios'!$E$5:$AB$5,0),500,1)) *(IF('Gastos com Pessoal'!$G$7:$G$506<=E$3,('Gastos com Pessoal'!$H$7:$H$506)+1,1)) *(IF('Gastos com Pessoal'!$M$7:$M$506<=E$3,('Gastos com Pessoal'!$N$7:$N$506)+1,1)) *(IF('Gastos com Pessoal'!$S$7:$S$506<=E$3,('Gastos com Pessoal'!$T$7:$T$506)+1,1)) *(IF('Gastos com Pessoal'!$Y$7:$Y$506<=E$3,('Gastos com Pessoal'!$Z$7:$Z$506)+1,1)) *(IF('Gastos com Pessoal'!$AE$7:$AE$506<=E$3,('Gastos com Pessoal'!$AF$7:$AF$506)+1,1))),0)} -> 0 | F21: {=_xlfn.IFNA(SUM(((F$3>='Gastos com Pessoal'!$E$7:$E$506)*(F$3<='Gastos com Pessoal'!$F$7:$F$506)*OFFSET('Encargos e Benefícios'!$D$5,1,MATCH($B21,'Encargos e Benefícios'!$E$5:$AB$5,0),500,1)) *(IF('Gastos com Pessoal'!$G$7:$G$506<=F$3,('Gastos com Pessoal'!$H$7:$H$506)+1,1)) *(IF('Gastos com Pessoal'!$M$7:$M$506<=F$3,('Gastos com Pessoal'!$N$7:$N$506)+1,1)) *(IF('Gastos com Pessoal'!$S$7:$S$506<=F$3,('Gastos com Pessoal'!$T$7:$T$506)+1,1)) *(IF('Gastos com Pessoal'!$Y$7:$Y$506<=F$3,('Gastos com Pessoal'!$Z$7:$Z$506)+1,1)) *(IF('Gastos com Pessoal'!$AE$7:$AE$506<=F$3,('Gastos com Pessoal'!$AF$7:$AF$506)+1,1))),0)} -> 0 | G21: {=_xlfn.IFNA(SUM(((G$3>='Gastos com Pessoal'!$E$7:$E$506)*(G$3<='Gastos com Pessoal'!$F$7:$F$506)*OFFSET('Encargos e Benefícios'!$D$5,1,MATCH($B21,'Encargos e Benefícios'!$E$5:$AB$5,0),500,1)) *(IF('Gastos com Pessoal'!$G$7:$G$506<=G$3,('Gastos com Pessoal'!$H$7:$H$506)+1,1)) *(IF('Gastos com Pessoal'!$M$7:$M$506<=G$3,('Gastos com Pessoal'!$N$7:$N$506)+1,1)) *(IF('Gastos com Pessoal'!$S$7:$S$506<=G$3,('Gastos com Pessoal'!$T$7:$T$506)+1,1)) *(IF('Gastos com Pessoal'!$Y$7:$Y$506<=G$3,('Gastos com Pessoal'!$Z$7:$Z$506)+1,1)) *(IF('Gastos com Pessoal'!$AE$7:$AE$506<=G$3,('Gastos com Pessoal'!$AF$7:$AF$506)+1,1))),0)} -> 0 | H21: {=_xlfn.IFNA(SUM(((H$3>='Gastos com Pessoal'!$E$7:$E$506)*(H$3<='Gastos com Pessoal'!$F$7:$F$506)*OFFSET('Encargos e Benefícios'!$D$5,1,MATCH($B21,'Encargos e Benefícios'!$E$5:$AB$5,0),500,1)) *(IF('Gastos com Pessoal'!$G$7:$G$506<=H$3,('Gastos com Pessoal'!$H$7:$H$506)+1,1)) *(IF('Gastos com Pessoal'!$M$7:$M$506<=H$3,('Gastos com Pessoal'!$N$7:$N$506)+1,1)) *(IF('Gastos com Pessoal'!$S$7:$S$506<=H$3,('Gastos com Pessoal'!$T$7:$T$506)+1,1)) *(IF('Gastos com Pessoal'!$Y$7:$Y$506<=H$3,('Gastos com Pessoal'!$Z$7:$Z$506)+1,1)) *(IF('Gastos com Pessoal'!$AE$7:$AE$506<=H$3,('Gastos com Pessoal'!$AF$7:$AF$506)+1,1))),0)} -> 0 | I21: {=_xlfn.IFNA(SUM(((I$3>='Gastos com Pessoal'!$E$7:$E$506)*(I$3<='Gastos com Pessoal'!$F$7:$F$506)*OFFSET('Encargos e Benefícios'!$D$5,1,MATCH($B21,'Encargos e Benefícios'!$E$5:$AB$5,0),500,1)) *(IF('Gastos com Pessoal'!$G$7:$G$506<=I$3,('Gastos com Pessoal'!$H$7:$H$506)+1,1)) *(IF('Gastos com Pessoal'!$M$7:$M$506<=I$3,('Gastos com Pessoal'!$N$7:$N$506)+1,1)) *(IF('Gastos com Pessoal'!$S$7:$S$506<=I$3,('Gastos com Pessoal'!$T$7:$T$506)+1,1)) *(IF('Gastos com Pessoal'!$Y$7:$Y$506<=I$3,('Gastos com Pessoal'!$Z$7:$Z$506)+1,1)) *(IF('Gastos com Pessoal'!$AE$7:$AE$506<=I$3,('Gastos com Pessoal'!$AF$7:$AF$506)+1,1))),0)} -> 0 | J21: {=_xlfn.IFNA(SUM(((J$3>='Gastos com Pessoal'!$E$7:$E$506)*(J$3<='Gastos com Pessoal'!$F$7:$F$506)*OFFSET('Encargos e Benefícios'!$D$5,1,MATCH($B21,'Encargos e Benefícios'!$E$5:$AB$5,0),500,1)) *(IF('Gastos com Pessoal'!$G$7:$G$506<=J$3,('Gastos com Pessoal'!$H$7:$H$506)+1,1)) *(IF('Gastos com Pessoal'!$M$7:$M$506<=J$3,('Gastos com Pessoal'!$N$7:$N$506)+1,1)) *(IF('Gastos com Pessoal'!$S$7:$S$506<=J$3,('Gastos com Pessoal'!$T$7:$T$506)+1,1)) *(IF('Gastos com Pessoal'!$Y$7:$Y$506<=J$3,('Gastos com Pessoal'!$Z$7:$Z$506)+1,1)) *(IF('Gastos com Pessoal'!$AE$7:$AE$506<=J$3,('Gastos com Pessoal'!$AF$7:$AF$506)+1,1))),0)} -> 0 | ... BJ21: {=_xlfn.IFNA(SUM(((BJ$3>='Gastos com Pessoal'!$E$7:$E$506)*(BJ$3<='Gastos com Pessoal'!$F$7:$F$506)*OFFSET('Encargos e Benefícios'!$D$5,1,MATCH($B21,'Encargos e Benefícios'!$E$5:$AB$5,0),500,1)) *(IF('Gastos com Pessoal'!$G$7:$G$506<=BJ$3,('Gastos com Pessoal'!$H$7:$H$506)+1,1)) *(IF('Gastos com Pessoal'!$M$7:$M$506<=BJ$3,('Gastos com Pessoal'!$N$7:$N$506)+1,1)) *(IF('Gastos com Pessoal'!$S$7:$S$506<=BJ$3,('Gastos com Pessoal'!$T$7:$T$506)+1,1)) *(IF('Gastos com Pessoal'!$Y$7:$Y$506<=BJ$3,('Gastos com Pessoal'!$Z$7:$Z$506)+1,1)) *(IF('Gastos com Pessoal'!$AE$7:$AE$506<=BJ$3,('Gastos com Pessoal'!$AF$7:$AF$506)+1,1))),0)} -> 0 | BK21: =SUM(C21:BJ21) -> 0 | BL21: =IF($BK$138=0,0,BK21/$BK$138) -> 0
A22: 2.1.1.3 | B22: DSR Adicional Noturno | C22: {=_xlfn.IFNA(SUM(((C$3>='Gastos com Pessoal'!$E$7:$E$506)*(C$3<='Gastos com Pessoal'!$F$7:$F$506)*OFFSET('Encargos e Benefícios'!$D$5,1,MATCH($B22,'Encargos e Benefícios'!$E$5:$AB$5,0),500,1)) *(IF('Gastos com Pessoal'!$G$7:$G$506<=C$3,('Gastos com Pessoal'!$H$7:$H$506)+1,1)) *(IF('Gastos com Pessoal'!$M$7:$M$506<=C$3,('Gastos com Pessoal'!$N$7:$N$506)+1,1)) *(IF('Gastos com Pessoal'!$S$7:$S$506<=C$3,('Gastos com Pessoal'!$T$7:$T$506)+1,1)) *(IF('Gastos com Pessoal'!$Y$7:$Y$506<=C$3,('Gastos com Pessoal'!$Z$7:$Z$506)+1,1)) *(IF('Gastos com Pessoal'!$AE$7:$AE$506<=C$3,('Gastos com Pessoal'!$AF$7:$AF$506)+1,1))),0)} -> 0 | D22: {=_xlfn.IFNA(SUM(((D$3>='Gastos com Pessoal'!$E$7:$E$506)*(D$3<='Gastos com Pessoal'!$F$7:$F$506)*OFFSET('Encargos e Benefícios'!$D$5,1,MATCH($B22,'Encargos e Benefícios'!$E$5:$AB$5,0),500,1)) *(IF('Gastos com Pessoal'!$G$7:$G$506<=D$3,('Gastos com Pessoal'!$H$7:$H$506)+1,1)) *(IF('Gastos com Pessoal'!$M$7:$M$506<=D$3,('Gastos com Pessoal'!$N$7:$N$506)+1,1)) *(IF('Gastos com Pessoal'!$S$7:$S$506<=D$3,('Gastos com Pessoal'!$T$7:$T$506)+1,1)) *(IF('Gastos com Pessoal'!$Y$7:$Y$506<=D$3,('Gastos com Pessoal'!$Z$7:$Z$506)+1,1)) *(IF('Gastos com Pessoal'!$AE$7:$AE$506<=D$3,('Gastos com Pessoal'!$AF$7:$AF$506)+1,1))),0)} -> 0 | E22: {=_xlfn.IFNA(SUM(((E$3>='Gastos com Pessoal'!$E$7:$E$506)*(E$3<='Gastos com Pessoal'!$F$7:$F$506)*OFFSET('Encargos e Benefícios'!$D$5,1,MATCH($B22,'Encargos e Benefícios'!$E$5:$AB$5,0),500,1)) *(IF('Gastos com Pessoal'!$G$7:$G$506<=E$3,('Gastos com Pessoal'!$H$7:$H$506)+1,1)) *(IF('Gastos com Pessoal'!$M$7:$M$506<=E$3,('Gastos com Pessoal'!$N$7:$N$506)+1,1)) *(IF('Gastos com Pessoal'!$S$7:$S$506<=E$3,('Gastos com Pessoal'!$T$7:$T$506)+1,1)) *(IF('Gastos com Pessoal'!$Y$7:$Y$506<=E$3,('Gastos com Pessoal'!$Z$7:$Z$506)+1,1)) *(IF('Gastos com Pessoal'!$AE$7:$AE$506<=E$3,('Gastos com Pessoal'!$AF$7:$AF$506)+1,1))),0)} -> 0 | F22: {=_xlfn.IFNA(SUM(((F$3>='Gastos com Pessoal'!$E$7:$E$506)*(F$3<='Gastos com Pessoal'!$F$7:$F$506)*OFFSET('Encargos e Benefícios'!$D$5,1,MATCH($B22,'Encargos e Benefícios'!$E$5:$AB$5,0),500,1)) *(IF('Gastos com Pessoal'!$G$7:$G$506<=F$3,('Gastos com Pessoal'!$H$7:$H$506)+1,1)) *(IF('Gastos com Pessoal'!$M$7:$M$506<=F$3,('Gastos com Pessoal'!$N$7:$N$506)+1,1)) *(IF('Gastos com Pessoal'!$S$7:$S$506<=F$3,('Gastos com Pessoal'!$T$7:$T$506)+1,1)) *(IF('Gastos com Pessoal'!$Y$7:$Y$506<=F$3,('Gastos com Pessoal'!$Z$7:$Z$506)+1,1)) *(IF('Gastos com Pessoal'!$AE$7:$AE$506<=F$3,('Gastos com Pessoal'!$AF$7:$AF$506)+1,1))),0)} -> 0 | G22: {=_xlfn.IFNA(SUM(((G$3>='Gastos com Pessoal'!$E$7:$E$506)*(G$3<='Gastos com Pessoal'!$F$7:$F$506)*OFFSET('Encargos e Benefícios'!$D$5,1,MATCH($B22,'Encargos e Benefícios'!$E$5:$AB$5,0),500,1)) *(IF('Gastos com Pessoal'!$G$7:$G$506<=G$3,('Gastos com Pessoal'!$H$7:$H$506)+1,1)) *(IF('Gastos com Pessoal'!$M$7:$M$506<=G$3,('Gastos com Pessoal'!$N$7:$N$506)+1,1)) *(IF('Gastos com Pessoal'!$S$7:$S$506<=G$3,('Gastos com Pessoal'!$T$7:$T$506)+1,1)) *(IF('Gastos com Pessoal'!$Y$7:$Y$506<=G$3,('Gastos com Pessoal'!$Z$7:$Z$506)+1,1)) *(IF('Gastos com Pessoal'!$AE$7:$AE$506<=G$3,('Gastos com Pessoal'!$AF$7:$AF$506)+1,1))),0)} -> 0 | H22: {=_xlfn.IFNA(SUM(((H$3>='Gastos com Pessoal'!$E$7:$E$506)*(H$3<='Gastos com Pessoal'!$F$7:$F$506)*OFFSET('Encargos e Benefícios'!$D$5,1,MATCH($B22,'Encargos e Benefícios'!$E$5:$AB$5,0),500,1)) *(IF('Gastos com Pessoal'!$G$7:$G$506<=H$3,('Gastos com Pessoal'!$H$7:$H$506)+1,1)) *(IF('Gastos com Pessoal'!$M$7:$M$506<=H$3,('Gastos com Pessoal'!$N$7:$N$506)+1,1)) *(IF('Gastos com Pessoal'!$S$7:$S$506<=H$3,('Gastos com Pessoal'!$T$7:$T$506)+1,1)) *(IF('Gastos com Pessoal'!$Y$7:$Y$506<=H$3,('Gastos com Pessoal'!$Z$7:$Z$506)+1,1)) *(IF('Gastos com Pessoal'!$AE$7:$AE$506<=H$3,('Gastos com Pessoal'!$AF$7:$AF$506)+1,1))),0)} -> 0 | I22: {=_xlfn.IFNA(SUM(((I$3>='Gastos com Pessoal'!$E$7:$E$506)*(I$3<='Gastos com Pessoal'!$F$7:$F$506)*OFFSET('Encargos e Benefícios'!$D$5,1,MATCH($B22,'Encargos e Benefícios'!$E$5:$AB$5,0),500,1)) *(IF('Gastos com Pessoal'!$G$7:$G$506<=I$3,('Gastos com Pessoal'!$H$7:$H$506)+1,1)) *(IF('Gastos com Pessoal'!$M$7:$M$506<=I$3,('Gastos com Pessoal'!$N$7:$N$506)+1,1)) *(IF('Gastos com Pessoal'!$S$7:$S$506<=I$3,('Gastos com Pessoal'!$T$7:$T$506)+1,1)) *(IF('Gastos com Pessoal'!$Y$7:$Y$506<=I$3,('Gastos com Pessoal'!$Z$7:$Z$506)+1,1)) *(IF('Gastos com Pessoal'!$AE$7:$AE$506<=I$3,('Gastos com Pessoal'!$AF$7:$AF$506)+1,1))),0)} -> 0 | J22: {=_xlfn.IFNA(SUM(((J$3>='Gastos com Pessoal'!$E$7:$E$506)*(J$3<='Gastos com Pessoal'!$F$7:$F$506)*OFFSET('Encargos e Benefícios'!$D$5,1,MATCH($B22,'Encargos e Benefícios'!$E$5:$AB$5,0),500,1)) *(IF('Gastos com Pessoal'!$G$7:$G$506<=J$3,('Gastos com Pessoal'!$H$7:$H$506)+1,1)) *(IF('Gastos com Pessoal'!$M$7:$M$506<=J$3,('Gastos com Pessoal'!$N$7:$N$506)+1,1)) *(IF('Gastos com Pessoal'!$S$7:$S$506<=J$3,('Gastos com Pessoal'!$T$7:$T$506)+1,1)) *(IF('Gastos com Pessoal'!$Y$7:$Y$506<=J$3,('Gastos com Pessoal'!$Z$7:$Z$506)+1,1)) *(IF('Gastos com Pessoal'!$AE$7:$AE$506<=J$3,('Gastos com Pessoal'!$AF$7:$AF$506)+1,1))),0)} -> 0 | ... BJ22: {=_xlfn.IFNA(SUM(((BJ$3>='Gastos com Pessoal'!$E$7:$E$506)*(BJ$3<='Gastos com Pessoal'!$F$7:$F$506)*OFFSET('Encargos e Benefícios'!$D$5,1,MATCH($B22,'Encargos e Benefícios'!$E$5:$AB$5,0),500,1)) *(IF('Gastos com Pessoal'!$G$7:$G$506<=BJ$3,('Gastos com Pessoal'!$H$7:$H$506)+1,1)) *(IF('Gastos com Pessoal'!$M$7:$M$506<=BJ$3,('Gastos com Pessoal'!$N$7:$N$506)+1,1)) *(IF('Gastos com Pessoal'!$S$7:$S$506<=BJ$3,('Gastos com Pessoal'!$T$7:$T$506)+1,1)) *(IF('Gastos com Pessoal'!$Y$7:$Y$506<=BJ$3,('Gastos com Pessoal'!$Z$7:$Z$506)+1,1)) *(IF('Gastos com Pessoal'!$AE$7:$AE$506<=BJ$3,('Gastos com Pessoal'!$AF$7:$AF$506)+1,1))),0)} -> 0 | BK22: =SUM(C22:BJ22) -> 0 | BL22: =IF($BK$138=0,0,BK22/$BK$138) -> 0
A23: 2.1.1.4 | B23: Horas Extras | C23: {=_xlfn.IFNA(SUM(((C$3>='Gastos com Pessoal'!$E$7:$E$506)*(C$3<='Gastos com Pessoal'!$F$7:$F$506)*OFFSET('Encargos e Benefícios'!$D$5,1,MATCH($B23,'Encargos e Benefícios'!$E$5:$AB$5,0),500,1)) *(IF('Gastos com Pessoal'!$G$7:$G$506<=C$3,('Gastos com Pessoal'!$H$7:$H$506)+1,1)) *(IF('Gastos com Pessoal'!$M$7:$M$506<=C$3,('Gastos com Pessoal'!$N$7:$N$506)+1,1)) *(IF('Gastos com Pessoal'!$S$7:$S$506<=C$3,('Gastos com Pessoal'!$T$7:$T$506)+1,1)) *(IF('Gastos com Pessoal'!$Y$7:$Y$506<=C$3,('Gastos com Pessoal'!$Z$7:$Z$506)+1,1)) *(IF('Gastos com Pessoal'!$AE$7:$AE$506<=C$3,('Gastos com Pessoal'!$AF$7:$AF$506)+1,1))),0)} -> 0 | D23: {=_xlfn.IFNA(SUM(((D$3>='Gastos com Pessoal'!$E$7:$E$506)*(D$3<='Gastos com Pessoal'!$F$7:$F$506)*OFFSET('Encargos e Benefícios'!$D$5,1,MATCH($B23,'Encargos e Benefícios'!$E$5:$AB$5,0),500,1)) *(IF('Gastos com Pessoal'!$G$7:$G$506<=D$3,('Gastos com Pessoal'!$H$7:$H$506)+1,1)) *(IF('Gastos com Pessoal'!$M$7:$M$506<=D$3,('Gastos com Pessoal'!$N$7:$N$506)+1,1)) *(IF('Gastos com Pessoal'!$S$7:$S$506<=D$3,('Gastos com Pessoal'!$T$7:$T$506)+1,1)) *(IF('Gastos com Pessoal'!$Y$7:$Y$506<=D$3,('Gastos com Pessoal'!$Z$7:$Z$506)+1,1)) *(IF('Gastos com Pessoal'!$AE$7:$AE$506<=D$3,('Gastos com Pessoal'!$AF$7:$AF$506)+1,1))),0)} -> 0 | E23: {=_xlfn.IFNA(SUM(((E$3>='Gastos com Pessoal'!$E$7:$E$506)*(E$3<='Gastos com Pessoal'!$F$7:$F$506)*OFFSET('Encargos e Benefícios'!$D$5,1,MATCH($B23,'Encargos e Benefícios'!$E$5:$AB$5,0),500,1)) *(IF('Gastos com Pessoal'!$G$7:$G$506<=E$3,('Gastos com Pessoal'!$H$7:$H$506)+1,1)) *(IF('Gastos com Pessoal'!$M$7:$M$506<=E$3,('Gastos com Pessoal'!$N$7:$N$506)+1,1)) *(IF('Gastos com Pessoal'!$S$7:$S$506<=E$3,('Gastos com Pessoal'!$T$7:$T$506)+1,1)) *(IF('Gastos com Pessoal'!$Y$7:$Y$506<=E$3,('Gastos com Pessoal'!$Z$7:$Z$506)+1,1)) *(IF('Gastos com Pessoal'!$AE$7:$AE$506<=E$3,('Gastos com Pessoal'!$AF$7:$AF$506)+1,1))),0)} -> 0 | F23: {=_xlfn.IFNA(SUM(((F$3>='Gastos com Pessoal'!$E$7:$E$506)*(F$3<='Gastos com Pessoal'!$F$7:$F$506)*OFFSET('Encargos e Benefícios'!$D$5,1,MATCH($B23,'Encargos e Benefícios'!$E$5:$AB$5,0),500,1)) *(IF('Gastos com Pessoal'!$G$7:$G$506<=F$3,('Gastos com Pessoal'!$H$7:$H$506)+1,1)) *(IF('Gastos com Pessoal'!$M$7:$M$506<=F$3,('Gastos com Pessoal'!$N$7:$N$506)+1,1)) *(IF('Gastos com Pessoal'!$S$7:$S$506<=F$3,('Gastos com Pessoal'!$T$7:$T$506)+1,1)) *(IF('Gastos com Pessoal'!$Y$7:$Y$506<=F$3,('Gastos com Pessoal'!$Z$7:$Z$506)+1,1)) *(IF('Gastos com Pessoal'!$AE$7:$AE$506<=F$3,('Gastos com Pessoal'!$AF$7:$AF$506)+1,1))),0)} -> 0 | G23: {=_xlfn.IFNA(SUM(((G$3>='Gastos com Pessoal'!$E$7:$E$506)*(G$3<='Gastos com Pessoal'!$F$7:$F$506)*OFFSET('Encargos e Benefícios'!$D$5,1,MATCH($B23,'Encargos e Benefícios'!$E$5:$AB$5,0),500,1)) *(IF('Gastos com Pessoal'!$G$7:$G$506<=G$3,('Gastos com Pessoal'!$H$7:$H$506)+1,1)) *(IF('Gastos com Pessoal'!$M$7:$M$506<=G$3,('Gastos com Pessoal'!$N$7:$N$506)+1,1)) *(IF('Gastos com Pessoal'!$S$7:$S$506<=G$3,('Gastos com Pessoal'!$T$7:$T$506)+1,1)) *(IF('Gastos com Pessoal'!$Y$7:$Y$506<=G$3,('Gastos com Pessoal'!$Z$7:$Z$506)+1,1)) *(IF('Gastos com Pessoal'!$AE$7:$AE$506<=G$3,('Gastos com Pessoal'!$AF$7:$AF$506)+1,1))),0)} -> 0 | H23: {=_xlfn.IFNA(SUM(((H$3>='Gastos com Pessoal'!$E$7:$E$506)*(H$3<='Gastos com Pessoal'!$F$7:$F$506)*OFFSET('Encargos e Benefícios'!$D$5,1,MATCH($B23,'Encargos e Benefícios'!$E$5:$AB$5,0),500,1)) *(IF('Gastos com Pessoal'!$G$7:$G$506<=H$3,('Gastos com Pessoal'!$H$7:$H$506)+1,1)) *(IF('Gastos com Pessoal'!$M$7:$M$506<=H$3,('Gastos com Pessoal'!$N$7:$N$506)+1,1)) *(IF('Gastos com Pessoal'!$S$7:$S$506<=H$3,('Gastos com Pessoal'!$T$7:$T$506)+1,1)) *(IF('Gastos com Pessoal'!$Y$7:$Y$506<=H$3,('Gastos com Pessoal'!$Z$7:$Z$506)+1,1)) *(IF('Gastos com Pessoal'!$AE$7:$AE$506<=H$3,('Gastos com Pessoal'!$AF$7:$AF$506)+1,1))),0)} -> 0 | I23: {=_xlfn.IFNA(SUM(((I$3>='Gastos com Pessoal'!$E$7:$E$506)*(I$3<='Gastos com Pessoal'!$F$7:$F$506)*OFFSET('Encargos e Benefícios'!$D$5,1,MATCH($B23,'Encargos e Benefícios'!$E$5:$AB$5,0),500,1)) *(IF('Gastos com Pessoal'!$G$7:$G$506<=I$3,('Gastos com Pessoal'!$H$7:$H$506)+1,1)) *(IF('Gastos com Pessoal'!$M$7:$M$506<=I$3,('Gastos com Pessoal'!$N$7:$N$506)+1,1)) *(IF('Gastos com Pessoal'!$S$7:$S$506<=I$3,('Gastos com Pessoal'!$T$7:$T$506)+1,1)) *(IF('Gastos com Pessoal'!$Y$7:$Y$506<=I$3,('Gastos com Pessoal'!$Z$7:$Z$506)+1,1)) *(IF('Gastos com Pessoal'!$AE$7:$AE$506<=I$3,('Gastos com Pessoal'!$AF$7:$AF$506)+1,1))),0)} -> 0 | J23: {=_xlfn.IFNA(SUM(((J$3>='Gastos com Pessoal'!$E$7:$E$506)*(J$3<='Gastos com Pessoal'!$F$7:$F$506)*OFFSET('Encargos e Benefícios'!$D$5,1,MATCH($B23,'Encargos e Benefícios'!$E$5:$AB$5,0),500,1)) *(IF('Gastos com Pessoal'!$G$7:$G$506<=J$3,('Gastos com Pessoal'!$H$7:$H$506)+1,1)) *(IF('Gastos com Pessoal'!$M$7:$M$506<=J$3,('Gastos com Pessoal'!$N$7:$N$506)+1,1)) *(IF('Gastos com Pessoal'!$S$7:$S$506<=J$3,('Gastos com Pessoal'!$T$7:$T$506)+1,1)) *(IF('Gastos com Pessoal'!$Y$7:$Y$506<=J$3,('Gastos com Pessoal'!$Z$7:$Z$506)+1,1)) *(IF('Gastos com Pessoal'!$AE$7:$AE$506<=J$3,('Gastos com Pessoal'!$AF$7:$AF$506)+1,1))),0)} -> 0 | ... BJ23: {=_xlfn.IFNA(SUM(((BJ$3>='Gastos com Pessoal'!$E$7:$E$506)*(BJ$3<='Gastos com Pessoal'!$F$7:$F$506)*OFFSET('Encargos e Benefícios'!$D$5,1,MATCH($B23,'Encargos e Benefícios'!$E$5:$AB$5,0),500,1)) *(IF('Gastos com Pessoal'!$G$7:$G$506<=BJ$3,('Gastos com Pessoal'!$H$7:$H$506)+1,1)) *(IF('Gastos com Pessoal'!$M$7:$M$506<=BJ$3,('Gastos com Pessoal'!$N$7:$N$506)+1,1)) *(IF('Gastos com Pessoal'!$S$7:$S$506<=BJ$3,('Gastos com Pessoal'!$T$7:$T$506)+1,1)) *(IF('Gastos com Pessoal'!$Y$7:$Y$506<=BJ$3,('Gastos com Pessoal'!$Z$7:$Z$506)+1,1)) *(IF('Gastos com Pessoal'!$AE$7:$AE$506<=BJ$3,('Gastos com Pessoal'!$AF$7:$AF$506)+1,1))),0)} -> 0 | BK23: =SUM(C23:BJ23) -> 0 | BL23: =IF($BK$138=0,0,BK23/$BK$138) -> 0
A24: 2.1.1.5 | B24: DSR Horas Extras | C24: {=_xlfn.IFNA(SUM(((C$3>='Gastos com Pessoal'!$E$7:$E$506)*(C$3<='Gastos com Pessoal'!$F$7:$F$506)*OFFSET('Encargos e Benefícios'!$D$5,1,MATCH($B24,'Encargos e Benefícios'!$E$5:$AB$5,0),500,1)) *(IF('Gastos com Pessoal'!$G$7:$G$506<=C$3,('Gastos com Pessoal'!$H$7:$H$506)+1,1)) *(IF('Gastos com Pessoal'!$M$7:$M$506<=C$3,('Gastos com Pessoal'!$N$7:$N$506)+1,1)) *(IF('Gastos com Pessoal'!$S$7:$S$506<=C$3,('Gastos com Pessoal'!$T$7:$T$506)+1,1)) *(IF('Gastos com Pessoal'!$Y$7:$Y$506<=C$3,('Gastos com Pessoal'!$Z$7:$Z$506)+1,1)) *(IF('Gastos com Pessoal'!$AE$7:$AE$506<=C$3,('Gastos com Pessoal'!$AF$7:$AF$506)+1,1))),0)} -> 0 | D24: {=_xlfn.IFNA(SUM(((D$3>='Gastos com Pessoal'!$E$7:$E$506)*(D$3<='Gastos com Pessoal'!$F$7:$F$506)*OFFSET('Encargos e Benefícios'!$D$5,1,MATCH($B24,'Encargos e Benefícios'!$E$5:$AB$5,0),500,1)) *(IF('Gastos com Pessoal'!$G$7:$G$506<=D$3,('Gastos com Pessoal'!$H$7:$H$506)+1,1)) *(IF('Gastos com Pessoal'!$M$7:$M$506<=D$3,('Gastos com Pessoal'!$N$7:$N$506)+1,1)) *(IF('Gastos com Pessoal'!$S$7:$S$506<=D$3,('Gastos com Pessoal'!$T$7:$T$506)+1,1)) *(IF('Gastos com Pessoal'!$Y$7:$Y$506<=D$3,('Gastos com Pessoal'!$Z$7:$Z$506)+1,1)) *(IF('Gastos com Pessoal'!$AE$7:$AE$506<=D$3,('Gastos com Pessoal'!$AF$7:$AF$506)+1,1))),0)} -> 0 | E24: {=_xlfn.IFNA(SUM(((E$3>='Gastos com Pessoal'!$E$7:$E$506)*(E$3<='Gastos com Pessoal'!$F$7:$F$506)*OFFSET('Encargos e Benefícios'!$D$5,1,MATCH($B24,'Encargos e Benefícios'!$E$5:$AB$5,0),500,1)) *(IF('Gastos com Pessoal'!$G$7:$G$506<=E$3,('Gastos com Pessoal'!$H$7:$H$506)+1,1)) *(IF('Gastos com Pessoal'!$M$7:$M$506<=E$3,('Gastos com Pessoal'!$N$7:$N$506)+1,1)) *(IF('Gastos com Pessoal'!$S$7:$S$506<=E$3,('Gastos com Pessoal'!$T$7:$T$506)+1,1)) *(IF('Gastos com Pessoal'!$Y$7:$Y$506<=E$3,('Gastos com Pessoal'!$Z$7:$Z$506)+1,1)) *(IF('Gastos com Pessoal'!$AE$7:$AE$506<=E$3,('Gastos com Pessoal'!$AF$7:$AF$506)+1,1))),0)} -> 0 | F24: {=_xlfn.IFNA(SUM(((F$3>='Gastos com Pessoal'!$E$7:$E$506)*(F$3<='Gastos com Pessoal'!$F$7:$F$506)*OFFSET('Encargos e Benefícios'!$D$5,1,MATCH($B24,'Encargos e Benefícios'!$E$5:$AB$5,0),500,1)) *(IF('Gastos com Pessoal'!$G$7:$G$506<=F$3,('Gastos com Pessoal'!$H$7:$H$506)+1,1)) *(IF('Gastos com Pessoal'!$M$7:$M$506<=F$3,('Gastos com Pessoal'!$N$7:$N$506)+1,1)) *(IF('Gastos com Pessoal'!$S$7:$S$506<=F$3,('Gastos com Pessoal'!$T$7:$T$506)+1,1)) *(IF('Gastos com Pessoal'!$Y$7:$Y$506<=F$3,('Gastos com Pessoal'!$Z$7:$Z$506)+1,1)) *(IF('Gastos com Pessoal'!$AE$7:$AE$506<=F$3,('Gastos com Pessoal'!$AF$7:$AF$506)+1,1))),0)} -> 0 | G24: {=_xlfn.IFNA(SUM(((G$3>='Gastos com Pessoal'!$E$7:$E$506)*(G$3<='Gastos com Pessoal'!$F$7:$F$506)*OFFSET('Encargos e Benefícios'!$D$5,1,MATCH($B24,'Encargos e Benefícios'!$E$5:$AB$5,0),500,1)) *(IF('Gastos com Pessoal'!$G$7:$G$506<=G$3,('Gastos com Pessoal'!$H$7:$H$506)+1,1)) *(IF('Gastos com Pessoal'!$M$7:$M$506<=G$3,('Gastos com Pessoal'!$N$7:$N$506)+1,1)) *(IF('Gastos com Pessoal'!$S$7:$S$506<=G$3,('Gastos com Pessoal'!$T$7:$T$506)+1,1)) *(IF('Gastos com Pessoal'!$Y$7:$Y$506<=G$3,('Gastos com Pessoal'!$Z$7:$Z$506)+1,1)) *(IF('Gastos com Pessoal'!$AE$7:$AE$506<=G$3,('Gastos com Pessoal'!$AF$7:$AF$506)+1,1))),0)} -> 0 | H24: {=_xlfn.IFNA(SUM(((H$3>='Gastos com Pessoal'!$E$7:$E$506)*(H$3<='Gastos com Pessoal'!$F$7:$F$506)*OFFSET('Encargos e Benefícios'!$D$5,1,MATCH($B24,'Encargos e Benefícios'!$E$5:$AB$5,0),500,1)) *(IF('Gastos com Pessoal'!$G$7:$G$506<=H$3,('Gastos com Pessoal'!$H$7:$H$506)+1,1)) *(IF('Gastos com Pessoal'!$M$7:$M$506<=H$3,('Gastos com Pessoal'!$N$7:$N$506)+1,1)) *(IF('Gastos com Pessoal'!$S$7:$S$506<=H$3,('Gastos com Pessoal'!$T$7:$T$506)+1,1)) *(IF('Gastos com Pessoal'!$Y$7:$Y$506<=H$3,('Gastos com Pessoal'!$Z$7:$Z$506)+1,1)) *(IF('Gastos com Pessoal'!$AE$7:$AE$506<=H$3,('Gastos com Pessoal'!$AF$7:$AF$506)+1,1))),0)} -> 0 | I24: {=_xlfn.IFNA(SUM(((I$3>='Gastos com Pessoal'!$E$7:$E$506)*(I$3<='Gastos com Pessoal'!$F$7:$F$506)*OFFSET('Encargos e Benefícios'!$D$5,1,MATCH($B24,'Encargos e Benefícios'!$E$5:$AB$5,0),500,1)) *(IF('Gastos com Pessoal'!$G$7:$G$506<=I$3,('Gastos com Pessoal'!$H$7:$H$506)+1,1)) *(IF('Gastos com Pessoal'!$M$7:$M$506<=I$3,('Gastos com Pessoal'!$N$7:$N$506)+1,1)) *(IF('Gastos com Pessoal'!$S$7:$S$506<=I$3,('Gastos com Pessoal'!$T$7:$T$506)+1,1)) *(IF('Gastos com Pessoal'!$Y$7:$Y$506<=I$3,('Gastos com Pessoal'!$Z$7:$Z$506)+1,1)) *(IF('Gastos com Pessoal'!$AE$7:$AE$506<=I$3,('Gastos com Pessoal'!$AF$7:$AF$506)+1,1))),0)} -> 0 | J24: {=_xlfn.IFNA(SUM(((J$3>='Gastos com Pessoal'!$E$7:$E$506)*(J$3<='Gastos com Pessoal'!$F$7:$F$506)*OFFSET('Encargos e Benefícios'!$D$5,1,MATCH($B24,'Encargos e Benefícios'!$E$5:$AB$5,0),500,1)) *(IF('Gastos com Pessoal'!$G$7:$G$506<=J$3,('Gastos com Pessoal'!$H$7:$H$506)+1,1)) *(IF('Gastos com Pessoal'!$M$7:$M$506<=J$3,('Gastos com Pessoal'!$N$7:$N$506)+1,1)) *(IF('Gastos com Pessoal'!$S$7:$S$506<=J$3,('Gastos com Pessoal'!$T$7:$T$506)+1,1)) *(IF('Gastos com Pessoal'!$Y$7:$Y$506<=J$3,('Gastos com Pessoal'!$Z$7:$Z$506)+1,1)) *(IF('Gastos com Pessoal'!$AE$7:$AE$506<=J$3,('Gastos com Pessoal'!$AF$7:$AF$506)+1,1))),0)} -> 0 | ... BJ24: {=_xlfn.IFNA(SUM(((BJ$3>='Gastos com Pessoal'!$E$7:$E$506)*(BJ$3<='Gastos com Pessoal'!$F$7:$F$506)*OFFSET('Encargos e Benefícios'!$D$5,1,MATCH($B24,'Encargos e Benefícios'!$E$5:$AB$5,0),500,1)) *(IF('Gastos com Pessoal'!$G$7:$G$506<=BJ$3,('Gastos com Pessoal'!$H$7:$H$506)+1,1)) *(IF('Gastos com Pessoal'!$M$7:$M$506<=BJ$3,('Gastos com Pessoal'!$N$7:$N$506)+1,1)) *(IF('Gastos com Pessoal'!$S$7:$S$506<=BJ$3,('Gastos com Pessoal'!$T$7:$T$506)+1,1)) *(IF('Gastos com Pessoal'!$Y$7:$Y$506<=BJ$3,('Gastos com Pessoal'!$Z$7:$Z$506)+1,1)) *(IF('Gastos com Pessoal'!$AE$7:$AE$506<=BJ$3,('Gastos com Pessoal'!$AF$7:$AF$506)+1,1))),0)} -> 0 | BK24: =SUM(C24:BJ24) -> 0 | BL24: =IF($BK$138=0,0,BK24/$BK$138) -> 0
A25: 2.1.1.6 | B25: Adicional Periculosidade | C25: {=_xlfn.IFNA(SUM(((C$3>='Gastos com Pessoal'!$E$7:$E$506)*(C$3<='Gastos com Pessoal'!$F$7:$F$506)*OFFSET('Encargos e Benefícios'!$D$5,1,MATCH($B25,'Encargos e Benefícios'!$E$5:$AB$5,0),500,1)) *(IF('Gastos com Pessoal'!$G$7:$G$506<=C$3,('Gastos com Pessoal'!$H$7:$H$506)+1,1)) *(IF('Gastos com Pessoal'!$M$7:$M$506<=C$3,('Gastos com Pessoal'!$N$7:$N$506)+1,1)) *(IF('Gastos com Pessoal'!$S$7:$S$506<=C$3,('Gastos com Pessoal'!$T$7:$T$506)+1,1)) *(IF('Gastos com Pessoal'!$Y$7:$Y$506<=C$3,('Gastos com Pessoal'!$Z$7:$Z$506)+1,1)) *(IF('Gastos com Pessoal'!$AE$7:$AE$506<=C$3,('Gastos com Pessoal'!$AF$7:$AF$506)+1,1))),0)} -> 0 | D25: {=_xlfn.IFNA(SUM(((D$3>='Gastos com Pessoal'!$E$7:$E$506)*(D$3<='Gastos com Pessoal'!$F$7:$F$506)*OFFSET('Encargos e Benefícios'!$D$5,1,MATCH($B25,'Encargos e Benefícios'!$E$5:$AB$5,0),500,1)) *(IF('Gastos com Pessoal'!$G$7:$G$506<=D$3,('Gastos com Pessoal'!$H$7:$H$506)+1,1)) *(IF('Gastos com Pessoal'!$M$7:$M$506<=D$3,('Gastos com Pessoal'!$N$7:$N$506)+1,1)) *(IF('Gastos com Pessoal'!$S$7:$S$506<=D$3,('Gastos com Pessoal'!$T$7:$T$506)+1,1)) *(IF('Gastos com Pessoal'!$Y$7:$Y$506<=D$3,('Gastos com Pessoal'!$Z$7:$Z$506)+1,1)) *(IF('Gastos com Pessoal'!$AE$7:$AE$506<=D$3,('Gastos com Pessoal'!$AF$7:$AF$506)+1,1))),0)} -> 0 | E25: {=_xlfn.IFNA(SUM(((E$3>='Gastos com Pessoal'!$E$7:$E$506)*(E$3<='Gastos com Pessoal'!$F$7:$F$506)*OFFSET('Encargos e Benefícios'!$D$5,1,MATCH($B25,'Encargos e Benefícios'!$E$5:$AB$5,0),500,1)) *(IF('Gastos com Pessoal'!$G$7:$G$506<=E$3,('Gastos com Pessoal'!$H$7:$H$506)+1,1)) *(IF('Gastos com Pessoal'!$M$7:$M$506<=E$3,('Gastos com Pessoal'!$N$7:$N$506)+1,1)) *(IF('Gastos com Pessoal'!$S$7:$S$506<=E$3,('Gastos com Pessoal'!$T$7:$T$506)+1,1)) *(IF('Gastos com Pessoal'!$Y$7:$Y$506<=E$3,('Gastos com Pessoal'!$Z$7:$Z$506)+1,1)) *(IF('Gastos com Pessoal'!$AE$7:$AE$506<=E$3,('Gastos com Pessoal'!$AF$7:$AF$506)+1,1))),0)} -> 0 | F25: {=_xlfn.IFNA(SUM(((F$3>='Gastos com Pessoal'!$E$7:$E$506)*(F$3<='Gastos com Pessoal'!$F$7:$F$506)*OFFSET('Encargos e Benefícios'!$D$5,1,MATCH($B25,'Encargos e Benefícios'!$E$5:$AB$5,0),500,1)) *(IF('Gastos com Pessoal'!$G$7:$G$506<=F$3,('Gastos com Pessoal'!$H$7:$H$506)+1,1)) *(IF('Gastos com Pessoal'!$M$7:$M$506<=F$3,('Gastos com Pessoal'!$N$7:$N$506)+1,1)) *(IF('Gastos com Pessoal'!$S$7:$S$506<=F$3,('Gastos com Pessoal'!$T$7:$T$506)+1,1)) *(IF('Gastos com Pessoal'!$Y$7:$Y$506<=F$3,('Gastos com Pessoal'!$Z$7:$Z$506)+1,1)) *(IF('Gastos com Pessoal'!$AE$7:$AE$506<=F$3,('Gastos com Pessoal'!$AF$7:$AF$506)+1,1))),0)} -> 0 | G25: {=_xlfn.IFNA(SUM(((G$3>='Gastos com Pessoal'!$E$7:$E$506)*(G$3<='Gastos com Pessoal'!$F$7:$F$506)*OFFSET('Encargos e Benefícios'!$D$5,1,MATCH($B25,'Encargos e Benefícios'!$E$5:$AB$5,0),500,1)) *(IF('Gastos com Pessoal'!$G$7:$G$506<=G$3,('Gastos com Pessoal'!$H$7:$H$506)+1,1)) *(IF('Gastos com Pessoal'!$M$7:$M$506<=G$3,('Gastos com Pessoal'!$N$7:$N$506)+1,1)) *(IF('Gastos com Pessoal'!$S$7:$S$506<=G$3,('Gastos com Pessoal'!$T$7:$T$506)+1,1)) *(IF('Gastos com Pessoal'!$Y$7:$Y$506<=G$3,('Gastos com Pessoal'!$Z$7:$Z$506)+1,1)) *(IF('Gastos com Pessoal'!$AE$7:$AE$506<=G$3,('Gastos com Pessoal'!$AF$7:$AF$506)+1,1))),0)} -> 0 | H25: {=_xlfn.IFNA(SUM(((H$3>='Gastos com Pessoal'!$E$7:$E$506)*(H$3<='Gastos com Pessoal'!$F$7:$F$506)*OFFSET('Encargos e Benefícios'!$D$5,1,MATCH($B25,'Encargos e Benefícios'!$E$5:$AB$5,0),500,1)) *(IF('Gastos com Pessoal'!$G$7:$G$506<=H$3,('Gastos com Pessoal'!$H$7:$H$506)+1,1)) *(IF('Gastos com Pessoal'!$M$7:$M$506<=H$3,('Gastos com Pessoal'!$N$7:$N$506)+1,1)) *(IF('Gastos com Pessoal'!$S$7:$S$506<=H$3,('Gastos com Pessoal'!$T$7:$T$506)+1,1)) *(IF('Gastos com Pessoal'!$Y$7:$Y$506<=H$3,('Gastos com Pessoal'!$Z$7:$Z$506)+1,1)) *(IF('Gastos com Pessoal'!$AE$7:$AE$506<=H$3,('Gastos com Pessoal'!$AF$7:$AF$506)+1,1))),0)} -> 0 | I25: {=_xlfn.IFNA(SUM(((I$3>='Gastos com Pessoal'!$E$7:$E$506)*(I$3<='Gastos com Pessoal'!$F$7:$F$506)*OFFSET('Encargos e Benefícios'!$D$5,1,MATCH($B25,'Encargos e Benefícios'!$E$5:$AB$5,0),500,1)) *(IF('Gastos com Pessoal'!$G$7:$G$506<=I$3,('Gastos com Pessoal'!$H$7:$H$506)+1,1)) *(IF('Gastos com Pessoal'!$M$7:$M$506<=I$3,('Gastos com Pessoal'!$N$7:$N$506)+1,1)) *(IF('Gastos com Pessoal'!$S$7:$S$506<=I$3,('Gastos com Pessoal'!$T$7:$T$506)+1,1)) *(IF('Gastos com Pessoal'!$Y$7:$Y$506<=I$3,('Gastos com Pessoal'!$Z$7:$Z$506)+1,1)) *(IF('Gastos com Pessoal'!$AE$7:$AE$506<=I$3,('Gastos com Pessoal'!$AF$7:$AF$506)+1,1))),0)} -> 0 | J25: {=_xlfn.IFNA(SUM(((J$3>='Gastos com Pessoal'!$E$7:$E$506)*(J$3<='Gastos com Pessoal'!$F$7:$F$506)*OFFSET('Encargos e Benefícios'!$D$5,1,MATCH($B25,'Encargos e Benefícios'!$E$5:$AB$5,0),500,1)) *(IF('Gastos com Pessoal'!$G$7:$G$506<=J$3,('Gastos com Pessoal'!$H$7:$H$506)+1,1)) *(IF('Gastos com Pessoal'!$M$7:$M$506<=J$3,('Gastos com Pessoal'!$N$7:$N$506)+1,1)) *(IF('Gastos com Pessoal'!$S$7:$S$506<=J$3,('Gastos com Pessoal'!$T$7:$T$506)+1,1)) *(IF('Gastos com Pessoal'!$Y$7:$Y$506<=J$3,('Gastos com Pessoal'!$Z$7:$Z$506)+1,1)) *(IF('Gastos com Pessoal'!$AE$7:$AE$506<=J$3,('Gastos com Pessoal'!$AF$7:$AF$506)+1,1))),0)} -> 0 | ... BJ25: {=_xlfn.IFNA(SUM(((BJ$3>='Gastos com Pessoal'!$E$7:$E$506)*(BJ$3<='Gastos com Pessoal'!$F$7:$F$506)*OFFSET('Encargos e Benefícios'!$D$5,1,MATCH($B25,'Encargos e Benefícios'!$E$5:$AB$5,0),500,1)) *(IF('Gastos com Pessoal'!$G$7:$G$506<=BJ$3,('Gastos com Pessoal'!$H$7:$H$506)+1,1)) *(IF('Gastos com Pessoal'!$M$7:$M$506<=BJ$3,('Gastos com Pessoal'!$N$7:$N$506)+1,1)) *(IF('Gastos com Pessoal'!$S$7:$S$506<=BJ$3,('Gastos com Pessoal'!$T$7:$T$506)+1,1)) *(IF('Gastos com Pessoal'!$Y$7:$Y$506<=BJ$3,('Gastos com Pessoal'!$Z$7:$Z$506)+1,1)) *(IF('Gastos com Pessoal'!$AE$7:$AE$506<=BJ$3,('Gastos com Pessoal'!$AF$7:$AF$506)+1,1))),0)} -> 0 | BK25: =SUM(C25:BJ25) -> 0 | BL25: =IF($BK$138=0,0,BK25/$BK$138) -> 0
A26: 2.1.1.7 | B26: Gratificação de função | C26: {=_xlfn.IFNA(SUM(((C$3>='Gastos com Pessoal'!$E$7:$E$506)*(C$3<='Gastos com Pessoal'!$F$7:$F$506)*OFFSET('Encargos e Benefícios'!$D$5,1,MATCH($B26,'Encargos e Benefícios'!$E$5:$AB$5,0),500,1)) *(IF('Gastos com Pessoal'!$G$7:$G$506<=C$3,('Gastos com Pessoal'!$H$7:$H$506)+1,1)) *(IF('Gastos com Pessoal'!$M$7:$M$506<=C$3,('Gastos com Pessoal'!$N$7:$N$506)+1,1)) *(IF('Gastos com Pessoal'!$S$7:$S$506<=C$3,('Gastos com Pessoal'!$T$7:$T$506)+1,1)) *(IF('Gastos com Pessoal'!$Y$7:$Y$506<=C$3,('Gastos com Pessoal'!$Z$7:$Z$506)+1,1)) *(IF('Gastos com Pessoal'!$AE$7:$AE$506<=C$3,('Gastos com Pessoal'!$AF$7:$AF$506)+1,1))),0)} -> 0 | D26: {=_xlfn.IFNA(SUM(((D$3>='Gastos com Pessoal'!$E$7:$E$506)*(D$3<='Gastos com Pessoal'!$F$7:$F$506)*OFFSET('Encargos e Benefícios'!$D$5,1,MATCH($B26,'Encargos e Benefícios'!$E$5:$AB$5,0),500,1)) *(IF('Gastos com Pessoal'!$G$7:$G$506<=D$3,('Gastos com Pessoal'!$H$7:$H$506)+1,1)) *(IF('Gastos com Pessoal'!$M$7:$M$506<=D$3,('Gastos com Pessoal'!$N$7:$N$506)+1,1)) *(IF('Gastos com Pessoal'!$S$7:$S$506<=D$3,('Gastos com Pessoal'!$T$7:$T$506)+1,1)) *(IF('Gastos com Pessoal'!$Y$7:$Y$506<=D$3,('Gastos com Pessoal'!$Z$7:$Z$506)+1,1)) *(IF('Gastos com Pessoal'!$AE$7:$AE$506<=D$3,('Gastos com Pessoal'!$AF$7:$AF$506)+1,1))),0)} -> 0 | E26: {=_xlfn.IFNA(SUM(((E$3>='Gastos com Pessoal'!$E$7:$E$506)*(E$3<='Gastos com Pessoal'!$F$7:$F$506)*OFFSET('Encargos e Benefícios'!$D$5,1,MATCH($B26,'Encargos e Benefícios'!$E$5:$AB$5,0),500,1)) *(IF('Gastos com Pessoal'!$G$7:$G$506<=E$3,('Gastos com Pessoal'!$H$7:$H$506)+1,1)) *(IF('Gastos com Pessoal'!$M$7:$M$506<=E$3,('Gastos com Pessoal'!$N$7:$N$506)+1,1)) *(IF('Gastos com Pessoal'!$S$7:$S$506<=E$3,('Gastos com Pessoal'!$T$7:$T$506)+1,1)) *(IF('Gastos com Pessoal'!$Y$7:$Y$506<=E$3,('Gastos com Pessoal'!$Z$7:$Z$506)+1,1)) *(IF('Gastos com Pessoal'!$AE$7:$AE$506<=E$3,('Gastos com Pessoal'!$AF$7:$AF$506)+1,1))),0)} -> 0 | F26: {=_xlfn.IFNA(SUM(((F$3>='Gastos com Pessoal'!$E$7:$E$506)*(F$3<='Gastos com Pessoal'!$F$7:$F$506)*OFFSET('Encargos e Benefícios'!$D$5,1,MATCH($B26,'Encargos e Benefícios'!$E$5:$AB$5,0),500,1)) *(IF('Gastos com Pessoal'!$G$7:$G$506<=F$3,('Gastos com Pessoal'!$H$7:$H$506)+1,1)) *(IF('Gastos com Pessoal'!$M$7:$M$506<=F$3,('Gastos com Pessoal'!$N$7:$N$506)+1,1)) *(IF('Gastos com Pessoal'!$S$7:$S$506<=F$3,('Gastos com Pessoal'!$T$7:$T$506)+1,1)) *(IF('Gastos com Pessoal'!$Y$7:$Y$506<=F$3,('Gastos com Pessoal'!$Z$7:$Z$506)+1,1)) *(IF('Gastos com Pessoal'!$AE$7:$AE$506<=F$3,('Gastos com Pessoal'!$AF$7:$AF$506)+1,1))),0)} -> 0 | G26: {=_xlfn.IFNA(SUM(((G$3>='Gastos com Pessoal'!$E$7:$E$506)*(G$3<='Gastos com Pessoal'!$F$7:$F$506)*OFFSET('Encargos e Benefícios'!$D$5,1,MATCH($B26,'Encargos e Benefícios'!$E$5:$AB$5,0),500,1)) *(IF('Gastos com Pessoal'!$G$7:$G$506<=G$3,('Gastos com Pessoal'!$H$7:$H$506)+1,1)) *(IF('Gastos com Pessoal'!$M$7:$M$506<=G$3,('Gastos com Pessoal'!$N$7:$N$506)+1,1)) *(IF('Gastos com Pessoal'!$S$7:$S$506<=G$3,('Gastos com Pessoal'!$T$7:$T$506)+1,1)) *(IF('Gastos com Pessoal'!$Y$7:$Y$506<=G$3,('Gastos com Pessoal'!$Z$7:$Z$506)+1,1)) *(IF('Gastos com Pessoal'!$AE$7:$AE$506<=G$3,('Gastos com Pessoal'!$AF$7:$AF$506)+1,1))),0)} -> 0 | H26: {=_xlfn.IFNA(SUM(((H$3>='Gastos com Pessoal'!$E$7:$E$506)*(H$3<='Gastos com Pessoal'!$F$7:$F$506)*OFFSET('Encargos e Benefícios'!$D$5,1,MATCH($B26,'Encargos e Benefícios'!$E$5:$AB$5,0),500,1)) *(IF('Gastos com Pessoal'!$G$7:$G$506<=H$3,('Gastos com Pessoal'!$H$7:$H$506)+1,1)) *(IF('Gastos com Pessoal'!$M$7:$M$506<=H$3,('Gastos com Pessoal'!$N$7:$N$506)+1,1)) *(IF('Gastos com Pessoal'!$S$7:$S$506<=H$3,('Gastos com Pessoal'!$T$7:$T$506)+1,1)) *(IF('Gastos com Pessoal'!$Y$7:$Y$506<=H$3,('Gastos com Pessoal'!$Z$7:$Z$506)+1,1)) *(IF('Gastos com Pessoal'!$AE$7:$AE$506<=H$3,('Gastos com Pessoal'!$AF$7:$AF$506)+1,1))),0)} -> 0 | I26: {=_xlfn.IFNA(SUM(((I$3>='Gastos com Pessoal'!$E$7:$E$506)*(I$3<='Gastos com Pessoal'!$F$7:$F$506)*OFFSET('Encargos e Benefícios'!$D$5,1,MATCH($B26,'Encargos e Benefícios'!$E$5:$AB$5,0),500,1)) *(IF('Gastos com Pessoal'!$G$7:$G$506<=I$3,('Gastos com Pessoal'!$H$7:$H$506)+1,1)) *(IF('Gastos com Pessoal'!$M$7:$M$506<=I$3,('Gastos com Pessoal'!$N$7:$N$506)+1,1)) *(IF('Gastos com Pessoal'!$S$7:$S$506<=I$3,('Gastos com Pessoal'!$T$7:$T$506)+1,1)) *(IF('Gastos com Pessoal'!$Y$7:$Y$506<=I$3,('Gastos com Pessoal'!$Z$7:$Z$506)+1,1)) *(IF('Gastos com Pessoal'!$AE$7:$AE$506<=I$3,('Gastos com Pessoal'!$AF$7:$AF$506)+1,1))),0)} -> 0 | J26: {=_xlfn.IFNA(SUM(((J$3>='Gastos com Pessoal'!$E$7:$E$506)*(J$3<='Gastos com Pessoal'!$F$7:$F$506)*OFFSET('Encargos e Benefícios'!$D$5,1,MATCH($B26,'Encargos e Benefícios'!$E$5:$AB$5,0),500,1)) *(IF('Gastos com Pessoal'!$G$7:$G$506<=J$3,('Gastos com Pessoal'!$H$7:$H$506)+1,1)) *(IF('Gastos com Pessoal'!$M$7:$M$506<=J$3,('Gastos com Pessoal'!$N$7:$N$506)+1,1)) *(IF('Gastos com Pessoal'!$S$7:$S$506<=J$3,('Gastos com Pessoal'!$T$7:$T$506)+1,1)) *(IF('Gastos com Pessoal'!$Y$7:$Y$506<=J$3,('Gastos com Pessoal'!$Z$7:$Z$506)+1,1)) *(IF('Gastos com Pessoal'!$AE$7:$AE$506<=J$3,('Gastos com Pessoal'!$AF$7:$AF$506)+1,1))),0)} -> 0 | ... BJ26: {=_xlfn.IFNA(SUM(((BJ$3>='Gastos com Pessoal'!$E$7:$E$506)*(BJ$3<='Gastos com Pessoal'!$F$7:$F$506)*OFFSET('Encargos e Benefícios'!$D$5,1,MATCH($B26,'Encargos e Benefícios'!$E$5:$AB$5,0),500,1)) *(IF('Gastos com Pessoal'!$G$7:$G$506<=BJ$3,('Gastos com Pessoal'!$H$7:$H$506)+1,1)) *(IF('Gastos com Pessoal'!$M$7:$M$506<=BJ$3,('Gastos com Pessoal'!$N$7:$N$506)+1,1)) *(IF('Gastos com Pessoal'!$S$7:$S$506<=BJ$3,('Gastos com Pessoal'!$T$7:$T$506)+1,1)) *(IF('Gastos com Pessoal'!$Y$7:$Y$506<=BJ$3,('Gastos com Pessoal'!$Z$7:$Z$506)+1,1)) *(IF('Gastos com Pessoal'!$AE$7:$AE$506<=BJ$3,('Gastos com Pessoal'!$AF$7:$AF$506)+1,1))),0)} -> 0 | BK26: =SUM(C26:BJ26) -> 0 | BL26: =IF($BK$138=0,0,BK26/$BK$138) -> 0
A27: 2.1.1.8 | B27: Outros Gastos com Pessoal | C27: 0 | D27: 0 | E27: 0 | F27: 0 | G27: 0 | H27: 0 | I27: 0 | J27: 0 | K27: 0 | L27: 0 | M27: 0 | N27: 0 | O27: 0 | P27: 0 | Q27: 0 | R27: 0 | S27: 0 | T27: 0 | U27: 0 | V27: 0 | W27: 0 | X27: 0 | Y27: 0 | Z27: 0 | AA27: 0 | AB27: 0 | AC27: 0 | AD27: 0 | AE27: 0 | AF27: 0 | AG27: 0 | AH27: 0 | AI27: 0 | AJ27: 0 | AK27: 0 | AL27: 0 | AM27: 0 | AN27: 0 | AO27: 0 | AP27: 0 | AQ27: 0 | AR27: 0 | AS27: 0 | AT27: 0 | AU27: 0 | AV27: 0 | AW27: 0 | AX27: 0 | AY27: 0 | AZ27: 0 | BA27: 0 | BB27: 0 | BC27: 0 | BD27: 0 | BE27: 0 | BF27: 0 | BG27: 0 | BH27: 0 | BI27: 0 | BJ27: 0 | BK27: =SUM(C27:BJ27) -> 0 | BL27: =IF($BK$138=0,0,BK27/$BK$138) -> 0
B28: Subtotal Salários : | C28: =SUBTOTAL(109,C20:C27) -> 138839.13 | D28: =SUBTOTAL(109,D20:D27) -> 123523.33 | E28: =SUBTOTAL(109,E20:E27) -> 123523.33 | F28: =SUBTOTAL(109,F20:F27) -> 123523.33 | G28: =SUBTOTAL(109,G20:G27) -> 123523.33 | H28: =SUBTOTAL(109,H20:H27) -> 132169.96 | I28: =SUBTOTAL(109,I20:I27) -> 0 | J28: =SUBTOTAL(109,J20:J27) -> 0 | ... BK28: =SUBTOTAL(109,BK20:BK27) -> 765102.41 | BL28: =IF($BK$138=0,0,BK28/$BK$138) -> 0.23201922
A29: 2.1.2 | B29: Estagiários
A30: 2.1.2.1 | B30: Bolsa Estágio | C30: {=_xlfn.IFNA(SUM((C$3>='Gastos com Pessoal'!$E$513:$E$522)*(C$3<='Gastos com Pessoal'!$F$513:$F$522)*OFFSET('Encargos e Benefícios'!$D$511,1,MATCH($B30,'Encargos e Benefícios'!$E$511:$AB$511,0),10,1) *(IF('Gastos com Pessoal'!$G$513:$G$522<=C$3,('Gastos com Pessoal'!$H$513:$H$522)+1,1)) *(IF('Gastos com Pessoal'!$M$513:$M$522<=C$3,('Gastos com Pessoal'!$N$513:$N$522)+1,1)) *(IF('Gastos com Pessoal'!$S$513:$S$522<=C$3,('Gastos com Pessoal'!$T$513:$T$522)+1,1)) *(IF('Gastos com Pessoal'!$Y$513:$Y$522<=C$3,('Gastos com Pessoal'!$Z$513:$Z$522)+1,1)) *(IF('Gastos com Pessoal'!$AE$513:$AE$522<=C$3,('Gastos com Pessoal'!$AF$513:$AF$522)+1,1))),0)} -> 0 | D30: {=_xlfn.IFNA(SUM((D$3>='Gastos com Pessoal'!$E$513:$E$522)*(D$3<='Gastos com Pessoal'!$F$513:$F$522)*OFFSET('Encargos e Benefícios'!$D$511,1,MATCH($B30,'Encargos e Benefícios'!$E$511:$AB$511,0),10,1) *(IF('Gastos com Pessoal'!$G$513:$G$522<=D$3,('Gastos com Pessoal'!$H$513:$H$522)+1,1)) *(IF('Gastos com Pessoal'!$M$513:$M$522<=D$3,('Gastos com Pessoal'!$N$513:$N$522)+1,1)) *(IF('Gastos com Pessoal'!$S$513:$S$522<=D$3,('Gastos com Pessoal'!$T$513:$T$522)+1,1)) *(IF('Gastos com Pessoal'!$Y$513:$Y$522<=D$3,('Gastos com Pessoal'!$Z$513:$Z$522)+1,1)) *(IF('Gastos com Pessoal'!$AE$513:$AE$522<=D$3,('Gastos com Pessoal'!$AF$513:$AF$522)+1,1))),0)} -> 0 | E30: {=_xlfn.IFNA(SUM((E$3>='Gastos com Pessoal'!$E$513:$E$522)*(E$3<='Gastos com Pessoal'!$F$513:$F$522)*OFFSET('Encargos e Benefícios'!$D$511,1,MATCH($B30,'Encargos e Benefícios'!$E$511:$AB$511,0),10,1) *(IF('Gastos com Pessoal'!$G$513:$G$522<=E$3,('Gastos com Pessoal'!$H$513:$H$522)+1,1)) *(IF('Gastos com Pessoal'!$M$513:$M$522<=E$3,('Gastos com Pessoal'!$N$513:$N$522)+1,1)) *(IF('Gastos com Pessoal'!$S$513:$S$522<=E$3,('Gastos com Pessoal'!$T$513:$T$522)+1,1)) *(IF('Gastos com Pessoal'!$Y$513:$Y$522<=E$3,('Gastos com Pessoal'!$Z$513:$Z$522)+1,1)) *(IF('Gastos com Pessoal'!$AE$513:$AE$522<=E$3,('Gastos com Pessoal'!$AF$513:$AF$522)+1,1))),0)} -> 0 | F30: {=_xlfn.IFNA(SUM((F$3>='Gastos com Pessoal'!$E$513:$E$522)*(F$3<='Gastos com Pessoal'!$F$513:$F$522)*OFFSET('Encargos e Benefícios'!$D$511,1,MATCH($B30,'Encargos e Benefícios'!$E$511:$AB$511,0),10,1) *(IF('Gastos com Pessoal'!$G$513:$G$522<=F$3,('Gastos com Pessoal'!$H$513:$H$522)+1,1)) *(IF('Gastos com Pessoal'!$M$513:$M$522<=F$3,('Gastos com Pessoal'!$N$513:$N$522)+1,1)) *(IF('Gastos com Pessoal'!$S$513:$S$522<=F$3,('Gastos com Pessoal'!$T$513:$T$522)+1,1)) *(IF('Gastos com Pessoal'!$Y$513:$Y$522<=F$3,('Gastos com Pessoal'!$Z$513:$Z$522)+1,1)) *(IF('Gastos com Pessoal'!$AE$513:$AE$522<=F$3,('Gastos com Pessoal'!$AF$513:$AF$522)+1,1))),0)} -> 0 | G30: {=_xlfn.IFNA(SUM((G$3>='Gastos com Pessoal'!$E$513:$E$522)*(G$3<='Gastos com Pessoal'!$F$513:$F$522)*OFFSET('Encargos e Benefícios'!$D$511,1,MATCH($B30,'Encargos e Benefícios'!$E$511:$AB$511,0),10,1) *(IF('Gastos com Pessoal'!$G$513:$G$522<=G$3,('Gastos com Pessoal'!$H$513:$H$522)+1,1)) *(IF('Gastos com Pessoal'!$M$513:$M$522<=G$3,('Gastos com Pessoal'!$N$513:$N$522)+1,1)) *(IF('Gastos com Pessoal'!$S$513:$S$522<=G$3,('Gastos com Pessoal'!$T$513:$T$522)+1,1)) *(IF('Gastos com Pessoal'!$Y$513:$Y$522<=G$3,('Gastos com Pessoal'!$Z$513:$Z$522)+1,1)) *(IF('Gastos com Pessoal'!$AE$513:$AE$522<=G$3,('Gastos com Pessoal'!$AF$513:$AF$522)+1,1))),0)} -> 0 | H30: {=_xlfn.IFNA(SUM((H$3>='Gastos com Pessoal'!$E$513:$E$522)*(H$3<='Gastos com Pessoal'!$F$513:$F$522)*OFFSET('Encargos e Benefícios'!$D$511,1,MATCH($B30,'Encargos e Benefícios'!$E$511:$AB$511,0),10,1) *(IF('Gastos com Pessoal'!$G$513:$G$522<=H$3,('Gastos com Pessoal'!$H$513:$H$522)+1,1)) *(IF('Gastos com Pessoal'!$M$513:$M$522<=H$3,('Gastos com Pessoal'!$N$513:$N$522)+1,1)) *(IF('Gastos com Pessoal'!$S$513:$S$522<=H$3,('Gastos com Pessoal'!$T$513:$T$522)+1,1)) *(IF('Gastos com Pessoal'!$Y$513:$Y$522<=H$3,('Gastos com Pessoal'!$Z$513:$Z$522)+1,1)) *(IF('Gastos com Pessoal'!$AE$513:$AE$522<=H$3,('Gastos com Pessoal'!$AF$513:$AF$522)+1,1))),0)} -> 0 | I30: {=_xlfn.IFNA(SUM((I$3>='Gastos com Pessoal'!$E$513:$E$522)*(I$3<='Gastos com Pessoal'!$F$513:$F$522)*OFFSET('Encargos e Benefícios'!$D$511,1,MATCH($B30,'Encargos e Benefícios'!$E$511:$AB$511,0),10,1) *(IF('Gastos com Pessoal'!$G$513:$G$522<=I$3,('Gastos com Pessoal'!$H$513:$H$522)+1,1)) *(IF('Gastos com Pessoal'!$M$513:$M$522<=I$3,('Gastos com Pessoal'!$N$513:$N$522)+1,1)) *(IF('Gastos com Pessoal'!$S$513:$S$522<=I$3,('Gastos com Pessoal'!$T$513:$T$522)+1,1)) *(IF('Gastos com Pessoal'!$Y$513:$Y$522<=I$3,('Gastos com Pessoal'!$Z$513:$Z$522)+1,1)) *(IF('Gastos com Pessoal'!$AE$513:$AE$522<=I$3,('Gastos com Pessoal'!$AF$513:$AF$522)+1,1))),0)} -> 0 | J30: {=_xlfn.IFNA(SUM((J$3>='Gastos com Pessoal'!$E$513:$E$522)*(J$3<='Gastos com Pessoal'!$F$513:$F$522)*OFFSET('Encargos e Benefícios'!$D$511,1,MATCH($B30,'Encargos e Benefícios'!$E$511:$AB$511,0),10,1) *(IF('Gastos com Pessoal'!$G$513:$G$522<=J$3,('Gastos com Pessoal'!$H$513:$H$522)+1,1)) *(IF('Gastos com Pessoal'!$M$513:$M$522<=J$3,('Gastos com Pessoal'!$N$513:$N$522)+1,1)) *(IF('Gastos com Pessoal'!$S$513:$S$522<=J$3,('Gastos com Pessoal'!$T$513:$T$522)+1,1)) *(IF('Gastos com Pessoal'!$Y$513:$Y$522<=J$3,('Gastos com Pessoal'!$Z$513:$Z$522)+1,1)) *(IF('Gastos com Pessoal'!$AE$513:$AE$522<=J$3,('Gastos com Pessoal'!$AF$513:$AF$522)+1,1))),0)} -> 0 | ... BJ30: {=_xlfn.IFNA(SUM((BJ$3>='Gastos com Pessoal'!$E$513:$E$522)*(BJ$3<='Gastos com Pessoal'!$F$513:$F$522)*OFFSET('Encargos e Benefícios'!$D$511,1,MATCH($B30,'Encargos e Benefícios'!$E$511:$AB$511,0),10,1) *(IF('Gastos com Pessoal'!$G$513:$G$522<=BJ$3,('Gastos com Pessoal'!$H$513:$H$522)+1,1)) *(IF('Gastos com Pessoal'!$M$513:$M$522<=BJ$3,('Gastos com Pessoal'!$N$513:$N$522)+1,1)) *(IF('Gastos com Pessoal'!$S$513:$S$522<=BJ$3,('Gastos com Pessoal'!$T$513:$T$522)+1,1)) *(IF('Gastos com Pessoal'!$Y$513:$Y$522<=BJ$3,('Gastos com Pessoal'!$Z$513:$Z$522)+1,1)) *(IF('Gastos com Pessoal'!$AE$513:$AE$522<=BJ$3,('Gastos com Pessoal'!$AF$513:$AF$522)+1,1))),0)} -> 0 | BK30: =SUM(C30:BJ30) -> 0 | BL30: =IF($BK$138=0,0,BK30/$BK$138) -> 0
